Workbook
Name Comportamenti: [1]Comportamenti!$A$2:$A$10
Name Valore: [1]Comportamenti!$B$2:$B$10

Sheet Elenco P.I.
BX1: COMPORTAMENTO | BY1: OGGETTO DELLA MISURAZIONE
B2: Comune di Arborea
B4: Programmazione Performance Obiettivi Specifici dell'Area | BX4: A - Traduzione operativa dei piani e programmi della politica: | BY4: A - Capacità di declinare in obiettivi concreti i piani e i programmi della politica;
BX5: D - Innovatività: | BY5: D -  iniziativa e propositività;  capacità di risolvere i problemi;  autonomia;  capacità di cogliere le opportunità delle innovazioni tecnologiche;  capacità di definire regole e modalità operative nuove;  introduzione di strumenti gestionali innovativi;
B7: Area: Tecnica | E7: Peso Assegnato | S7: Peso Assoluto Obiettivo | T7: Peso % Obiettivo | U7: Fornule | V7: Risultato (%) | W7: Valutazione del risultato ottenuto - Percentuali di conseguimento | AB7: NOTE | BX7: E - Gestione risorse economiche | BY7: E -  capacità di standardizzare le procedure, finalizzandole al recupero dell’efficienza;  rispetto dei vincoli finanziari;  capacità di orientare e controllare l’efficienza e l’economicità dei servizi affidati a soggetti esterni all’organizzazione;
E8: Giunta | L8: Dirigenti/Responsabili | W8: 1 | X8: 2 | Y8: 3 | Z8: 4 | AA8: 5 | BX8: F - Orientamento alla qualità dei servizi | BY8: F -  rispetto dei termini dei procedimenti  presidio delle attività: comprensione e rimozione delle cause degli scostamenti dagli standard di servizio rispettando i criteri quali – quantitativi;  capacità di programmare e definire adeguati standard rispetto ai servizi erogati;  capacità di organizzare e gestire i processi di lavoro per il raggiungimento degli obiettivi controllandone l’andamento;  gestione efficace del tempo di lavoro rispetto agli obiettivi e supervisione della gestione del tempo di lavoro dei propri collaboratori;  capacità di limitare il contenzioso;  capacità di orientare e controllare la qualità dei servizi affidati a soggetti esterni all’organizzazione;
E9: Importanza | H9: Impatto Esterno | K9: Esito | L9: Complessità | O9: Realizzabilità | R9: Esito | W9: 0% ÷ 20% | X9: 21% ÷ 50% | Y9: 51% ÷ 70% | Z9: 71%÷90% | AA9: 91% ÷100% | BX9: H - Integrazione con gli amministratori su obiettivi assegnati, con i colleghi su obiettivi comuni | BY9: H -  Capacità di creare occasioni di scambio e mantenere rapporti attivi e costruttivi con i colleghi e con gli amministratori;  Capacità di prevenire ed individuare i momenti di difficoltà e fornire contributi concreti per il loro superamento;  Capacità di comprendere le divergenze e prevenire gli effetti di conflitto;  Efficacia dell’assistenza agli organi di governo;  Disponibilità ad adattare il tempo di lavoro agli obiettivi gestionali concordati e ad accogliere ulteriori esigenze dell’ente Attenzione alle necessità delle altre aree se (formalmente e informalmente) coinvolte in processi lavorativi trasversali rispetto alla propria;  Predisposizione di dati e procedure all’interno della propria struttura in pre-visione di una loro ricaduta su altre aree;
B10: Obiettivo Operativo: Giunta | C10: Performance Attesa | D10: Indicatore | E10: Alta | F10: Media | G10: Bassa | H10: Alta | I10: Media | J10: Bassa | L10: Alta | M10: Media | N10: Bassa | O10: Alta | P10: Media | Q10: Bassa | W10: Non Avviato | X10: Avviato | Y10: Perseguito | Z10: Parzialmente Raggiunto | AA10: Pienamente Raggiunto | BX10: I - Analisi e soluzione dei problemi | BY10: I -  Capacità di individuare le caratteristiche (variabili o costanti) dei problemi;  Capacità di individuare (anche in modo creativo) ipotesi di soluzione rispetto alle cause;  Capacità di definire le azioni da adottare;  Capacità di reperire le risorse umane, strumentali e finanziarie;  Capacità di verificare l’efficacia della soluzione trovata;  Capacità nell’identificazione ed eliminazione delle anomalie e dei ritardi;  Capacità e tempestività nelle Risposte;
B11: Garantire il controllo effettivo da parte della stazione appaltante sull’esecuzione delle prestazioni | C11: Predisposizione preventiva delle modalità organizzative e gestionali attraverso le quali garantire il controllo effettivo da parte della stazione appaltante sull’esecuzione delle prestazioni, programmando accessi diretti sul luogo dell’esecuzione stessa, nonché verifiche, anche a sorpresa, sull’effettiva ottemperanza a tutte le misure previste nel capitolato d'appalto. Il responsabile avvrà cura di presentare all'atto della valutazione finale e/o intermedia il documento di programmazione, corredato dalla successiva relazione su quanto effettivamente effettuato in allegato al presente obiettivo. | D11: Formula =[Azione Attuata/Azione Programmata ]*100 | E11: x | J11: x | K11: =IF(E11="x",5,0)+IF(F11="x",3,0)+IF(G11="x",1,0)+IF(H11="x",5,0)+IF(I11="x",3,0)+IF(J11="x",1,0) -> 6 | R11: =IF(L11="x",5,0)+IF(M11="x",3,0)+IF(N11="x",1,0)+IF(O11="x",1,0)+IF(P11="x",3,0)+IF(Q11="x",5,0) -> 0 | S11: =K11+R11 -> 6 | T11: =K11+R11 -> 6 | U11: =V11/100 -> 1 | V11: 100 | W11: =IF($U11<=0.2,IF($U11>=0,"x",""),"") | X11: =IF(U11<=0.5,IF(U11>=0.21,"x",""),"") | Y11: =IF(U11<=0.7,IF(U11>=0.51,"x",""),"") | Z11: =IF(U11<=0.9,IF(U11>=0.71,"x",""),"") | AA11: =IF(U11<=1,IF(U11>0.9,"x",""),"") -> x | BX11: L - Capacità Negoziale | BY11: L -  Capacità di concepire il conflitto come risorsa potenziale;  Capacità di tenere conto dei diversi interessi in gioco;  Capacità di elaborare e proporre mediazioni che tengano conto di tutti gli interessi in gioco;
B12: Gestione Programma OO.PP. | C12: 1. Ricognizione dello stato delle OOPP in essere, con indicazione del cronoprogramma dei lavori, tipologia di affidamento e segnalazione di eventuali criticità; | E12: x | H12: x | K12: =IF(E12="x",5,0)+IF(F12="x",3,0)+IF(G12="x",1,0)+IF(H12="x",5,0)+IF(I12="x",3,0)+IF(J12="x",1,0) -> 10 | L12: x | Q12: x | R12: =IF(L12="x",5,0)+IF(M12="x",3,0)+IF(N12="x",1,0)+IF(O12="x",1,0)+IF(P12="x",3,0)+IF(Q12="x",5,0) -> 10 | S12: =K12+R12 -> 20 | T12: =K12+R12 -> 20 | U12: =V12/100 -> 1 | V12: 100 | W12: =IF($U12<=0.2,IF($U12>=0,"x",""),"") | X12: =IF(U12<=0.5,IF(U12>=0.21,"x",""),"") | Y12: =IF(U12<=0.7,IF(U12>=0.51,"x",""),"") | Z12: =IF(U12<=0.9,IF(U12>=0.71,"x",""),"") | AA12: =IF(U12<=1,IF(U12>0.9,"x",""),"") -> x | BX12: L - Capacità Negoziale | BY12: L -  Capacità di concepire il conflitto come risorsa potenziale;  Capacità di tenere conto dei diversi interessi in gioco;  Capacità di elaborare e proporre mediazioni che tengano conto di tutti gli interessi in gioco;
B13: Gestione Efficiente del Patrimonio | C13: 3. Mantenere in perfetta sicurezza ed efficacia il patrimonio esistente: Assicurare la manutenzione straordinaria con una programmazione anche preventiva rispetto a quella interventiva del patrimonio esistente. Predisposizione di un piano di manutenzione straordinaria degli immobili comunali; | E13: x | H13: x | K13: =IF(E13="x",5,0)+IF(F13="x",3,0)+IF(G13="x",1,0)+IF(H13="x",5,0)+IF(I13="x",3,0)+IF(J13="x",1,0) -> 10 | L13: x | Q13: x | R13: =IF(L13="x",5,0)+IF(M13="x",3,0)+IF(N13="x",1,0)+IF(O13="x",1,0)+IF(P13="x",3,0)+IF(Q13="x",5,0) -> 10 | S13: =K13+R13 -> 20 | T13: =K13+R13 -> 20 | U13: =V13/100 -> 1 | V13: 100 | W13: =IF($U13<=0.2,IF($U13>=0,"x",""),"") | X13: =IF(U13<=0.5,IF(U13>=0.21,"x",""),"") | Y13: =IF(U13<=0.7,IF(U13>=0.51,"x",""),"") | Z13: =IF(U13<=0.9,IF(U13>=0.71,"x",""),"") | AA13: =IF(U13<=1,IF(U13>0.9,"x",""),"") -> x | BX13: L - Capacità Negoziale | BY13: L -  Capacità di concepire il conflitto come risorsa potenziale;  Capacità di tenere conto dei diversi interessi in gioco;  Capacità di elaborare e proporre mediazioni che tengano conto di tutti gli interessi in gioco;
K14: =IF(E14="x",5,0)+IF(F14="x",3,0)+IF(G14="x",1,0)+IF(H14="x",5,0)+IF(I14="x",3,0)+IF(J14="x",1,0) -> 0 | R14: =IF(L14="x",5,0)+IF(M14="x",3,0)+IF(N14="x",1,0)+IF(O14="x",1,0)+IF(P14="x",3,0)+IF(Q14="x",5,0) -> 0 | S14: =K14+R14 -> 0 | T14: =K14+R14 -> 0 | U14: =V14/100 -> 1 | V14: 100 | W14: =IF($U14<=0.2,IF($U14>=0,"x",""),"") | X14: =IF(U14<=0.5,IF(U14>=0.21,"x",""),"") | Y14: =IF(U14<=0.7,IF(U14>=0.51,"x",""),"") | Z14: =IF(U14<=0.9,IF(U14>=0.71,"x",""),"") | AA14: =IF(U14<=1,IF(U14>0.9,"x",""),"") -> x | BX14: L - Capacità Negoziale | BY14: L -  Capacità di concepire il conflitto come risorsa potenziale;  Capacità di tenere conto dei diversi interessi in gioco;  Capacità di elaborare e proporre mediazioni che tengano conto di tutti gli interessi in gioco;
K15: =IF(E15="x",5,0)+IF(F15="x",3,0)+IF(G15="x",1,0)+IF(H15="x",5,0)+IF(I15="x",3,0)+IF(J15="x",1,0) -> 0 | R15: =IF(L15="x",5,0)+IF(M15="x",3,0)+IF(N15="x",1,0)+IF(O15="x",1,0)+IF(P15="x",3,0)+IF(Q15="x",5,0) -> 0 | S15: =K15+R15 -> 0 | T15: =K15+R15 -> 0 | U15: =V15/100 -> 1 | V15: 100 | W15: =IF($U15<=0.2,IF($U15>=0,"x",""),"") | X15: =IF(U15<=0.5,IF(U15>=0.21,"x",""),"") | Y15: =IF(U15<=0.7,IF(U15>=0.51,"x",""),"") | Z15: =IF(U15<=0.9,IF(U15>=0.71,"x",""),"") | AA15: =IF(U15<=1,IF(U15>0.9,"x",""),"") -> x | BX15: L - Capacità Negoziale | BY15: L -  Capacità di concepire il conflitto come risorsa potenziale;  Capacità di tenere conto dei diversi interessi in gioco;  Capacità di elaborare e proporre mediazioni che tengano conto di tutti gli interessi in gioco;
K16: =IF(E16="x",5,0)+IF(F16="x",3,0)+IF(G16="x",1,0)+IF(H16="x",5,0)+IF(I16="x",3,0)+IF(J16="x",1,0) -> 0 | R16: =IF(L16="x",5,0)+IF(M16="x",3,0)+IF(N16="x",1,0)+IF(O16="x",1,0)+IF(P16="x",3,0)+IF(Q16="x",5,0) -> 0 | S16: =K16+R16 -> 0 | T16: =K16+R16 -> 0 | U16: =V16/100 -> 1 | V16: 100 | W16: =IF($U16<=0.2,IF($U16>=0,"x",""),"") | X16: =IF(U16<=0.5,IF(U16>=0.21,"x",""),"") | Y16: =IF(U16<=0.7,IF(U16>=0.51,"x",""),"") | Z16: =IF(U16<=0.9,IF(U16>=0.71,"x",""),"") | AA16: =IF(U16<=1,IF(U16>0.9,"x",""),"") -> x
K17: =IF(E17="x",5,0)+IF(F17="x",3,0)+IF(G17="x",1,0)+IF(H17="x",5,0)+IF(I17="x",3,0)+IF(J17="x",1,0) -> 0 | R17: =IF(L17="x",5,0)+IF(M17="x",3,0)+IF(N17="x",1,0)+IF(O17="x",1,0)+IF(P17="x",3,0)+IF(Q17="x",5,0) -> 0 | S17: =K17+R17 -> 0 | T17: =K17+R17 -> 0 | U17: =V17/100 -> 0 | W17: =IF($U17<=0.2,IF($U17>=0,"x",""),"") -> x | X17: =IF(U17<=0.5,IF(U17>=0.21,"x",""),"") | Y17: =IF(U17<=0.7,IF(U17>=0.51,"x",""),"") | Z17: =IF(U17<=0.9,IF(U17>=0.71,"x",""),"") | AA17: =IF(U17<=1,IF(U17>0.9,"x",""),"")
K18: =IF(E18="x",5,0)+IF(F18="x",3,0)+IF(G18="x",1,0)+IF(H18="x",5,0)+IF(I18="x",3,0)+IF(J18="x",1,0) -> 0 | R18: =IF(L18="x",5,0)+IF(M18="x",3,0)+IF(N18="x",1,0)+IF(O18="x",1,0)+IF(P18="x",3,0)+IF(Q18="x",5,0) -> 0 | S18: =K18+R18 -> 0 | T18: =K18+R18 -> 0 | U18: =V18/100 -> 0 | W18: =IF($U18<=0.2,IF($U18>=0,"x",""),"") -> x | X18: =IF(U18<=0.5,IF(U18>=0.21,"x",""),"") | Y18: =IF(U18<=0.7,IF(U18>=0.51,"x",""),"") | Z18: =IF(U18<=0.9,IF(U18>=0.71,"x",""),"") | AA18: =IF(U18<=1,IF(U18>0.9,"x",""),"") | BX18: M - Realizzazione | BY18: M -  Capacità di raggiungere gli obiettivi predisponendo i processi di lavoro e controllandone l’andamento;  Capacità di rispettare e far rispettare le scadenze concordate;  Capacità di realizzare gli obiettivi rispettando i criteri quali-quantitativi;
K19: =IF(E19="x",5,0)+IF(F19="x",3,0)+IF(G19="x",1,0)+IF(H19="x",5,0)+IF(I19="x",3,0)+IF(J19="x",1,0) -> 0 | R19: =IF(L19="x",5,0)+IF(M19="x",3,0)+IF(N19="x",1,0)+IF(O19="x",1,0)+IF(P19="x",3,0)+IF(Q19="x",5,0) -> 0 | S19: =K19+R19 -> 0 | T19: =K19+R19 -> 0 | U19: =V19/100 -> 1 | V19: 100 | W19: =IF($U19<=0.2,IF($U19>=0,"x",""),"") | X19: =IF(U19<=0.5,IF(U19>=0.21,"x",""),"") | Y19: =IF(U19<=0.7,IF(U19>=0.51,"x",""),"") | Z19: =IF(U19<=0.9,IF(U19>=0.71,"x",""),"") | AA19: =IF(U19<=1,IF(U19>0.9,"x",""),"") -> x | BX19: L - Capacità Negoziale | BY19: L -  Capacità di concepire il conflitto come risorsa potenziale;  Capacità di tenere conto dei diversi interessi in gioco;  Capacità di elaborare e proporre mediazioni che tengano conto di tutti gli interessi in gioco;
K20: =IF(E20="x",5,0)+IF(F20="x",3,0)+IF(G20="x",1,0)+IF(H20="x",5,0)+IF(I20="x",3,0)+IF(J20="x",1,0) -> 0 | R20: =IF(L20="x",5,0)+IF(M20="x",3,0)+IF(N20="x",1,0)+IF(O20="x",1,0)+IF(P20="x",3,0)+IF(Q20="x",5,0) -> 0 | S20: =K20+R20 -> 0 | T20: =K20+R20 -> 0 | U20: =V20/100 -> 1 | V20: 100 | W20: =IF($U20<=0.2,IF($U20>=0,"x",""),"") | X20: =IF(U20<=0.5,IF(U20>=0.21,"x",""),"") | Y20: =IF(U20<=0.7,IF(U20>=0.51,"x",""),"") | Z20: =IF(U20<=0.9,IF(U20>=0.71,"x",""),"") | AA20: =IF(U20<=1,IF(U20>0.9,"x",""),"") -> x
K21: =IF(E21="x",5,0)+IF(F21="x",3,0)+IF(G21="x",1,0)+IF(H21="x",5,0)+IF(I21="x",3,0)+IF(J21="x",1,0) -> 0 | R21: =IF(L21="x",5,0)+IF(M21="x",3,0)+IF(N21="x",1,0)+IF(O21="x",1,0)+IF(P21="x",3,0)+IF(Q21="x",5,0) -> 0 | S21: =K21+R21 -> 0 | T21: =K21+R21 -> 0 | U21: =V21/100 -> 0 | W21: =IF($U21<=0.2,IF($U21>=0,"x",""),"") -> x | X21: =IF(U21<=0.5,IF(U21>=0.21,"x",""),"") | Y21: =IF(U21<=0.7,IF(U21>=0.51,"x",""),"") | Z21: =IF(U21<=0.9,IF(U21>=0.71,"x",""),"") | AA21: =IF(U21<=1,IF(U21>0.9,"x",""),"")
K22: =IF(E22="x",5,0)+IF(F22="x",3,0)+IF(G22="x",1,0)+IF(H22="x",5,0)+IF(I22="x",3,0)+IF(J22="x",1,0) -> 0 | R22: =IF(L22="x",5,0)+IF(M22="x",3,0)+IF(N22="x",1,0)+IF(O22="x",1,0)+IF(P22="x",3,0)+IF(Q22="x",5,0) -> 0 | S22: =K22+R22 -> 0 | T22: =K22+R22 -> 0 | U22: =V22/100 -> 0 | W22: =IF($U22<=0.2,IF($U22>=0,"x",""),"") -> x | X22: =IF(U22<=0.5,IF(U22>=0.21,"x",""),"") | Y22: =IF(U22<=0.7,IF(U22>=0.51,"x",""),"") | Z22: =IF(U22<=0.9,IF(U22>=0.71,"x",""),"") | AA22: =IF(U22<=1,IF(U22>0.9,"x",""),"") | BX22: M - Realizzazione | BY22: M -  Capacità di raggiungere gli obiettivi predisponendo i processi di lavoro e controllandone l’andamento;  Capacità di rispettare e far rispettare le scadenze concordate;  Capacità di realizzare gli obiettivi rispettando i criteri quali-quantitativi;
K23: =IF(E23="x",5,0)+IF(F23="x",3,0)+IF(G23="x",1,0)+IF(H23="x",5,0)+IF(I23="x",3,0)+IF(J23="x",1,0) -> 0 | R23: =IF(L23="x",5,0)+IF(M23="x",3,0)+IF(N23="x",1,0)+IF(O23="x",1,0)+IF(P23="x",3,0)+IF(Q23="x",5,0) -> 0 | S23: =K23+R23 -> 0 | T23: =K23+R23 -> 0 | U23: =V23/100 -> 1 | V23: 100 | W23: =IF($U23<=0.2,IF($U23>=0,"x",""),"") | X23: =IF(U23<=0.5,IF(U23>=0.21,"x",""),"") | Y23: =IF(U23<=0.7,IF(U23>=0.51,"x",""),"") | Z23: =IF(U23<=0.9,IF(U23>=0.71,"x",""),"") | AA23: =IF(U23<=1,IF(U23>0.9,"x",""),"") -> x | BX23: L - Capacità Negoziale | BY23: L -  Capacità di concepire il conflitto come risorsa potenziale;  Capacità di tenere conto dei diversi interessi in gioco;  Capacità di elaborare e proporre mediazioni che tengano conto di tutti gli interessi in gioco;
K24: =IF(E24="x",5,0)+IF(F24="x",3,0)+IF(G24="x",1,0)+IF(H24="x",5,0)+IF(I24="x",3,0)+IF(J24="x",1,0) -> 0 | R24: =IF(L24="x",5,0)+IF(M24="x",3,0)+IF(N24="x",1,0)+IF(O24="x",1,0)+IF(P24="x",3,0)+IF(Q24="x",5,0) -> 0 | S24: =K24+R24 -> 0 | T24: =K24+R24 -> 0 | U24: =V24/100 -> 1 | V24: 100 | W24: =IF($U24<=0.2,IF($U24>=0,"x",""),"") | X24: =IF(U24<=0.5,IF(U24>=0.21,"x",""),"") | Y24: =IF(U24<=0.7,IF(U24>=0.51,"x",""),"") | Z24: =IF(U24<=0.9,IF(U24>=0.71,"x",""),"") | AA24: =IF(U24<=1,IF(U24>0.9,"x",""),"") -> x
K25: =IF(E25="x",5,0)+IF(F25="x",3,0)+IF(G25="x",1,0)+IF(H25="x",5,0)+IF(I25="x",3,0)+IF(J25="x",1,0) -> 0 | R25: =IF(L25="x",5,0)+IF(M25="x",3,0)+IF(N25="x",1,0)+IF(O25="x",1,0)+IF(P25="x",3,0)+IF(Q25="x",5,0) -> 0 | S25: =K25+R25 -> 0 | T25: =K25+R25 -> 0 | U25: =V25/100 -> 0 | W25: =IF($U25<=0.2,IF($U25>=0,"x",""),"") -> x | X25: =IF(U25<=0.5,IF(U25>=0.21,"x",""),"") | Y25: =IF(U25<=0.7,IF(U25>=0.51,"x",""),"") | Z25: =IF(U25<=0.9,IF(U25>=0.71,"x",""),"") | AA25: =IF(U25<=1,IF(U25>0.9,"x",""),"")
K26: =IF(E26="x",5,0)+IF(F26="x",3,0)+IF(G26="x",1,0)+IF(H26="x",5,0)+IF(I26="x",3,0)+IF(J26="x",1,0) -> 0 | R26: =IF(L26="x",5,0)+IF(M26="x",3,0)+IF(N26="x",1,0)+IF(O26="x",1,0)+IF(P26="x",3,0)+IF(Q26="x",5,0) -> 0 | S26: =K26+R26 -> 0 | T26: =K26+R26 -> 0 | U26: =V26/100 -> 0 | W26: =IF($U26<=0.2,IF($U26>=0,"x",""),"") -> x | X26: =IF(U26<=0.5,IF(U26>=0.21,"x",""),"") | Y26: =IF(U26<=0.7,IF(U26>=0.51,"x",""),"") | Z26: =IF(U26<=0.9,IF(U26>=0.71,"x",""),"") | AA26: =IF(U26<=1,IF(U26>0.9,"x",""),"") | BX26: M - Realizzazione | BY26: M -  Capacità di raggiungere gli obiettivi predisponendo i processi di lavoro e controllandone l’andamento;  Capacità di rispettare e far rispettare le scadenze concordate;  Capacità di realizzare gli obiettivi rispettando i criteri quali-quantitativi;
K27: =IF(E27="x",5,0)+IF(F27="x",3,0)+IF(G27="x",1,0)+IF(H27="x",5,0)+IF(I27="x",3,0)+IF(J27="x",1,0) -> 0 | R27: =IF(L27="x",5,0)+IF(M27="x",3,0)+IF(N27="x",1,0)+IF(O27="x",1,0)+IF(P27="x",3,0)+IF(Q27="x",5,0) -> 0 | S27: =K27+R27 -> 0 | T27: =K27+R27 -> 0 | U27: =V27/100 -> 1 | V27: 100 | W27: =IF($U27<=0.2,IF($U27>=0,"x",""),"") | X27: =IF(U27<=0.5,IF(U27>=0.21,"x",""),"") | Y27: =IF(U27<=0.7,IF(U27>=0.51,"x",""),"") | Z27: =IF(U27<=0.9,IF(U27>=0.71,"x",""),"") | AA27: =IF(U27<=1,IF(U27>0.9,"x",""),"") -> x | BX27: L - Capacità Negoziale | BY27: L -  Capacità di concepire il conflitto come risorsa potenziale;  Capacità di tenere conto dei diversi interessi in gioco;  Capacità di elaborare e proporre mediazioni che tengano conto di tutti gli interessi in gioco;
K28: =IF(E28="x",5,0)+IF(F28="x",3,0)+IF(G28="x",1,0)+IF(H28="x",5,0)+IF(I28="x",3,0)+IF(J28="x",1,0) -> 0 | R28: =IF(L28="x",5,0)+IF(M28="x",3,0)+IF(N28="x",1,0)+IF(O28="x",1,0)+IF(P28="x",3,0)+IF(Q28="x",5,0) -> 0 | S28: =K28+R28 -> 0 | T28: =K28+R28 -> 0 | U28: =V28/100 -> 1 | V28: 100 | W28: =IF($U28<=0.2,IF($U28>=0,"x",""),"") | X28: =IF(U28<=0.5,IF(U28>=0.21,"x",""),"") | Y28: =IF(U28<=0.7,IF(U28>=0.51,"x",""),"") | Z28: =IF(U28<=0.9,IF(U28>=0.71,"x",""),"") | AA28: =IF(U28<=1,IF(U28>0.9,"x",""),"") -> x
K29: =IF(E29="x",5,0)+IF(F29="x",3,0)+IF(G29="x",1,0)+IF(H29="x",5,0)+IF(I29="x",3,0)+IF(J29="x",1,0) -> 0 | R29: =IF(L29="x",5,0)+IF(M29="x",3,0)+IF(N29="x",1,0)+IF(O29="x",1,0)+IF(P29="x",3,0)+IF(Q29="x",5,0) -> 0 | S29: =K29+R29 -> 0 | T29: =K29+R29 -> 0 | U29: =V29/100 -> 0 | W29: =IF($U29<=0.2,IF($U29>=0,"x",""),"") -> x | X29: =IF(U29<=0.5,IF(U29>=0.21,"x",""),"") | Y29: =IF(U29<=0.7,IF(U29>=0.51,"x",""),"") | Z29: =IF(U29<=0.9,IF(U29>=0.71,"x",""),"") | AA29: =IF(U29<=1,IF(U29>0.9,"x",""),"")
K30: =IF(E30="x",5,0)+IF(F30="x",3,0)+IF(G30="x",1,0)+IF(H30="x",5,0)+IF(I30="x",3,0)+IF(J30="x",1,0) -> 0 | R30: =IF(L30="x",5,0)+IF(M30="x",3,0)+IF(N30="x",1,0)+IF(O30="x",1,0)+IF(P30="x",3,0)+IF(Q30="x",5,0) -> 0 | S30: =K30+R30 -> 0 | T30: =K30+R30 -> 0 | U30: =V30/100 -> 0 | W30: =IF($U30<=0.2,IF($U30>=0,"x",""),"") -> x | X30: =IF(U30<=0.5,IF(U30>=0.21,"x",""),"") | Y30: =IF(U30<=0.7,IF(U30>=0.51,"x",""),"") | Z30: =IF(U30<=0.9,IF(U30>=0.71,"x",""),"") | AA30: =IF(U30<=1,IF(U30>0.9,"x",""),"") | BX30: M - Realizzazione | BY30: M -  Capacità di raggiungere gli obiettivi predisponendo i processi di lavoro e controllandone l’andamento;  Capacità di rispettare e far rispettare le scadenze concordate;  Capacità di realizzare gli obiettivi rispettando i criteri quali-quantitativi;
K31: =IF(E31="x",5,0)+IF(F31="x",3,0)+IF(G31="x",1,0)+IF(H31="x",5,0)+IF(I31="x",3,0)+IF(J31="x",1,0) -> 0 | R31: =IF(L31="x",5,0)+IF(M31="x",3,0)+IF(N31="x",1,0)+IF(O31="x",1,0)+IF(P31="x",3,0)+IF(Q31="x",5,0) -> 0 | S31: =K31+R31 -> 0 | T31: =K31+R31 -> 0 | U31: =V31/100 -> 1 | V31: 100 | W31: =IF($U31<=0.2,IF($U31>=0,"x",""),"") | X31: =IF(U31<=0.5,IF(U31>=0.21,"x",""),"") | Y31: =IF(U31<=0.7,IF(U31>=0.51,"x",""),"") | Z31: =IF(U31<=0.9,IF(U31>=0.71,"x",""),"") | AA31: =IF(U31<=1,IF(U31>0.9,"x",""),"") -> x | BX31: L - Capacità Negoziale | BY31: L -  Capacità di concepire il conflitto come risorsa potenziale;  Capacità di tenere conto dei diversi interessi in gioco;  Capacità di elaborare e proporre mediazioni che tengano conto di tutti gli interessi in gioco;
K32: =IF(E32="x",5,0)+IF(F32="x",3,0)+IF(G32="x",1,0)+IF(H32="x",5,0)+IF(I32="x",3,0)+IF(J32="x",1,0) -> 0 | R32: =IF(L32="x",5,0)+IF(M32="x",3,0)+IF(N32="x",1,0)+IF(O32="x",1,0)+IF(P32="x",3,0)+IF(Q32="x",5,0) -> 0 | S32: =K32+R32 -> 0 | T32: =K32+R32 -> 0 | U32: =V32/100 -> 1 | V32: 100 | W32: =IF($U32<=0.2,IF($U32>=0,"x",""),"") | X32: =IF(U32<=0.5,IF(U32>=0.21,"x",""),"") | Y32: =IF(U32<=0.7,IF(U32>=0.51,"x",""),"") | Z32: =IF(U32<=0.9,IF(U32>=0.71,"x",""),"") | AA32: =IF(U32<=1,IF(U32>0.9,"x",""),"") -> x
K33: =IF(E33="x",5,0)+IF(F33="x",3,0)+IF(G33="x",1,0)+IF(H33="x",5,0)+IF(I33="x",3,0)+IF(J33="x",1,0) -> 0 | R33: =IF(L33="x",5,0)+IF(M33="x",3,0)+IF(N33="x",1,0)+IF(O33="x",1,0)+IF(P33="x",3,0)+IF(Q33="x",5,0) -> 0 | S33: =K33+R33 -> 0 | T33: =K33+R33 -> 0 | U33: =V33/100 -> 0 | W33: =IF($U33<=0.2,IF($U33>=0,"x",""),"") -> x | X33: =IF(U33<=0.5,IF(U33>=0.21,"x",""),"") | Y33: =IF(U33<=0.7,IF(U33>=0.51,"x",""),"") | Z33: =IF(U33<=0.9,IF(U33>=0.71,"x",""),"") | AA33: =IF(U33<=1,IF(U33>0.9,"x",""),"")
K34: =IF(E34="x",5,0)+IF(F34="x",3,0)+IF(G34="x",1,0)+IF(H34="x",5,0)+IF(I34="x",3,0)+IF(J34="x",1,0) -> 0 | R34: =IF(L34="x",5,0)+IF(M34="x",3,0)+IF(N34="x",1,0)+IF(O34="x",1,0)+IF(P34="x",3,0)+IF(Q34="x",5,0) -> 0 | S34: =K34+R34 -> 0 | T34: =K34+R34 -> 0 | U34: =V34/100 -> 0 | W34: =IF($U34<=0.2,IF($U34>=0,"x",""),"") -> x | X34: =IF(U34<=0.5,IF(U34>=0.21,"x",""),"") | Y34: =IF(U34<=0.7,IF(U34>=0.51,"x",""),"") | Z34: =IF(U34<=0.9,IF(U34>=0.71,"x",""),"") | AA34: =IF(U34<=1,IF(U34>0.9,"x",""),"") | BX34: M - Realizzazione | BY34: M -  Capacità di raggiungere gli obiettivi predisponendo i processi di lavoro e controllandone l’andamento;  Capacità di rispettare e far rispettare le scadenze concordate;  Capacità di realizzare gli obiettivi rispettando i criteri quali-quantitativi;
E35: Giunta | K35: =SUM(K11:K14) -> 26 | L35: Responsabili | R35: =SUM(R11:R14) -> 20 | S35: =SUM(S11:S14) -> 46 | T35: =SUM(T11:T14) -> 46 | W35: Valutazione | AB35: ESITO
X36: =IF(X11="x",U11*T11)+IF(#REF!="x",#REF!*#REF!)+IF(#REF!="x",#REF!*#REF!)+IF(#REF!="x",#REF!*#REF!)+IF(#REF!="x",#REF!*#REF!)+IF(#REF!="x",#REF!*#REF!)+IF(#REF!="x",#REF!*#REF!)+IF(#REF!="x",#REF!*#REF!)+IF(X12="x",U12*T12)+IF(#REF!="x",#REF!*#REF!)+IF(#REF!="x",#REF!*#REF!)+IF(#REF!="x",#REF!*#REF!)+IF(X13="x",U13*T13)+IF(#REF!="x",#REF!*#REF!)+IF(#REF!="x",#REF!*#REF!)+IF(#REF!="x",#REF!*#REF!)+IF(X14="x",U14*T14)+IF(#REF!="x",#REF!*#REF!)+IF(#REF!="x",#REF!*#REF!)+IF(#REF!="x",#REF!*#REF!)+IF(X15="x",U15*T15)+IF(X16="x",U16*T16)+IF(X17="x",U17*T17)+IF(X18="x",U18*T18)+IF(X19="x",U19*T19)+IF(X20="x",U20*T20)+IF(X21="x",U21*T21)+IF(X22="x",U22*T22)+IF(X23="x",U23*T23)+IF(X24="x",U24*T24)+IF(X25="x",U25*T25)+IF(X26="x",U26*T26)+IF(X27="x",U27*T27)+IF(X28="x",U28*T28)+IF(X29="x",U29*T29)+IF(X30="x",U30*T30)+IF(X31="x",U31*T31)+IF(X32="x",U32*T32)+IF(X33="x",U33*T33)+IF(X34="x",U34*T34) -> #REF! | Y36: =IF(Y11="x",U11*T11)+IF(#REF!="x",#REF!*#REF!)+IF(#REF!="x",#REF!*#REF!)+IF(#REF!="x",#REF!*#REF!)+IF(#REF!="x",#REF!*#REF!)+IF(#REF!="x",#REF!*#REF!)+IF(#REF!="x",#REF!*#REF!)+IF(#REF!="x",#REF!*#REF!)+IF(Y12="x",U12*T12)+IF(#REF!="x",#REF!*#REF!)+IF(#REF!="x",#REF!*#REF!)+IF(#REF!="x",#REF!*#REF!)+IF(Y13="x",U13*T13)+IF(#REF!="x",#REF!*#REF!)+IF(#REF!="x",#REF!*#REF!)+IF(#REF!="x",#REF!*#REF!)+IF(Y14="x",U14*T14)+IF(#REF!="x",#REF!*#REF!)+IF(#REF!="x",#REF!*#REF!)+IF(#REF!="x",#REF!*#REF!)+IF(Y15="x",U15*T15)+IF(Y16="x",U16*T16)+IF(Y17="x",U17*T17)+IF(Y18="x",U18*T18)+IF(Y19="x",U19*T19)+IF(Y20="x",U20*T20)+IF(Y21="x",U21*T21)+IF(Y22="x",U22*T22)+IF(Y23="x",U23*T23)+IF(Y24="x",U24*T24)+IF(Y25="x",U25*T25)+IF(Y26="x",U26*T26)+IF(Y27="x",U27*T27)+IF(Y28="x",U28*T28)+IF(Y29="x",U29*T29)+IF(Y30="x",U30*T30)+IF(Y31="x",U31*T31)+IF(Y32="x",U32*T32)+IF(Y33="x",U33*T33)+IF(Y34="x",U34*T34) -> #REF! | Z36: =IF(Z11="x",U11*T11)+IF(#REF!="x",#REF!*#REF!)+IF(#REF!="x",#REF!*#REF!)+IF(#REF!="x",#REF!*#REF!)+IF(#REF!="x",#REF!*#REF!)+IF(#REF!="x",#REF!*#REF!)+IF(#REF!="x",#REF!*#REF!)+IF(#REF!="x",#REF!*#REF!)+IF(Z12="x",U12*T12)+IF(#REF!="x",#REF!*#REF!)+IF(#REF!="x",#REF!*#REF!)+IF(#REF!="x",#REF!*#REF!)+IF(Z13="x",U13*T13)+IF(#REF!="x",#REF!*#REF!)+IF(#REF!="x",#REF!*#REF!)+IF(#REF!="x",#REF!*#REF!)+IF(Z14="x",U14*T14)+IF(#REF!="x",#REF!*#REF!)+IF(#REF!="x",#REF!*#REF!)+IF(#REF!="x",#REF!*#REF!)+IF(Z15="x",U15*T15)+IF(Z16="x",U16*T16)+IF(Z17="x",U17*T17)+IF(Z18="x",U18*T18)+IF(Z19="x",U19*T19)+IF(Z20="x",U20*T20)+IF(Z21="x",U21*T21)+IF(Z22="x",U22*T22)+IF(Z23="x",U23*T23)+IF(Z24="x",U24*T24)+IF(Z25="x",U25*T25)+IF(Z26="x",U26*T26)+IF(Z27="x",U27*T27)+IF(Z28="x",U28*T28)+IF(Z29="x",U29*T29)+IF(Z30="x",U30*T30)+IF(Z31="x",U31*T31)+IF(Z32="x",U32*T32)+IF(Z33="x",U33*T33)+IF(Z34="x",U34*T34) -> #REF! | AA36: =IF(AA11="x",U11*T11)+IF(#REF!="x",#REF!*#REF!)+IF(#REF!="x",#REF!*#REF!)+IF(#REF!="x",#REF!*#REF!)+IF(#REF!="x",#REF!*#REF!)+IF(#REF!="x",#REF!*#REF!)+IF(#REF!="x",#REF!*#REF!)+IF(#REF!="x",#REF!*#REF!)+IF(AA12="x",U12*T12)+IF(#REF!="x",#REF!*#REF!)+IF(#REF!="x",#REF!*#REF!)+IF(#REF!="x",#REF!*#REF!)+IF(AA13="x",U13*T13)+IF(#REF!="x",#REF!*#REF!)+IF(#REF!="x",#REF!*#REF!)+IF(#REF!="x",#REF!*#REF!)+IF(AA14="x",U14*T14)+IF(#REF!="x",#REF!*#REF!)+IF(#REF!="x",#REF!*#REF!)+IF(#REF!="x",#REF!*#REF!)+IF(AA15="x",U15*T15)+IF(AA16="x",U16*T16)+IF(AA17="x",U17*T17)+IF(AA18="x",U18*T18)+IF(AA19="x",U19*T19)+IF(AA20="x",U20*T20)+IF(AA21="x",U21*T21)+IF(AA22="x",U22*T22)+IF(AA23="x",U23*T23)+IF(AA24="x",U24*T24)+IF(AA25="x",U25*T25)+IF(AA26="x",U26*T26)+IF(AA27="x",U27*T27)+IF(AA28="x",U28*T28)+IF(AA29="x",U29*T29)+IF(AA30="x",U30*T30)+IF(AA31="x",U31*T31)+IF(AA32="x",U32*T32)+IF(AA33="x",U33*T33)+IF(AA34="x",U34*T34) -> #REF! | AB36: =SUM(X36:AA36) -> #REF!
Y38: =AB36 -> #REF!

Sheet Elenco P.O.
CD1: COMPORTAMENTO | CE1: OGGETTO DELLA MISURAZIONE
B2: ='Elenco P.I.'!B2 -> Comune di Arborea
B4: ='Elenco P.I.'!B7 -> Area: Tecnica
CD5: D - Innovatività: | CE5: D -  iniziativa e propositività;  capacità di risolvere i problemi;  autonomia;  capacità di cogliere le opportunità delle innovazioni tecnologiche;  capacità di definire regole e modalità operative nuove;  introduzione di strumenti gestionali innovativi;
B7: Programmazione Performance Organizzativa 2021 | K7: Peso Assegnato | Y7: Peso Assoluto Obiettivo | Z7: Peso Obiettivo | AA7: Fornule | AB7: Risultato (%) | AC7: Valutazione del risultato ottenuto - Percentuali di conseguimento | AH7: NOTE | CD7: E - Gestione risorse economiche | CE7: E -  capacità di standardizzare le procedure, finalizzandole al recupero dell’efficienza;  rispetto dei vincoli finanziari;  capacità di orientare e controllare l’efficienza e l’economicità dei servizi affidati a soggetti esterni all’organizzazione;
K8: Giunta | R8: Dirigenti/Responsabili | AC8: 1 | AD8: 2 | AE8: 3 | AF8: 4 | AG8: 5 | CD8: F - Orientamento alla qualità dei servizi | CE8: F -  rispetto dei termini dei procedimenti  presidio delle attività: comprensione e rimozione delle cause degli scostamenti dagli standard di servizio rispettando i criteri quali – quantitativi;  capacità di programmare e definire adeguati standard rispetto ai servizi erogati;  capacità di organizzare e gestire i processi di lavoro per il raggiungimento degli obiettivi controllandone l’andamento;  gestione efficace del tempo di lavoro rispetto agli obiettivi e supervisione della gestione del tempo di lavoro dei propri collaboratori;  capacità di limitare il contenzioso;  capacità di orientare e controllare la qualità dei servizi affidati a soggetti esterni all’organizzazione;
K9: Importanza | N9: Impatto Esterno | Q9: Esito | R9: Complessità | U9: Realizzabilità | X9: Esito | AC9: 0% ÷ 20% | AD9: 21% ÷ 50% | AE9: 51% ÷ 70% | AF9: 71%÷90% | AG9: 91% ÷100% | CD9: H - Integrazione con gli amministratori su obiettivi assegnati, con i colleghi su obiettivi comuni | CE9: H -  Capacità di creare occasioni di scambio e mantenere rapporti attivi e costruttivi con i colleghi e con gli amministratori;  Capacità di prevenire ed individuare i momenti di difficoltà e fornire contributi concreti per il loro superamento;  Capacità di comprendere le divergenze e prevenire gli effetti di conflitto;  Efficacia dell’assistenza agli organi di governo;  Disponibilità ad adattare il tempo di lavoro agli obiettivi gestionali concordati e ad accogliere ulteriori esigenze dell’ente Attenzione alle necessità delle altre aree se (formalmente e informalmente) coinvolte in processi lavorativi trasversali rispetto alla propria;  Predisposizione di dati e procedure all’interno della propria struttura in pre-visione di una loro ricaduta su altre aree;
B10: Obiettivo Operativo: giunta | C10: Obiettivo Gestionale Dirigenti | D10: Unità di Misura Performance | E10: Descrizione | F10: Indicatore | G10: Performance Attesa 2020 | H10: Performance Attesa 2020 | I10: Performance Attesa 2021 | J10: Responsabile Primario | K10: Alta | L10: Media | M10: Bassa | N10: Alta | O10: Media | P10: Bassa | R10: Alta | S10: Media | T10: Bassa | U10: Alta | V10: Media | W10: Bassa | AC10: Non Avviato | AD10: Avviato | AE10: Perseguito | AF10: Parzialmente Raggiunto | AG10: Pienamente Raggiunto | AJ10: Peso Amministratori | AK10: Peso Dirigenti | CD10: I - Analisi e soluzione dei problemi | CE10: I -  Capacità di individuare le caratteristiche (variabili o costanti) dei problemi;  Capacità di individuare (anche in modo creativo) ipotesi di soluzione rispetto alle cause;  Capacità di definire le azioni da adottare;  Capacità di reperire le risorse umane, strumentali e finanziarie;  Capacità di verificare l’efficacia della soluzione trovata;  Capacità nell’identificazione ed eliminazione delle anomalie e dei ritardi;  Capacità e tempestività nelle Risposte;
B11: Realizzazione dei programmi e previsioni contenuti nei documenti di programmazione | C11: Assicurare un'efficace acquisizione, gestione e programmazione delle risorse finanziarie dell'ente al fine di garantire la qualità dei servizi svolti e il rispetto dei piani e dei programmi della politica | D11: Indice di impiego delle risorse | E11: Misura la capacità di utilizzo delle risorse a disposizione | F11: Formula =[ Somma totale tit. 1 impegnata dal Settore/ totali stanziati dal Settore tit. 1]*100; Formula =[ somme totali impegnati dal Settore Titolo II/somme totali stanziati dal Settore Titolo II ]*100 | G11: Corrente 85% ; | J11: Tutti | K11: x | N11: x | Q11: =IF(K11="x",5,0)+IF(L11="x",3,0)+IF(M11="x",1,0)+IF(N11="x",5,0)+IF(O11="x",3,0)+IF(P11="x",1,0) -> 10 | X11: =IF(R11="x",5,0)+IF(S11="x",3,0)+IF(T11="x",1,0)+IF(U11="x",1,0)+IF(V11="x",3,0)+IF(W11="x",5,0) -> 0 | Y11: =Q11+X11 -> 10 | Z11: =Q11+X11 -> 10 | AA11: =AB11/100 -> 0.91 | AB11: 91 | AC11: =IF($AA11<=0.2,IF($AA11>=0,"x",""),"") | AD11: =IF(AA11<=0.5,IF(AA11>=0.21,"x",""),"") | AE11: =IF(AA11<=0.7,IF(AA11>=0.51,"x",""),"") | AF11: =IF(AA11<=0.9,IF(AA11>=0.71,"x",""),"") | AG11: =IF(AA11<=1,IF(AA11>0.9,"x",""),"") -> x | AJ11: =SUM(Q11:Q11) -> 10 | AK11: =SUM(X11:X11) -> 0 | AL11: =SUM(AJ11:AK11) -> 10 | AM11: =AL11/AL21 -> 0.16666667 | CD11: L - Capacità Negoziale | CE11: L -  Capacità di concepire il conflitto come risorsa potenziale;  Capacità di tenere conto dei diversi interessi in gioco;  Capacità di elaborare e proporre mediazioni che tengano conto di tutti gli interessi in gioco;
B12: Trasparenza e Anticorruzione | C12: Attuazione delle misure previste dalla normativa e dal PTPCT dell'ente in materia di trasparenza e anticorruzione | D12: Attuazione degli obblighi in materia di Trasparenza | E12: Grado di trasparenza dell’amministrazione definito in termini di grado di compliance, (completezza, aggiornamento e apertura) degli obblighi di pubblicazione previsti dal d.lgs 33/2013 e calcolato come rapporto tra il punteggio complessivo ottenuto a seguito delle verifiche effettuate su ciascun obbligo di pubblicazione e il punteggio massimo conseguibile secondo le indicazioni di cui alla delibera ANAC relativa alle attestazioni OIV sull’assolvimento degli obblighi di pubblicazione per l’anno di riferimento (Unità di misura: %) | F12: Formula =[ Adempimenti attuati/Adempimenti in capo al CdR]*100 | G12: 0.95 | J12: Segretario | K12: x | N12: x | Q12: =IF(K12="x",5,0)+IF(L12="x",3,0)+IF(M12="x",1,0)+IF(N12="x",5,0)+IF(O12="x",3,0)+IF(P12="x",1,0) -> 10 | X12: =IF(R12="x",5,0)+IF(S12="x",3,0)+IF(T12="x",1,0)+IF(U12="x",1,0)+IF(V12="x",3,0)+IF(W12="x",5,0) -> 0 | Y12: =Q12+X12 -> 10 | Z12: =Q12+X12 -> 10 | AA12: =AB12/100 -> 1 | AB12: 100 | AC12: =IF($AA12<=0.2,IF($AA12>=0,"x",""),"") | AD12: =IF(AA12<=0.5,IF(AA12>=0.21,"x",""),"") | AE12: =IF(AA12<=0.7,IF(AA12>=0.51,"x",""),"") | AF12: =IF(AA12<=0.9,IF(AA12>=0.71,"x",""),"") | AG12: =IF(AA12<=1,IF(AA12>0.9,"x",""),"") -> x | AJ12: =SUM(Q12:Q13) -> 20 | AK12: =SUM(X12:X13) -> 0 | AL12: =SUM(AJ12:AK13) -> 20 | AM12: =AL12/AL21 -> 0.33333333 | CD12: Q - Gestione Risorse Umane | CE12: Q -  Capacità di informare, comunicare e coinvolgere le risorse umane nel raggiungimento degli obiettivi individuali e di gruppo Capacità di motivare, coinvolgere, far crescere professionalmente il personale affidato stimolando un clima organizzativo favorevole alla produttività  Capacità assegnare ruoli, responsabilità ed obiettivi secondo la competenza e la maturità professionale del personale  Capacità di definire programmi e flussi di lavoro, controllandone l’andamento  Capacità di valorizzare i propri collaboratori  Gestire le riunioni di lavoro finalizzandole all’obiettivo, alla crescita personale ed all’autonomia decisionale del personale Capacità di prevenire e mediare rispetto ad eventuali conflitti fra il personale  Capacità di predisporre piani di carriera ed azioni formative per lo sviluppo del personale  Capacità di valutare i risultati raggiunti rispetto agli obiettivi assegnati e concordare i necessari correttivi  Capacità di coordinare e di gestire con efficacia le riunioni di gruppo finalizzandole alla condivisione, alla crescita professionale ed alla autonomia decisionale e operativa dei collaboratori nell’ambito del loro ruolo  Capacità di distribuire equamente i compiti e i carichi di lavoro fra i collaboratori  Capacità di valutare in modo equo ed efficace le prestazioni dei propri collaboratori  Capacità di differenziare in maniera significativa le valutazioni dei collaboratori;  Capacità di individuare percorsi di sviluppo dei collaboratori ad alto potenziale
D13: Attuazione degli obblighi in materia di Anticorruzione | E13: Evidenzia la capacità del Dirigente di presidiare gli obblighi in materia di anticorruzione ascrivibili al CdR di diretta responsabilità | F13: Formula =[ Adempimenti attuati/Adempimenti in capo al CdR]*100 | G13: 0.95 | J13: Segretario | K13: x | N13: x | Q13: =IF(K13="x",5,0)+IF(L13="x",3,0)+IF(M13="x",1,0)+IF(N13="x",5,0)+IF(O13="x",3,0)+IF(P13="x",1,0) -> 10 | X13: =IF(R13="x",5,0)+IF(S13="x",3,0)+IF(T13="x",1,0)+IF(U13="x",1,0)+IF(V13="x",3,0)+IF(W13="x",5,0) -> 0 | Y13: =Q13+X13 -> 10 | Z13: =Q13+X13 -> 10 | AA13: =AB13/100 -> 1 | AB13: 100 | AC13: =IF($AA13<=0.2,IF($AA13>=0,"x",""),"") | AD13: =IF(AA13<=0.5,IF(AA13>=0.21,"x",""),"") | AE13: =IF(AA13<=0.7,IF(AA13>=0.51,"x",""),"") | AF13: =IF(AA13<=0.9,IF(AA13>=0.71,"x",""),"") | AG13: =IF(AA13<=1,IF(AA13>0.9,"x",""),"") -> x | CD13: R - Rapporti con l’utenza | CE13: R -  Capacità di ascolto dei destinatari e di sviluppare orientamenti all’utente  Capacità di gestire i rapporti, anche contrattuali, con interlocutori esterni  Organizzazione e gestione dell’orario di servizio in relazione alle esigenza dell’utenza  Gestione del feedback (risposte) verso gli utenti esterni rispetto alla presa in carico delle loro richieste  Gestione delle richieste esterne in modo diretto o indiretto tramite il coordinamento dei propri collaboratori  Disponibilità ad incontrare l’utenza esterna, prendendone in carico le richieste coerenti col ruolo e la funzione ricoperti e instaurando relazioni corrette e positive  Disponibilità ad organizzare le informazioni circa il servizio erogato dalla propria struttura per orientare l’utenza esterna (es. segnaletica interna, volantini illustrativi, esposizione di orari di ricevimento  Disponibilità ad organizzare in modo comprensibile e fruibile le informazioni richieste o spontaneamente erogate  Capacità di riconoscere ed attivarsi in modo coerente e tempestivo per la soddisfazione del bisogno espresso dall’utenza, curando anche le fasi del feedback
B14: Standard degli atti amministrativi | C14: Assicurare un elevato standard degli atti amministrativi finalizzato a garantire la legittimità, regolarità e correttezza dell’azione amministrativa nonche di regolarità contabile degli atti mediante l'attuazione dei controlli cosi come previsto nel numero e con le modalità programmate nel regolamento sui controlli interni adottato dall'ente. | D14: Qualità e correttezza degli Atti Amministrativi | E14: Evidenzia la capacità del Dirigente di predisporre gli atti amministrativi di competenza del proprio CdR soddisfacendo i requisiti previsti nel regolamento dei controlli interni | F14: Formula =[ N. atti sottoposti a controllo interno che non presentano anomalie/ N. atti sottoposti a controllo interno ]*100 | G14: 0.95 | J14: Segretario | K14: x | N14: x | Q14: =IF(K14="x",5,0)+IF(L14="x",3,0)+IF(M14="x",1,0)+IF(N14="x",5,0)+IF(O14="x",3,0)+IF(P14="x",1,0) -> 10 | X14: =IF(R14="x",5,0)+IF(S14="x",3,0)+IF(T14="x",1,0)+IF(U14="x",1,0)+IF(V14="x",3,0)+IF(W14="x",5,0) -> 0 | Y14: =Q14+X14 -> 10 | Z14: =Q14+X14 -> 10 | AA14: =AB14/100 -> 1 | AB14: 100 | AC14: =IF($AA14<=0.2,IF($AA14>=0,"x",""),"") | AD14: =IF(AA14<=0.5,IF(AA14>=0.21,"x",""),"") | AE14: =IF(AA14<=0.7,IF(AA14>=0.51,"x",""),"") | AF14: =IF(AA14<=0.9,IF(AA14>=0.71,"x",""),"") | AG14: =IF(AA14<=1,IF(AA14>0.9,"x",""),"") -> x | AJ14: =SUM(Q14:Q16) -> 30 | AK14: =SUM(X14:X16) -> 0 | AL14: =SUM(AJ14:AK16) -> 30 | AM14: =AL14/AL21 -> 0.5 | CD14: S - Gestione del tempo Lavoro | CE14: S -  Gestione efficace del tempo di lavoro rispetto agli obiettivi ricevuti  Supervisione dei propri collaboratori rispetto alla gestione del loro tempo di lavoro
D15: Rispetto sedute controllo successivo di regolarità amministrativa | E15: Evidenzia la capacità dell'ente di rispettare le previsioni regolamentari | F15: Formula =[ N. sedute di controllo successivo di regolarità amministrativa effettuate/ - N. sedute di controllo di regolarità amministrativa previste dal regolamento]*100 | G15: 1 | J15: Segretario | K15: x | N15: x | Q15: =IF(K15="x",5,0)+IF(L15="x",3,0)+IF(M15="x",1,0)+IF(N15="x",5,0)+IF(O15="x",3,0)+IF(P15="x",1,0) -> 10 | X15: =IF(R15="x",5,0)+IF(S15="x",3,0)+IF(T15="x",1,0)+IF(U15="x",1,0)+IF(V15="x",3,0)+IF(W15="x",5,0) -> 0 | Y15: =Q15+X15 -> 10 | Z15: =Q15+X15 -> 10 | AA15: =AB15/100 -> 1 | AB15: 100 | AC15: =IF($AA15<=0.2,IF($AA15>=0,"x",""),"") | AD15: =IF(AA15<=0.5,IF(AA15>=0.21,"x",""),"") | AE15: =IF(AA15<=0.7,IF(AA15>=0.51,"x",""),"") | AF15: =IF(AA15<=0.9,IF(AA15>=0.71,"x",""),"") | AG15: =IF(AA15<=1,IF(AA15>0.9,"x",""),"") -> x
D16: Efficacia dei controlli di regolarità contabile | E16: Evidenzia la capacità del Dirigente di predisporre gli atti amministrativi di competenza del proprio CdR soddisfacendo i requisiti previsti nel regolamento di contabilità | F16: Formula =[N. determinazione corrette per rilascio parere regolarità contabile/ - N. determinazioni pervenute dagli uffici]*100 | G16: 0.95 | J16: Responsabile CdR Contabile | K16: x | N16: x | Q16: =IF(K16="x",5,0)+IF(L16="x",3,0)+IF(M16="x",1,0)+IF(N16="x",5,0)+IF(O16="x",3,0)+IF(P16="x",1,0) -> 10 | X16: =IF(R16="x",5,0)+IF(S16="x",3,0)+IF(T16="x",1,0)+IF(U16="x",1,0)+IF(V16="x",3,0)+IF(W16="x",5,0) -> 0 | Y16: =Q16+X16 -> 10 | Z16: =Q16+X16 -> 10 | AA16: =AB16/100 -> 1 | AB16: 100 | AC16: =IF($AA16<=0.2,IF($AA16>=0,"x",""),"") | AD16: =IF(AA16<=0.5,IF(AA16>=0.21,"x",""),"") | AE16: =IF(AA16<=0.7,IF(AA16>=0.51,"x",""),"") | AF16: =IF(AA16<=0.9,IF(AA16>=0.71,"x",""),"") | AG16: =IF(AA16<=1,IF(AA16>0.9,"x",""),"") -> x
B17: Pianificare e implementare le azioni necessarie all'introduzione del Lavoro Agile secondo le direttive di cui all'art. 87 del D.L. n. 18 del 17/3/2020 recante "Misure straordinarie in materia di lavoro agile…" | C17: Emergenza COVID. Adeguamento dell'ente alle disposizioni del governo finalizzato al contenimento della diffuzione del virus covid- 19. Riorganizzazione dell'ente attraverso attivazione di smart working, turnazione dipendenti, congedi, ferie arretrate e altre modalità di riduzione dei contingenti presso l'ente, con mantenimento del personale in loco per la gestione dei servizi indifferibili | D17: Predisposizione e attuazione delle azioni tecnico e amministative necessarie per l'introduzione di forme di lavoro Agile per contrastare l'emergenza Covid 19, entro i termini e gli indirizzi previsti dall'organo esecutivo dell'ente | F17: Formula =[ Pianificazione e organizzazione di dettaglio del Lavoro Agile entro i tempi previsti dall'organo esecutivo ]; Formula =[Introduzione del Lavoro Agile secondo le direttive impartite]; Formula =[Introduzione di meccanismi di controllo sull'attività produttiva del personale che opera in ambiente di Smart Working]; | J17: Tutti | K17: x | N17: x | Q17: =IF(K17="x",5,0)+IF(L17="x",3,0)+IF(M17="x",1,0)+IF(N17="x",5,0)+IF(O17="x",3,0)+IF(P17="x",1,0) -> 10 | X17: =IF(R17="x",5,0)+IF(S17="x",3,0)+IF(T17="x",1,0)+IF(U17="x",1,0)+IF(V17="x",3,0)+IF(W17="x",5,0) -> 0 | Y17: =Q17+X17 -> 10 | Z17: =Q17+X17 -> 10 | AA17: =AB17/100 -> 1 | AB17: 100 | AC17: =IF($AA17<=0.2,IF($AA17>=0,"x",""),"") | AD17: =IF(AA17<=0.5,IF(AA17>=0.21,"x",""),"") | AE17: =IF(AA17<=0.7,IF(AA17>=0.51,"x",""),"") | AF17: =IF(AA17<=0.9,IF(AA17>=0.71,"x",""),"") | AG17: =IF(AA17<=1,IF(AA17>0.9,"x",""),"") -> x
B18: Gestione Programmazione - Economico Finanziaria nell'ambito dell'ermergenza Covid 19 | C18: Strumenti di programmazione: in relazione all'emergenza Covid-19, costante verifica e aggiornamento dello scostamento delle entrate rispetto a quanto originariamente previsto e ristrutturazione della spesa in funzione delle eventuali minori entrate che si dovessero concretizzare in corso d'anno. | D18: Presidio organizzativo delle azioni necessare ad assicurare la verifica periodica delle entrate e ristritturazione della spesa | F18: Formula =[risultato di amministrazione previsto nell'ultima variazione di bilancio/risultato di amministazione accertato a consuntivo]*100=90 | Q18: =IF(K18="x",5,0)+IF(L18="x",3,0)+IF(M18="x",1,0)+IF(N18="x",5,0)+IF(O18="x",3,0)+IF(P18="x",1,0) -> 0 | X18: =IF(R18="x",5,0)+IF(S18="x",3,0)+IF(T18="x",1,0)+IF(U18="x",1,0)+IF(V18="x",3,0)+IF(W18="x",5,0) -> 0 | Y18: =Q18+X18 -> 0 | Z18: =Q18+X18 -> 0 | AA18: =AB18/100 -> 1 | AB18: 100 | AC18: =IF($AA18<=0.2,IF($AA18>=0,"x",""),"") | AD18: =IF(AA18<=0.5,IF(AA18>=0.21,"x",""),"") | AE18: =IF(AA18<=0.7,IF(AA18>=0.51,"x",""),"") | AF18: =IF(AA18<=0.9,IF(AA18>=0.71,"x",""),"") | AG18: =IF(AA18<=1,IF(AA18>0.9,"x",""),"") -> x
B19: Attuazione delle disposizioni in materia di " salute, sostegno al lavoro e all'economia, nonché di politiche sociali connesse all'emergenza epidemilogica" | C19: Predisposizione delle misure attuative previste dal dall'art. 263 del Decreto Rilancio del 19.05.2020, n° 34 | D19: Assicurare la predisposizione e successiva attuazione di quanto programmato in attuazione di quanto previsto nel decreto rilancio | F19: Formula= [predisposizione di un piano di azioni attuative delle misure previste nel decreto rilencio entro la prima decade di luglio]; Formula= [misure e azioni realizzate / misure e azioni previste nel piano attuativo]*100 | K19: x | N19: x | Q19: =IF(K19="x",5,0)+IF(L19="x",3,0)+IF(M19="x",1,0)+IF(N19="x",5,0)+IF(O19="x",3,0)+IF(P19="x",1,0) -> 10 | X19: =IF(R19="x",5,0)+IF(S19="x",3,0)+IF(T19="x",1,0)+IF(U19="x",1,0)+IF(V19="x",3,0)+IF(W19="x",5,0) -> 0 | Y19: =Q19+X19 -> 10 | Z19: =Q19+X19 -> 10 | AA19: =AB19/100 -> 0.5 | AB19: 50 | AC19: =IF($AA19<=0.2,IF($AA19>=0,"x",""),"") | AD19: =IF(AA19<=0.5,IF(AA19>=0.21,"x",""),"") -> x | AE19: =IF(AA19<=0.7,IF(AA19>=0.51,"x",""),"") | AF19: =IF(AA19<=0.9,IF(AA19>=0.71,"x",""),"") | AG19: =IF(AA19<=1,IF(AA19>0.9,"x",""),"")
Q20: =IF(K20="x",5,0)+IF(L20="x",3,0)+IF(M20="x",1,0)+IF(N20="x",5,0)+IF(O20="x",3,0)+IF(P20="x",1,0) -> 0 | X20: =IF(R20="x",5,0)+IF(S20="x",3,0)+IF(T20="x",1,0)+IF(U20="x",1,0)+IF(V20="x",3,0)+IF(W20="x",5,0) -> 0 | Y20: =Q20+X20 -> 0 | Z20: =Q20+X20 -> 0 | AA20: =AB20/100 -> 1 | AB20: 100 | AC20: =IF($AA20<=0.2,IF($AA20>=0,"x",""),"") | AD20: =IF(AA20<=0.5,IF(AA20>=0.21,"x",""),"") | AE20: =IF(AA20<=0.7,IF(AA20>=0.51,"x",""),"") | AF20: =IF(AA20<=0.9,IF(AA20>=0.71,"x",""),"") | AG20: =IF(AA20<=1,IF(AA20>0.9,"x",""),"") -> x
K21: Giunta | Q21: =SUM(Q11:Q20) -> 80 | R21: Responsabili | X21: =SUM(X11:X20) -> 0 | Y21: =SUM(Y11:Y20) -> 80 | Z21: =SUM(Z11:Z20) -> 80 | AC21: Valutazione | AH21: ESITO | AJ21: =SUM(AJ11:AJ16) -> 60 | AK21: =SUM(AK11:AK16) -> 0 | AL21: =SUM(AL11:AL16) -> 60 | AM21: =SUM(AM11:AM16) -> 1
AD22: =IF(AD11="x",AA11*Z11)+IF(#REF!="x",#REF!*#REF!)+IF(#REF!="x",#REF!*#REF!)+IF(#REF!="x",#REF!*#REF!)+IF(#REF!="x",#REF!*#REF!)+IF(#REF!="x",#REF!*#REF!)+IF(#REF!="x",#REF!*#REF!)+IF(#REF!="x",#REF!*#REF!)+IF(AD161="x",#REF!*#REF!)+IF(#REF!="x",#REF!*#REF!)+IF(#REF!="x",#REF!*#REF!)+IF(#REF!="x",#REF!*#REF!)+IF(#REF!="x",#REF!*#REF!)+IF(#REF!="x",#REF!*#REF!)+IF(#REF!="x",#REF!*#REF!)+IF(#REF!="x",#REF!*#REF!)+IF(#REF!="x",#REF!*#REF!)+IF(#REF!="x",#REF!*#REF!)+IF(#REF!="x",#REF!*#REF!)+IF(#REF!="x",#REF!*#REF!)+IF(#REF!="x",#REF!*#REF!)+IF(#REF!="x",#REF!*#REF!)+IF(#REF!="x",#REF!*#REF!)+IF(#REF!="x",#REF!*#REF!)+IF(#REF!="x",#REF!*#REF!)+IF(AD12="x",AA12*Z12)+IF(AD13="x",AA13*Z13)+IF(AD14="x",AA14*Z14)+IF(AD15="x",AA15*Z15)+IF(AD16="x",AA16*Z16)+IF(#REF!="x",#REF!*#REF!)+IF(#REF!="x",#REF!*#REF!)+IF(#REF!="x",#REF!*#REF!)+IF(#REF!="x",#REF!*#REF!)+IF(#REF!="x",#REF!*#REF!)+IF(#REF!="x",#REF!*#REF!)+IF(AD17="x",AA17*Z17)+IF(AD18="x",AA18*Z18)+IF(AD19="x",AA19*Z19)+IF(AD20="x",AA20*Z20) -> #REF! | AE22: =IF(AE11="x",Z11*AA11)+IF(#REF!="x",#REF!*#REF!)+IF(#REF!="x",#REF!*#REF!)+IF(#REF!="x",#REF!*#REF!)+IF(#REF!="x",#REF!*#REF!)+IF(#REF!="x",#REF!*#REF!)+IF(#REF!="x",#REF!*#REF!)+IF(#REF!="x",#REF!*#REF!)+IF(AE161="x",#REF!*#REF!)+IF(#REF!="x",#REF!*#REF!)+IF(#REF!="x",#REF!*#REF!)+IF(#REF!="x",#REF!*#REF!)+IF(#REF!="x",#REF!*#REF!)+IF(#REF!="x",#REF!*#REF!)+IF(#REF!="x",#REF!*#REF!)+IF(#REF!="x",#REF!*#REF!)+IF(#REF!="x",#REF!*#REF!)+IF(#REF!="x",#REF!*#REF!)+IF(#REF!="x",#REF!*#REF!)+IF(#REF!="x",#REF!*#REF!)+IF(#REF!="x",#REF!*#REF!)+IF(#REF!="x",#REF!*#REF!)+IF(#REF!="x",#REF!*#REF!)+IF(#REF!="x",#REF!*#REF!)+IF(#REF!="x",#REF!*#REF!)+IF(AE12="x",Z12*AA12)+IF(AE13="x",Z13*AA13)+IF(AE14="x",Z14*AA14)+IF(AE15="x",Z15*AA15)+IF(AE16="x",Z16*AA16)+IF(#REF!="x",#REF!*#REF!)+IF(#REF!="x",#REF!*#REF!)+IF(#REF!="x",#REF!*#REF!)+IF(#REF!="x",#REF!*#REF!)+IF(#REF!="x",#REF!*#REF!)+IF(#REF!="x",#REF!*#REF!)+IF(AE17="x",Z17*AA17)+IF(AE18="x",Z18*AA18)+IF(AE19="x",Z19*AA19)+IF(AE20="x",Z20*AA20) -> #REF! | AF22: =IF(AF11="x",AA11*Z11)+IF(#REF!="x",#REF!*#REF!)+IF(#REF!="x",#REF!*#REF!)+IF(#REF!="x",#REF!*#REF!)+IF(#REF!="x",#REF!*#REF!)+IF(#REF!="x",#REF!*#REF!)+IF(#REF!="x",#REF!*#REF!)+IF(#REF!="x",#REF!*#REF!)+IF(AF161="x",#REF!*#REF!)+IF(#REF!="x",#REF!*#REF!)+IF(#REF!="x",#REF!*#REF!)+IF(#REF!="x",#REF!*#REF!)+IF(#REF!="x",#REF!*#REF!)+IF(#REF!="x",#REF!*#REF!)+IF(#REF!="x",#REF!*#REF!)+IF(#REF!="x",#REF!*#REF!)+IF(#REF!="x",#REF!*#REF!)+IF(#REF!="x",#REF!*#REF!)+IF(#REF!="x",#REF!*#REF!)+IF(#REF!="x",#REF!*#REF!)+IF(#REF!="x",#REF!*#REF!)+IF(#REF!="x",#REF!*#REF!)+IF(#REF!="x",#REF!*#REF!)+IF(#REF!="x",#REF!*#REF!)+IF(#REF!="x",#REF!*#REF!)+IF(AF12="x",AA12*Z12)+IF(AF13="x",AA13*Z13)+IF(AF14="x",AA14*Z14)+IF(AF15="x",AA15*Z15)+IF(AF16="x",AA16*Z16)+IF(#REF!="x",#REF!*#REF!)+IF(#REF!="x",#REF!*#REF!)+IF(#REF!="x",#REF!*#REF!)+IF(#REF!="x",#REF!*#REF!)+IF(#REF!="x",#REF!*#REF!)+IF(#REF!="x",#REF!*#REF!)+IF(AF17="x",AA17*Z17)+IF(AF18="x",AA18*Z18)+IF(AF19="x",AA19*Z19)+IF(AF20="x",AA20*Z20) -> #REF! | AG22: =IF(AG11="x",Z11*AA11)+IF(#REF!="x",#REF!*#REF!)+IF(#REF!="x",#REF!*#REF!)+IF(#REF!="x",#REF!*#REF!)+IF(#REF!="x",#REF!*#REF!)+IF(#REF!="x",#REF!*#REF!)+IF(#REF!="x",#REF!*#REF!)+IF(#REF!="x",#REF!*#REF!)+IF(AG161="x",#REF!*#REF!)+IF(#REF!="x",#REF!*#REF!)+IF(#REF!="x",#REF!*#REF!)+IF(#REF!="x",#REF!*#REF!)+IF(#REF!="x",#REF!*#REF!)+IF(#REF!="x",#REF!*#REF!)+IF(#REF!="x",#REF!*#REF!)+IF(#REF!="x",#REF!*#REF!)+IF(#REF!="x",#REF!*#REF!)+IF(#REF!="x",#REF!*#REF!)+IF(#REF!="x",#REF!*#REF!)+IF(#REF!="x",#REF!*#REF!)+IF(#REF!="x",#REF!*#REF!)+IF(#REF!="x",#REF!*#REF!)+IF(#REF!="x",#REF!*#REF!)+IF(#REF!="x",#REF!*#REF!)+IF(#REF!="x",#REF!*#REF!)+IF(AG12="x",Z12*AA12)+IF(AG13="x",Z13*AA13)+IF(AG14="x",Z14*AA14)+IF(AG15="x",Z15*AA15)+IF(AG16="x",Z16*AA16)+IF(#REF!="x",#REF!*#REF!)+IF(#REF!="x",#REF!*#REF!)+IF(#REF!="x",#REF!*#REF!)+IF(#REF!="x",#REF!*#REF!)+IF(#REF!="x",#REF!*#REF!)+IF(#REF!="x",#REF!*#REF!)+IF(AG17="x",Z17*AA17)+IF(AG18="x",Z18*AA18)+IF(AG19="x",Z19*AA19)+IF(AG20="x",Z20*AA20) -> #REF! | AH22: =SUM(AD22:AG22) -> #REF!
AE24: =AH22 -> #REF!

Sheet 8vuota
A2: OBIETTIVO DELL'ORGANO POLITICO - AMMINISTRATIVO 2019
A3: PERFORMANCE ORGANIZZATIVA | AH3: N. | AI3: ='Elenco P.O.'!B10 -> Obiettivo Operativo: giunta
A4: COMUNE DI | S4: ='Elenco P.O.'!C1 -> 0
A5: CDR | E5: AREA FINANZIARIA | K5: RESPONSABILE PRIMARIO: | X5: ALTRI CDR COINVOLTI | AC5: TUTTI | BA5: Programmi
A6: INDIRIZZO STRATEGICO
A7: MISSIONE
A8: PROGRAMMA
A9: OBIETTIVO OPERATIVO
A12: OBIETTIVO GESTIONALE
A13: TITOLO OBIETTIVO | E13: ='Elenco P.O.'!E10 -> Descrizione
A14: RISULTATO ATTESO | E14: indicatore | M14: descrizione | U14: formula | AC14: target | AF14: 2018 | AH14: 2017
A29: PESO OBIETTIVO | E29: Variabili | I29: RILEVANZA | X29: Esito Pesatura
I30: Alto | N30: Medio | S30: Basso | X30: =IF(I31="X",5)+IF(I32="X",5)+IF(I33="X",5)+IF(I34="X",1)+IF(N31="X",3)+IF(N32="X",3)+IF(N33="X",3)+IF(N34="X",3)+IF(S31="X",1)+IF(S32="X",1)+IF(S33="X",1)+IF(S34="X",5) -> 0
E31: Importanza
E32: Impatto Esterno
E33: Complessità
E34: Realizzabilità
A35: RISORSE ASSEGNATE AL PROGRAMMA | E35: 100 | N35: RISORSE OBIETTIVO | S35: 100 | X35: INDICE DI ASSORBIMENTO | AF35: =S35/E35 -> 1
A36: COMPILAZIONE SCHEDA A CURA DEL DIRIGENTE O RESPONSABILE PRIMARIO
A37: PIANIFICAZIONE ESECUTIVA | X37: CONTRIBUTO | AF37: MISURAZIONE
A38: Area/Settore | F38: % di contribuzione | J38: peso assoluto in capo all'Area | N38: valore atteso | X38: indicatori di misurazione | AF38: esito atteso
A39: 1 | J39: =F39*$X$30 -> 0
A44: Area/Settore | F44: % di contribuzione | J44: peso assoluto in capo all'Area | N44: valore atteso | X44: indicatori di misurazione | AF44: esito atteso
A45: 2 | J45: =F45*$X$30 -> 0
A50: Area/Settore | F50: % di contribuzione | J50: peso assoluto in capo all'Area | N50: valore atteso | X50: indicatori di misurazione | AF50: esito atteso
A51: 3 | J51: =F51*$X$30 -> 0
A56: Area/Settore | F56: % di contribuzione | J56: peso assoluto in capo all'Area | N56: valore atteso | X56: indicatori di misurazione | AF56: esito atteso
A57: 4 | J57: =F57*$X$30 -> 0
A62: Area/Settore | F62: % di contribuzione | J62: peso assoluto in capo all'Area | N62: valore atteso | X62: indicatori di misurazione | AF62: esito atteso
A63: 5 | J63: =F63*$X$30 -> 0
A68: Area/Settore | F68: % di contribuzione | J68: peso assoluto in capo all'Area | N68: valore atteso | X68: indicatori di misurazione | AF68: esito atteso
A69: 6 | J69: =F69*$X$30 -> 0
A74: Area/Settore | F74: % di contribuzione | J74: peso assoluto in capo all'Area | N74: valore atteso | X74: indicatori di misurazione | AF74: esito atteso
A75: 7 | J75: =F75*$X$30 -> 0
A80: Area/Settore | F80: % di contribuzione | J80: peso assoluto in capo all'Area | N80: valore atteso | X80: indicatori di misurazione | AF80: esito atteso
A81: 8 | J81: =F81*$X$30 -> 0
A86: Area/Settore | F86: % di contribuzione | J86: peso assoluto in capo all'Area | N86: valore atteso | X86: indicatori di misurazione | AF86: esito atteso
A87: 9 | J87: =F87*$X$30 -> 0
A92: Area/Settore | F92: % di contribuzione | J92: peso assoluto in capo all'Area | N92: valore atteso | X92: indicatori di misurazione | AF92: esito atteso
A93: 10 | J93: =F93*$X$30 -> 0
A98: Area/Settore | F98: % di contribuzione | J98: peso assoluto in capo all'Area | N98: valore atteso | X98: indicatori di misurazione | AF98: esito atteso
A99: 11 | J99: =F99*$X$30 -> 0
A104: Area/Settore | F104: % di contribuzione | J104: peso assoluto in capo all'Area | N104: valore atteso | X104: indicatori di misurazione | AF104: esito atteso
A105: 12 | J105: =F105*$X$30 -> 0
A110: REPORT INTERMEDIO OBIETTIVO
N111: Motivazione della Richiesta e proposta di rimodulazione | Y111: Esito Richiesta | AH111: Si | AI111: No
A112: Richiesta di rimodulazione obiettivo | G112: SI | J112: No | K112: x | Y112: Accolta
N114: Motivazione della Richiesta | Y114: Esito Richiesta | AH114: Si | AI114: No
A115: Cessazione obiettivo | G115: SI | J115: No | K115: x | Y115: Accolta
A118: Valutazione Intermedia a cura del Nucleo
A120: Stato di attuazione dell'obiettivo | G120: Non Avviato | K120: Avviato | O120: In Itinere | Q120: x | S120: Raggiunto | V120: Sospesa a seguito di rimodulazione/Integrazione
A126: Performance Individuale
A127: Performance Organizzativa
A129: Cod. | B129: Missioni
B131: =CONCATENATE(AB131,"",AC131) -> 0.1 Servizi istituzionali, generali e di gestione | AB131: 0.1 | AC131: Servizi istituzionali, generali e di gestione
B132: =CONCATENATE(AB132,"",AC132) -> 0.2 Giustizia | AB132: 0.2 | AC132: Giustizia
B133: =CONCATENATE(AB133,"",AC133) -> 0.3 Ordine pubblico e sicurezza | AB133: 0.3 | AC133: Ordine pubblico e sicurezza
B134: =CONCATENATE(AB134,"",AC134) -> 0.4 Istruzione e diritto allo studio | AB134: 0.4 | AC134: Istruzione e diritto allo studio
B135: =CONCATENATE(AB135,"",AC135) -> 0.5 Tutela e valorizzazione dei beni e delle attività culturali | AB135: 0.5 | AC135: Tutela e valorizzazione dei beni e delle attività culturali
B136: =CONCATENATE(AB136,"",AC136) -> 0.6 Politiche giovanili, sport e tempo libero | AB136: 0.6 | AC136: Politiche giovanili, sport e tempo libero
B137: =CONCATENATE(AB137,"",AC137) -> 0.7 Turismo | AB137: 0.7 | AC137: Turismo
B138: =CONCATENATE(AB138,"",AC138) -> 0.8 Assetto del territorio ed edilizia abitativa | AB138: 0.8 | AC138: Assetto del territorio ed edilizia abitativa
B139: =CONCATENATE(AB139,"",AC139) -> 0.9Sviluppo sostenibile e tutela del territorio e dell'ambiente | AB139: 0.9 | AC139: Sviluppo sostenibile e tutela del territorio e dell'ambiente
B140: =CONCATENATE(AB140,"",AC140) -> 10 Trasporti e diritto alla mobilità | AB140: 10 | AC140: Trasporti e diritto alla mobilità
B141: =CONCATENATE(AB141,"",AC141) -> 11 Soccorso civile | AB141: 11 | AC141: Soccorso civile
B142: =CONCATENATE(AB142,"",AC142) -> 12 Diritti sociali, politiche sociali e famiglia | AB142: 12 | AC142: Diritti sociali, politiche sociali e famiglia
... B153: =CONCATENATE(AB153,"",AC153) -> 99 Servizi per conto terzi | AB153: 99 | AC153: Servizi per conto terzi
B155: programmmi
B156: =CONCATENATE(AB156,"",AC156) -> 0.1 Organi istituzionali | AB156: 0.1 | AC156: Organi istituzionali
B157: =CONCATENATE(AB157,"",AC157) -> 0.2 Segreteria generale | AB157: 0.2 | AC157: Segreteria generale
B158: =CONCATENATE(AB158,"",AC158) -> 0.3 Gestione economica, finanziaria, programmazione e provveditorato | AB158: 0.3 | AC158: Gestione economica, finanziaria, programmazione e provveditorato
B159: =CONCATENATE(AB159,"",AC159) -> 0.4 Gestione delle entrate tributarie e servizi fiscal | AB159: 0.4 | AC159: Gestione delle entrate tributarie e servizi fiscal
B160: =CONCATENATE(AB160,"",AC160) -> 0.5 Gestione dei beni demaniali e patrimo | AB160: 0.5 | AC160: Gestione dei beni demaniali e patrimo
B161: =CONCATENATE(AB161,"",AC161) -> 0.6 Ufficio tecnico | AB161: 0.6 | AC161: Ufficio tecnico
B162: =CONCATENATE(AB162,"",AC162) -> 0.7 Elezioni e consultazioni popolari - Anagrafe e stato civile | AB162: 0.7 | AC162: Elezioni e consultazioni popolari - Anagrafe e stato civile
B163: =CONCATENATE(AB163,"",AC163) -> 0.8 Statistica e sistemi informativi | AB163: 0.8 | AC163: Statistica e sistemi informativi
B164: =CONCATENATE(AB164,"",AC164) -> 0.9 Assistenza tecnico-amministrativa agli enti locali | AB164: 0.9 | AC164: Assistenza tecnico-amministrativa agli enti locali
B165: =CONCATENATE(AB165,"",AC165) -> 10 Risorse umane | AB165: 10 | AC165: Risorse umane
B166: =CONCATENATE(AB166,"",AC166) -> 11 Altri servizi generali | AB166: 11 | AC166: Altri servizi generali
B167: =CONCATENATE(AB167,"",AC167) -> 0.1 Uffici giudiziari | AB167: 0.1 | AC167: Uffici giudiziari
... B218: =CONCATENATE(AB218,"",AC218) -> 0.1 Relazioni finanziarie con le altre autonomie territoriali | AB218: 0.1 | AC218: Relazioni finanziarie con le altre autonomie territoriali

Sheet 9vuota
A2: OBIETTIVO DELL'ORGANO POLITICO - AMMINISTRATIVO 2019
A3: PERFORMANCE ORGANIZZATIVA | AH3: N. | AI3: ='Elenco P.O.'!B11 -> Realizzazione dei programmi e previsioni contenuti nei documenti di programmazione
A4: COMUNE DI | S4: ='Elenco P.O.'!C1 -> 0
A5: CDR | E5: AREA FINANZIARIA | K5: RESPONSABILE PRIMARIO: | X5: ALTRI CDR COINVOLTI | AC5: TUTTI | BA5: Programmi
A6: INDIRIZZO STRATEGICO
A7: MISSIONE
A8: PROGRAMMA
A9: OBIETTIVO OPERATIVO
A12: OBIETTIVO GESTIONALE
A13: TITOLO OBIETTIVO | E13: ='Elenco P.O.'!E11 -> Misura la capacità di utilizzo delle risorse a disposizione
A14: RISULTATO ATTESO | E14: indicatore | M14: descrizione | U14: formula | AC14: target | AF14: 2018 | AH14: 2017
A29: PESO OBIETTIVO | E29: Variabili | I29: RILEVANZA | X29: Esito Pesatura
I30: Alto | N30: Medio | S30: Basso | X30: =IF(I31="X",5)+IF(I32="X",5)+IF(I33="X",5)+IF(I34="X",1)+IF(N31="X",3)+IF(N32="X",3)+IF(N33="X",3)+IF(N34="X",3)+IF(S31="X",1)+IF(S32="X",1)+IF(S33="X",1)+IF(S34="X",5) -> 0
E31: Importanza
E32: Impatto Esterno
E33: Complessità
E34: Realizzabilità
A35: RISORSE ASSEGNATE AL PROGRAMMA | E35: 100 | N35: RISORSE OBIETTIVO | S35: 100 | X35: INDICE DI ASSORBIMENTO | AF35: =S35/E35 -> 1
A36: COMPILAZIONE SCHEDA A CURA DEL DIRIGENTE O RESPONSABILE PRIMARIO
A37: PIANIFICAZIONE ESECUTIVA | X37: CONTRIBUTO | AF37: MISURAZIONE
A38: Area/Settore | F38: % di contribuzione | J38: peso assoluto in capo all'Area | N38: valore atteso | X38: indicatori di misurazione | AF38: esito atteso
A39: 1 | J39: =F39*$X$30 -> 0
A44: Area/Settore | F44: % di contribuzione | J44: peso assoluto in capo all'Area | N44: valore atteso | X44: indicatori di misurazione | AF44: esito atteso
A45: 2 | J45: =F45*$X$30 -> 0
A50: Area/Settore | F50: % di contribuzione | J50: peso assoluto in capo all'Area | N50: valore atteso | X50: indicatori di misurazione | AF50: esito atteso
A51: 3 | J51: =F51*$X$30 -> 0
A56: Area/Settore | F56: % di contribuzione | J56: peso assoluto in capo all'Area | N56: valore atteso | X56: indicatori di misurazione | AF56: esito atteso
A57: 4 | J57: =F57*$X$30 -> 0
A62: Area/Settore | F62: % di contribuzione | J62: peso assoluto in capo all'Area | N62: valore atteso | X62: indicatori di misurazione | AF62: esito atteso
A63: 5 | J63: =F63*$X$30 -> 0
A68: Area/Settore | F68: % di contribuzione | J68: peso assoluto in capo all'Area | N68: valore atteso | X68: indicatori di misurazione | AF68: esito atteso
A69: 6 | J69: =F69*$X$30 -> 0
A74: Area/Settore | F74: % di contribuzione | J74: peso assoluto in capo all'Area | N74: valore atteso | X74: indicatori di misurazione | AF74: esito atteso
A75: 7 | J75: =F75*$X$30 -> 0
A80: Area/Settore | F80: % di contribuzione | J80: peso assoluto in capo all'Area | N80: valore atteso | X80: indicatori di misurazione | AF80: esito atteso
A81: 8 | J81: =F81*$X$30 -> 0
A86: Area/Settore | F86: % di contribuzione | J86: peso assoluto in capo all'Area | N86: valore atteso | X86: indicatori di misurazione | AF86: esito atteso
A87: 9 | J87: =F87*$X$30 -> 0
A92: Area/Settore | F92: % di contribuzione | J92: peso assoluto in capo all'Area | N92: valore atteso | X92: indicatori di misurazione | AF92: esito atteso
A93: 10 | J93: =F93*$X$30 -> 0
A98: Area/Settore | F98: % di contribuzione | J98: peso assoluto in capo all'Area | N98: valore atteso | X98: indicatori di misurazione | AF98: esito atteso
A99: 11 | J99: =F99*$X$30 -> 0
A104: Area/Settore | F104: % di contribuzione | J104: peso assoluto in capo all'Area | N104: valore atteso | X104: indicatori di misurazione | AF104: esito atteso
A105: 12 | J105: =F105*$X$30 -> 0
A110: REPORT INTERMEDIO OBIETTIVO
N111: Motivazione della Richiesta e proposta di rimodulazione | Y111: Esito Richiesta | AH111: Si | AI111: No
A112: Richiesta di rimodulazione obiettivo | G112: SI | J112: No | K112: x | Y112: Accolta
N114: Motivazione della Richiesta | Y114: Esito Richiesta | AH114: Si | AI114: No
A115: Cessazione obiettivo | G115: SI | J115: No | K115: x | Y115: Accolta
A118: Valutazione Intermedia a cura del Nucleo
A120: Stato di attuazione dell'obiettivo | G120: Non Avviato | K120: Avviato | O120: In Itinere | Q120: x | S120: Raggiunto | V120: Sospesa a seguito di rimodulazione/Integrazione
A126: Performance Individuale
A127: Performance Organizzativa
A129: Cod. | B129: Missioni
B131: =CONCATENATE(AB131,"",AC131) -> 0.1 Servizi istituzionali, generali e di gestione | AB131: 0.1 | AC131: Servizi istituzionali, generali e di gestione
B132: =CONCATENATE(AB132,"",AC132) -> 0.2 Giustizia | AB132: 0.2 | AC132: Giustizia
B133: =CONCATENATE(AB133,"",AC133) -> 0.3 Ordine pubblico e sicurezza | AB133: 0.3 | AC133: Ordine pubblico e sicurezza
B134: =CONCATENATE(AB134,"",AC134) -> 0.4 Istruzione e diritto allo studio | AB134: 0.4 | AC134: Istruzione e diritto allo studio
B135: =CONCATENATE(AB135,"",AC135) -> 0.5 Tutela e valorizzazione dei beni e delle attività culturali | AB135: 0.5 | AC135: Tutela e valorizzazione dei beni e delle attività culturali
B136: =CONCATENATE(AB136,"",AC136) -> 0.6 Politiche giovanili, sport e tempo libero | AB136: 0.6 | AC136: Politiche giovanili, sport e tempo libero
B137: =CONCATENATE(AB137,"",AC137) -> 0.7 Turismo | AB137: 0.7 | AC137: Turismo
B138: =CONCATENATE(AB138,"",AC138) -> 0.8 Assetto del territorio ed edilizia abitativa | AB138: 0.8 | AC138: Assetto del territorio ed edilizia abitativa
B139: =CONCATENATE(AB139,"",AC139) -> 0.9Sviluppo sostenibile e tutela del territorio e dell'ambiente | AB139: 0.9 | AC139: Sviluppo sostenibile e tutela del territorio e dell'ambiente
B140: =CONCATENATE(AB140,"",AC140) -> 10 Trasporti e diritto alla mobilità | AB140: 10 | AC140: Trasporti e diritto alla mobilità
B141: =CONCATENATE(AB141,"",AC141) -> 11 Soccorso civile | AB141: 11 | AC141: Soccorso civile
B142: =CONCATENATE(AB142,"",AC142) -> 12 Diritti sociali, politiche sociali e famiglia | AB142: 12 | AC142: Diritti sociali, politiche sociali e famiglia
... B153: =CONCATENATE(AB153,"",AC153) -> 99 Servizi per conto terzi | AB153: 99 | AC153: Servizi per conto terzi
B155: programmmi
B156: =CONCATENATE(AB156,"",AC156) -> 0.1 Organi istituzionali | AB156: 0.1 | AC156: Organi istituzionali
B157: =CONCATENATE(AB157,"",AC157) -> 0.2 Segreteria generale | AB157: 0.2 | AC157: Segreteria generale
B158: =CONCATENATE(AB158,"",AC158) -> 0.3 Gestione economica, finanziaria, programmazione e provveditorato | AB158: 0.3 | AC158: Gestione economica, finanziaria, programmazione e provveditorato
B159: =CONCATENATE(AB159,"",AC159) -> 0.4 Gestione delle entrate tributarie e servizi fiscal | AB159: 0.4 | AC159: Gestione delle entrate tributarie e servizi fiscal
B160: =CONCATENATE(AB160,"",AC160) -> 0.5 Gestione dei beni demaniali e patrimo | AB160: 0.5 | AC160: Gestione dei beni demaniali e patrimo
B161: =CONCATENATE(AB161,"",AC161) -> 0.6 Ufficio tecnico | AB161: 0.6 | AC161: Ufficio tecnico
B162: =CONCATENATE(AB162,"",AC162) -> 0.7 Elezioni e consultazioni popolari - Anagrafe e stato civile | AB162: 0.7 | AC162: Elezioni e consultazioni popolari - Anagrafe e stato civile
B163: =CONCATENATE(AB163,"",AC163) -> 0.8 Statistica e sistemi informativi | AB163: 0.8 | AC163: Statistica e sistemi informativi
B164: =CONCATENATE(AB164,"",AC164) -> 0.9 Assistenza tecnico-amministrativa agli enti locali | AB164: 0.9 | AC164: Assistenza tecnico-amministrativa agli enti locali
B165: =CONCATENATE(AB165,"",AC165) -> 10 Risorse umane | AB165: 10 | AC165: Risorse umane
B166: =CONCATENATE(AB166,"",AC166) -> 11 Altri servizi generali | AB166: 11 | AC166: Altri servizi generali
B167: =CONCATENATE(AB167,"",AC167) -> 0.1 Uffici giudiziari | AB167: 0.1 | AC167: Uffici giudiziari
... B218: =CONCATENATE(AB218,"",AC218) -> 0.1 Relazioni finanziarie con le altre autonomie territoriali | AB218: 0.1 | AC218: Relazioni finanziarie con le altre autonomie territoriali

Sheet 10vuota
A2: OBIETTIVO DELL'ORGANO POLITICO - AMMINISTRATIVO 2019
A3: PERFORMANCE ORGANIZZATIVA | AH3: N. | AI3: ='Elenco P.O.'!#REF! -> #REF!
A4: COMUNE DI | S4: ='Elenco P.O.'!C1 -> 0
A5: CDR | E5: AREA FINANZIARIA | K5: RESPONSABILE PRIMARIO: | X5: ALTRI CDR COINVOLTI | AC5: TUTTI | BA5: Programmi
A6: INDIRIZZO STRATEGICO
A7: MISSIONE
A8: PROGRAMMA
A9: OBIETTIVO OPERATIVO
A12: OBIETTIVO GESTIONALE
A13: TITOLO OBIETTIVO | E13: ='Elenco P.O.'!#REF! -> #REF!
A14: RISULTATO ATTESO | E14: indicatore | M14: descrizione | U14: formula | AC14: target | AF14: 2018 | AH14: 2017
A29: PESO OBIETTIVO | E29: Variabili | I29: RILEVANZA | X29: Esito Pesatura
I30: Alto | N30: Medio | S30: Basso | X30: =IF(I31="X",5)+IF(I32="X",5)+IF(I33="X",5)+IF(I34="X",1)+IF(N31="X",3)+IF(N32="X",3)+IF(N33="X",3)+IF(N34="X",3)+IF(S31="X",1)+IF(S32="X",1)+IF(S33="X",1)+IF(S34="X",5) -> 0
E31: Importanza
E32: Impatto Esterno
E33: Complessità
E34: Realizzabilità
A35: RISORSE ASSEGNATE AL PROGRAMMA | E35: 100 | N35: RISORSE OBIETTIVO | S35: 100 | X35: INDICE DI ASSORBIMENTO | AF35: =S35/E35 -> 1
A36: COMPILAZIONE SCHEDA A CURA DEL DIRIGENTE O RESPONSABILE PRIMARIO
A37: PIANIFICAZIONE ESECUTIVA | X37: CONTRIBUTO | AF37: MISURAZIONE
A38: Area/Settore | F38: % di contribuzione | J38: peso assoluto in capo all'Area | N38: valore atteso | X38: indicatori di misurazione | AF38: esito atteso
A39: 1 | J39: =F39*$X$30 -> 0
A44: Area/Settore | F44: % di contribuzione | J44: peso assoluto in capo all'Area | N44: valore atteso | X44: indicatori di misurazione | AF44: esito atteso
A45: 2 | J45: =F45*$X$30 -> 0
A50: Area/Settore | F50: % di contribuzione | J50: peso assoluto in capo all'Area | N50: valore atteso | X50: indicatori di misurazione | AF50: esito atteso
A51: 3 | J51: =F51*$X$30 -> 0
A56: Area/Settore | F56: % di contribuzione | J56: peso assoluto in capo all'Area | N56: valore atteso | X56: indicatori di misurazione | AF56: esito atteso
A57: 4 | J57: =F57*$X$30 -> 0
A62: Area/Settore | F62: % di contribuzione | J62: peso assoluto in capo all'Area | N62: valore atteso | X62: indicatori di misurazione | AF62: esito atteso
A63: 5 | J63: =F63*$X$30 -> 0
A68: Area/Settore | F68: % di contribuzione | J68: peso assoluto in capo all'Area | N68: valore atteso | X68: indicatori di misurazione | AF68: esito atteso
A69: 6 | J69: =F69*$X$30 -> 0
A74: Area/Settore | F74: % di contribuzione | J74: peso assoluto in capo all'Area | N74: valore atteso | X74: indicatori di misurazione | AF74: esito atteso
A75: 7 | J75: =F75*$X$30 -> 0
A80: Area/Settore | F80: % di contribuzione | J80: peso assoluto in capo all'Area | N80: valore atteso | X80: indicatori di misurazione | AF80: esito atteso
A81: 8 | J81: =F81*$X$30 -> 0
A86: Area/Settore | F86: % di contribuzione | J86: peso assoluto in capo all'Area | N86: valore atteso | X86: indicatori di misurazione | AF86: esito atteso
A87: 9 | J87: =F87*$X$30 -> 0
A92: Area/Settore | F92: % di contribuzione | J92: peso assoluto in capo all'Area | N92: valore atteso | X92: indicatori di misurazione | AF92: esito atteso
A93: 10 | J93: =F93*$X$30 -> 0
A98: Area/Settore | F98: % di contribuzione | J98: peso assoluto in capo all'Area | N98: valore atteso | X98: indicatori di misurazione | AF98: esito atteso
A99: 11 | J99: =F99*$X$30 -> 0
A104: Area/Settore | F104: % di contribuzione | J104: peso assoluto in capo all'Area | N104: valore atteso | X104: indicatori di misurazione | AF104: esito atteso
A105: 12 | J105: =F105*$X$30 -> 0
A110: REPORT INTERMEDIO OBIETTIVO
N111: Motivazione della Richiesta e proposta di rimodulazione | Y111: Esito Richiesta | AH111: Si | AI111: No
A112: Richiesta di rimodulazione obiettivo | G112: SI | J112: No | K112: x | Y112: Accolta
N114: Motivazione della Richiesta | Y114: Esito Richiesta | AH114: Si | AI114: No
A115: Cessazione obiettivo | G115: SI | J115: No | K115: x | Y115: Accolta
A118: Valutazione Intermedia a cura del Nucleo
A120: Stato di attuazione dell'obiettivo | G120: Non Avviato | K120: Avviato | O120: In Itinere | Q120: x | S120: Raggiunto | V120: Sospesa a seguito di rimodulazione/Integrazione
A126: Performance Individuale
A127: Performance Organizzativa
A129: Cod. | B129: Missioni
B131: =CONCATENATE(AB131,"",AC131) -> 0.1 Servizi istituzionali, generali e di gestione | AB131: 0.1 | AC131: Servizi istituzionali, generali e di gestione
B132: =CONCATENATE(AB132,"",AC132) -> 0.2 Giustizia | AB132: 0.2 | AC132: Giustizia
B133: =CONCATENATE(AB133,"",AC133) -> 0.3 Ordine pubblico e sicurezza | AB133: 0.3 | AC133: Ordine pubblico e sicurezza
B134: =CONCATENATE(AB134,"",AC134) -> 0.4 Istruzione e diritto allo studio | AB134: 0.4 | AC134: Istruzione e diritto allo studio
B135: =CONCATENATE(AB135,"",AC135) -> 0.5 Tutela e valorizzazione dei beni e delle attività culturali | AB135: 0.5 | AC135: Tutela e valorizzazione dei beni e delle attività culturali
B136: =CONCATENATE(AB136,"",AC136) -> 0.6 Politiche giovanili, sport e tempo libero | AB136: 0.6 | AC136: Politiche giovanili, sport e tempo libero
B137: =CONCATENATE(AB137,"",AC137) -> 0.7 Turismo | AB137: 0.7 | AC137: Turismo
B138: =CONCATENATE(AB138,"",AC138) -> 0.8 Assetto del territorio ed edilizia abitativa | AB138: 0.8 | AC138: Assetto del territorio ed edilizia abitativa
B139: =CONCATENATE(AB139,"",AC139) -> 0.9Sviluppo sostenibile e tutela del territorio e dell'ambiente | AB139: 0.9 | AC139: Sviluppo sostenibile e tutela del territorio e dell'ambiente
B140: =CONCATENATE(AB140,"",AC140) -> 10 Trasporti e diritto alla mobilità | AB140: 10 | AC140: Trasporti e diritto alla mobilità
B141: =CONCATENATE(AB141,"",AC141) -> 11 Soccorso civile | AB141: 11 | AC141: Soccorso civile
B142: =CONCATENATE(AB142,"",AC142) -> 12 Diritti sociali, politiche sociali e famiglia | AB142: 12 | AC142: Diritti sociali, politiche sociali e famiglia
... B153: =CONCATENATE(AB153,"",AC153) -> 99 Servizi per conto terzi | AB153: 99 | AC153: Servizi per conto terzi
B155: programmmi
B156: =CONCATENATE(AB156,"",AC156) -> 0.1 Organi istituzionali | AB156: 0.1 | AC156: Organi istituzionali
B157: =CONCATENATE(AB157,"",AC157) -> 0.2 Segreteria generale | AB157: 0.2 | AC157: Segreteria generale
B158: =CONCATENATE(AB158,"",AC158) -> 0.3 Gestione economica, finanziaria, programmazione e provveditorato | AB158: 0.3 | AC158: Gestione economica, finanziaria, programmazione e provveditorato
B159: =CONCATENATE(AB159,"",AC159) -> 0.4 Gestione delle entrate tributarie e servizi fiscal | AB159: 0.4 | AC159: Gestione delle entrate tributarie e servizi fiscal
B160: =CONCATENATE(AB160,"",AC160) -> 0.5 Gestione dei beni demaniali e patrimo | AB160: 0.5 | AC160: Gestione dei beni demaniali e patrimo
B161: =CONCATENATE(AB161,"",AC161) -> 0.6 Ufficio tecnico | AB161: 0.6 | AC161: Ufficio tecnico
B162: =CONCATENATE(AB162,"",AC162) -> 0.7 Elezioni e consultazioni popolari - Anagrafe e stato civile | AB162: 0.7 | AC162: Elezioni e consultazioni popolari - Anagrafe e stato civile
B163: =CONCATENATE(AB163,"",AC163) -> 0.8 Statistica e sistemi informativi | AB163: 0.8 | AC163: Statistica e sistemi informativi
B164: =CONCATENATE(AB164,"",AC164) -> 0.9 Assistenza tecnico-amministrativa agli enti locali | AB164: 0.9 | AC164: Assistenza tecnico-amministrativa agli enti locali
B165: =CONCATENATE(AB165,"",AC165) -> 10 Risorse umane | AB165: 10 | AC165: Risorse umane
B166: =CONCATENATE(AB166,"",AC166) -> 11 Altri servizi generali | AB166: 11 | AC166: Altri servizi generali
B167: =CONCATENATE(AB167,"",AC167) -> 0.1 Uffici giudiziari | AB167: 0.1 | AC167: Uffici giudiziari
... B218: =CONCATENATE(AB218,"",AC218) -> 0.1 Relazioni finanziarie con le altre autonomie territoriali | AB218: 0.1 | AC218: Relazioni finanziarie con le altre autonomie territoriali

Sheet Tecnico
BJ1: COMPORTAMENTO | BK1: OGGETTO DELLA MISURAZIONE
B2: SCHEDA DI VALUTAZIONE PERFORMANCE DEL RESPONSABILE
BJ4: COMPORTAMENTO | BK4: OGGETTO DELLA MISURAZIONE
B5: ENTE | C5: ='Elenco P.I.'!B2 -> Comune di Arborea | BJ5: A - Traduzione operativa dei piani e programmi della politica: | BK5: A - Capacità di declinare in obiettivi concreti i piani e i programmi della politica;
B6: SERVIZIO: | C6: Tecnico | M6: ANNO | N6: 2021 | BJ6: B - Pianificazione, organizzazione e controllo: | BK6: B -  saper definire e ridefinire costantemente l’ottimale piano delle azioni in relazione alle risorse disponibili e agli obiettivi di risultato oltre che alle condizioni di variabilità del contesto;  capacità di organizzare efficacemente le proprie attività, con precisione, nel rispetto delle esigenze e delle priorità, fronteggiando anche situazioni impreviste;
B7: RESPONSABILE | BJ7: C - Relazione e integrazione: | BK7: C -  comunicazione e capacità relazionale con i colleghi  capacità di visione interfunzionale al fine di potenziare i processi di programmazione, realizzazione e rendicontazione;  partecipazione alla vita organizzativa;  integrazione con gli amministratori su obiettivi assegnati;  capacità di lavorare in gruppo;  capacità negoziale e gestione dei conflitti;  qualità delle relazioni interpersonali con colleghi e collaboratori;  qualità delle relazioni con utenti dei servizi ed altri interlocutori abituali);  collaborazione ed integrazione nei processi di servizio;
BJ8: COMPORTAMENTO | BK8: OGGETTO DELLA MISURAZIONE
B9: Esito obiettivo di Performance Organizzativa | E9: Indicatore sintetico di Performance Organizzativa
BJ10: D - Innovatività: | BK10: D -  iniziativa e propositività;  capacità di risolvere i problemi;  autonomia;  capacità di cogliere le opportunità delle innovazioni tecnologiche;  capacità di definire regole e modalità operative nuove;  introduzione di strumenti gestionali innovativi;
B12: Contributo individuale dato alla Performance Organizzativa dell'ente | E12: Peso Assoluto Obiettivo | F12: Peso % Obiettivo | G12: Fornule | H12: Risultato (%) | I12: Valutazione del risultato ottenuto - Percentuali di conseguimento | N12: NOTE | BJ12: E - Gestione risorse economiche | BK12: E -  capacità di standardizzare le procedure, finalizzandole al recupero dell’efficienza;  rispetto dei vincoli finanziari;  capacità di orientare e controllare l’efficienza e l’economicità dei servizi affidati a soggetti esterni all’organizzazione;
I13: 1 | J13: 2 | K13: 3 | L13: 4 | M13: 5 | BJ13: F - Orientamento alla qualità dei servizi | BK13: F -  rispetto dei termini dei procedimenti  presidio delle attività: comprensione e rimozione delle cause degli scostamenti dagli standard di servizio rispettando i criteri quali – quantitativi;  capacità di programmare e definire adeguati standard rispetto ai servizi erogati;  capacità di organizzare e gestire i processi di lavoro per il raggiungimento degli obiettivi controllandone l’andamento;  gestione efficace del tempo di lavoro rispetto agli obiettivi e supervisione della gestione del tempo di lavoro dei propri collaboratori;  capacità di limitare il contenzioso;  capacità di orientare e controllare la qualità dei servizi affidati a soggetti esterni all’organizzazione;
I14: 0% ÷ 20% | J14: 21% ÷ 50% | K14: 51% ÷ 70% | L14: 71%÷90% | M14: 91% ÷100% | BJ14: H - Integrazione con gli amministratori su obiettivi assegnati, con i colleghi su obiettivi comuni | BK14: H -  Capacità di creare occasioni di scambio e mantenere rapporti attivi e costruttivi con i colleghi e con gli amministratori;  Capacità di prevenire ed individuare i momenti di difficoltà e fornire contributi concreti per il loro superamento;  Capacità di comprendere le divergenze e prevenire gli effetti di conflitto;  Efficacia dell’assistenza agli organi di governo;  Disponibilità ad adattare il tempo di lavoro agli obiettivi gestionali concordati e ad accogliere ulteriori esigenze dell’ente Attenzione alle necessità delle altre aree se (formalmente e informalmente) coinvolte in processi lavorativi trasversali rispetto alla propria;  Predisposizione di dati e procedure all’interno della propria struttura in pre-visione di una loro ricaduta su altre aree;
B15: Obiettivo di Performance | C15: Performance attesa | D15: Indicatori | I15: Non Avviato | J15: Avviato | K15: Perseguito | L15: Parzialmente Raggiunto | M15: Pienamente Raggiunto | BJ15: I - Analisi e soluzione dei problemi | BK15: I -  Capacità di individuare le caratteristiche (variabili o costanti) dei problemi;  Capacità di individuare (anche in modo creativo) ipotesi di soluzione rispetto alle cause;  Capacità di definire le azioni da adottare;  Capacità di reperire le risorse umane, strumentali e finanziarie;  Capacità di verificare l’efficacia della soluzione trovata;  Capacità nell’identificazione ed eliminazione delle anomalie e dei ritardi;  Capacità e tempestività nelle Risposte;
B16: ='Elenco P.O.'!C11 -> Assicurare un'efficace acquisizione, gestione e programmazione delle risorse finanziarie dell'ente al fine di garantire la qualità dei servizi svolti e il rispetto dei piani e dei programmi della politica | C16: Capacità di realizzazione della spesa corrente del Settore. Indicatore: a)€ totali impegnati dal Settore Titolo I/€ totali stanziati dal Settore Titolo I; b) Capacità di realizzazione della spesa in conto capitale del Settore. Indicatore: € totali impegnati dal Settore Titolo II/€ totali stanziati dal Settore Titolo II | E16: ='Elenco P.O.'!Z11 -> 10 | F16: =(E16/E$27)*60 -> 6 | G16: =H16/100 -> 0 | I16: =IF($G16<=0.2,IF($G16>=0,"x",""),"") -> x | J16: =IF(G16<=0.5,IF(G16>=0.21,"x",""),"") | K16: =IF(G16<=0.7,IF(G16>=0.51,"x",""),"") | L16: =IF(G16<=0.9,IF(G16>=0.71,"x",""),"") | M16: =IF(G16<=1,IF(G16>0.9,"x",""),"") | BJ16: L - Capacità Negoziale | BK16: L -  Capacità di concepire il conflitto come risorsa potenziale;  Capacità di tenere conto dei diversi interessi in gioco;  Capacità di elaborare e proporre mediazioni che tengano conto di tutti gli interessi in gioco;
B17: Attuazione delle misure previste dalla normativa e del PTPC dell'ente in materia di Anticorruzione | C17: • Prevenzione della Corruzione e della Trasparenza – Revisione del PTPCT alla luce del PNA 2019. Aggiornamento e integrazione al PTPCT del Codice di comportamento dell’Ente. Supporto operativo al RPCT nel monitoraggio sull'attuazione delle misure anticorruzione e sulle pubblicazioni in Amministrazione Trasparente. Attività di supporto al RPCT nell'attività di monitoraggio e nella gestione degli atti e degli adempimenti necessari; | E17: ='Elenco P.O.'!Z12+'Elenco P.O.'!Z13 -> 20 | F17: =(E17/E$27)*60 -> 12 | G17: =H17/100 -> 0 | I17: =IF($G17<=0.2,IF($G17>=0,"x",""),"") -> x | J17: =IF(G17<=0.5,IF(G17>=0.21,"x",""),"") | K17: =IF(G17<=0.7,IF(G17>=0.51,"x",""),"") | L17: =IF(G17<=0.9,IF(G17>=0.71,"x",""),"") | M17: =IF(G17<=1,IF(G17>0.9,"x",""),"") | P17: =IF(H16>76<100,1,"") | BJ17: P - Autonomia e Sviluppo | BK17: P -  Capacità di produrre idee e progetti di sviluppo dei servizi della propria unità organizzativa  Capacità di anticipare ed attuare cambiamenti organizzativi che comportino modificazioni e modernizzazioni con ricadute sull’operatività , sui procedimenti, sulle relazioni  Capacità di sviluppare e controllare i flussi informativi circa i cambiamenti attuati  Capacità nell’identificazione e proposizione di obiettivi e progetti strategici  Capacità di pianificare il proprio lavoro al fine di garantire un corretto funzionamento dell’ente anche durante i periodi di sua assenza
B18: Attuazione delle misure previste dalla normativa dell'ente in materia di trasparenza | C18: Parametri di non conformità riscontrati nell’attività di controllo sul sito. Indicatore: N. di parametri non conformi/n. parametri controllati | E18: ='Elenco P.O.'!Z14+'Elenco P.O.'!Z15+'Elenco P.O.'!Z16 -> 30 | F18: =(E18/E$27)*60 -> 18 | G18: =H18/100 -> 0 | I18: =IF($G18<=0.2,IF($G18>=0,"x",""),"") -> x | J18: =IF(G18<=0.5,IF(G18>=0.21,"x",""),"") | K18: =IF(G18<=0.7,IF(G18>=0.51,"x",""),"") | L18: =IF(G18<=0.9,IF(G18>=0.71,"x",""),"") | M18: =IF(G18<=1,IF(G18>0.9,"x",""),"") | BJ18: Q - Gestione Risorse Umane | BK18: Q -  Capacità di informare, comunicare e coinvolgere le risorse umane nel raggiungimento degli obiettivi individuali e di gruppo Capacità di motivare, coinvolgere, far crescere professionalmente il personale affidato stimolando un clima organizzativo favorevole alla produttività  Capacità assegnare ruoli, responsabilità ed obiettivi secondo la competenza e la maturità professionale del personale  Capacità di definire programmi e flussi di lavoro, controllandone l’andamento  Capacità di valorizzare i propri collaboratori  Gestire le riunioni di lavoro finalizzandole all’obiettivo, alla crescita personale ed all’autonomia decisionale del personale Capacità di prevenire e mediare rispetto ad eventuali conflitti fra il personale  Capacità di predisporre piani di carriera ed azioni formative per lo sviluppo del personale  Capacità di valutare i risultati raggiunti rispetto agli obiettivi assegnati e concordare i necessari correttivi  Capacità di coordinare e di gestire con efficacia le riunioni di gruppo finalizzandole alla condivisione, alla crescita professionale ed alla autonomia decisionale e operativa dei collaboratori nell’ambito del loro ruolo  Capacità di distribuire equamente i compiti e i carichi di lavoro fra i collaboratori  Capacità di valutare in modo equo ed efficace le prestazioni dei propri collaboratori  Capacità di differenziare in maniera significativa le valutazioni dei collaboratori;  Capacità di individuare percorsi di sviluppo dei collaboratori ad alto potenziale
B19: ='Elenco P.O.'!C14 -> Assicurare un elevato standard degli atti amministrativi finalizzato a garantire la legittimità, regolarità e correttezza dell’azione amministrativa nonche di regolarità contabile degli atti mediante l'attuazione dei controlli cosi come previsto nel numero e con le modalità programmate nel regolamento sui controlli interni adottato dall'ente. | C19: Parametri di non conformità riscontrati nell’attività di controllo atti. Indicatore: N. di parametri non conformi/n. parametri controllati | E19: ='Elenco P.O.'!Z15+'Elenco P.O.'!Z16 -> 20 | F19: =(E19/E$27)*60 -> 12 | G19: =H19/100 -> 0 | I19: =IF($G19<=0.2,IF($G19>=0,"x",""),"") -> x | J19: =IF(G19<=0.5,IF(G19>=0.21,"x",""),"") | K19: =IF(G19<=0.7,IF(G19>=0.51,"x",""),"") | L19: =IF(G19<=0.9,IF(G19>=0.71,"x",""),"") | M19: =IF(G19<=1,IF(G19>0.9,"x",""),"") | BJ19: R - Rapporti con l’utenza | BK19: R -  Capacità di ascolto dei destinatari e di sviluppare orientamenti all’utente  Capacità di gestire i rapporti, anche contrattuali, con interlocutori esterni  Organizzazione e gestione dell’orario di servizio in relazione alle esigenza dell’utenza  Gestione del feedback (risposte) verso gli utenti esterni rispetto alla presa in carico delle loro richieste  Gestione delle richieste esterne in modo diretto o indiretto tramite il coordinamento dei propri collaboratori  Disponibilità ad incontrare l’utenza esterna, prendendone in carico le richieste coerenti col ruolo e la funzione ricoperti e instaurando relazioni corrette e positive  Disponibilità ad organizzare le informazioni circa il servizio erogato dalla propria struttura per orientare l’utenza esterna (es. segnaletica interna, volantini illustrativi, esposizione di orari di ricevimento  Disponibilità ad organizzare in modo comprensibile e fruibile le informazioni richieste o spontaneamente erogate  Capacità di riconoscere ed attivarsi in modo coerente e tempestivo per la soddisfazione del bisogno espresso dall’utenza, curando anche le fasi del feedback
B20: Informatizzazione | C20: Informatizzazione: Transizione Digitale e Decreto Semplificazioni – CAD: Servizi on line, App IO, SPID, PAGOPA. | E20: ='Elenco P.O.'!Z16+'Elenco P.O.'!Z17 -> 20 | F20: =(E20/E$27)*60 -> 12 | G20: =H20/100 -> 0 | I20: =IF($G20<=0.2,IF($G20>=0,"x",""),"") -> x | J20: =IF(G20<=0.5,IF(G20>=0.21,"x",""),"") | K20: =IF(G20<=0.7,IF(G20>=0.51,"x",""),"") | L20: =IF(G20<=0.9,IF(G20>=0.71,"x",""),"") | M20: =IF(G20<=1,IF(G20>0.9,"x",""),"") | BJ20: S - Gestione del tempo Lavoro | BK20: S -  Gestione efficace del tempo di lavoro rispetto agli obiettivi ricevuti  Supervisione dei propri collaboratori rispetto alla gestione del loro tempo di lavoro
F21: =(E21/E$27)*60 -> 0 | G21: =H21/100 -> 0 | I21: =IF($G21<=0.2,IF($G21>=0,"x",""),"") -> x | J21: =IF(G21<=0.5,IF(G21>=0.21,"x",""),"") | K21: =IF(G21<=0.7,IF(G21>=0.51,"x",""),"") | L21: =IF(G21<=0.9,IF(G21>=0.71,"x",""),"") | M21: =IF(G21<=1,IF(G21>0.9,"x",""),"") | P21: =IF(H19>76<100,1,"") | BJ21: T - Utilizzo della dotazione Tecnologica | BK21: T -  Individuare e reperire la strumentazione tecnologica necessaria agli obiettivi e ai processi di lavoro dell’ organizzazione Predisporre la manutenzione e l’aggiornamento della strumentazione in relazione a mutamenti intervenuti su obiettivi e processi di lavoro  Autonomia nel utilizzo diretto della strumentazione tecnologica
F22: =(E22/E$27)*60 -> 0 | G22: =H22/100 -> 0 | I22: =IF($G22<=0.2,IF($G22>=0,"x",""),"") -> x | J22: =IF(G22<=0.5,IF(G22>=0.21,"x",""),"") | K22: =IF(G22<=0.7,IF(G22>=0.51,"x",""),"") | L22: =IF(G22<=0.9,IF(G22>=0.71,"x",""),"") | M22: =IF(G22<=1,IF(G22>0.9,"x",""),"")
F23: =(E23/E$27)*60 -> 0 | G23: =H23/100 -> 0 | I23: =IF($G23<=0.2,IF($G23>=0,"x",""),"") -> x | J23: =IF(G23<=0.5,IF(G23>=0.21,"x",""),"") | K23: =IF(G23<=0.7,IF(G23>=0.51,"x",""),"") | L23: =IF(G23<=0.9,IF(G23>=0.71,"x",""),"") | M23: =IF(G23<=1,IF(G23>0.9,"x",""),"")
F24: =(E24/E$27)*60 -> 0 | G24: =H24/100 -> 0 | I24: =IF($G24<=0.2,IF($G24>=0,"x",""),"") -> x | J24: =IF(G24<=0.5,IF(G24>=0.21,"x",""),"") | K24: =IF(G24<=0.7,IF(G24>=0.51,"x",""),"") | L24: =IF(G24<=0.9,IF(G24>=0.71,"x",""),"") | M24: =IF(G24<=1,IF(G24>0.9,"x",""),"")
F25: =(E25/E$27)*60 -> 0 | G25: =H25/100 -> 0 | I25: =IF($G25<=0.2,IF($G25>=0,"x",""),"") -> x | J25: =IF(G25<=0.5,IF(G25>=0.21,"x",""),"") | K25: =IF(G25<=0.7,IF(G25>=0.51,"x",""),"") | L25: =IF(G25<=0.9,IF(G25>=0.71,"x",""),"") | M25: =IF(G25<=1,IF(G25>0.9,"x",""),"")
B26: Totale Peso Obiettivi di Performance Organizzativa | E26: Assoluto | F26: Peso Relativo | I26: Valutazione | N26: ESITO
E27: =SUM(E16:E25) -> 100 | F27: =SUM(F16:F25) -> 60 | J27: =IF(J16="x",G16*F16)++IF(J17="x",G17*F17)+IF(J18="x",G18*F18)+IF(J19="x",G19*F19)+IF(J20="x",G20*F20)+IF(J21="x",G21*F21)+IF(J22="x",G22*F22)+IF(J23="x",G23*F23)+IF(J24="x",G24*F24)+IF(J25="x",G25*F25) -> 0 | K27: =IF(K16="x",G16*F16)+IF(K17="x",G17*F17)+IF(K18="x",G18*F18)+IF(K19="x",G19*F19)+IF(K20="x",G20*F20)+IF(K21="x",G21*F21)+IF(K22="x",G22*F22)+IF(K23="x",G23*F23)+IF(K24="x",G24*F24)+IF(K25="x",G25*F25) -> 0 | L27: =IF(L16="x",G16*F16)+IF(L17="x",G17*F17)+IF(L18="x",G18*F18)+IF(L19="x",G19*F19)+IF(L20="x",G20*F20)+IF(L21="x",G21*F21)+IF(L22="x",G22*F22)+IF(L23="x",G23*F23)+IF(L24="x",G24*F24)+IF(L25="x",G25*F25) -> 0 | M27: =IF(M16="x",G16*F16)+IF(M17="x",G17*F17)+IF(M18="x",G18*F18)+IF(M19="x",G19*F19)+IF(M20="x",G20*F20)+IF(M21="x",G21*F21)+IF(M22="x",G22*F22)+IF(M23="x",G23*F23)+IF(M24="x",G24*F24)+IF(M25="x",G25*F25) -> 0 | N27: =SUM(J27:M27) -> 0
B29: OBIETTIVI SPECIFICI DI PERFORMANCE INDIVIDUALE | E29: =E12 -> Peso Assoluto Obiettivo | F29: =F12 -> Peso % Obiettivo | G29: =G12 -> Fornule | H29: =H12 -> Risultato (%) | I29: 1 | J29: 2 | K29: 3 | L29: 4 | M29: 5 | N29: =N12 -> NOTE
I30: 0% ÷ 20% | J30: 21% ÷ 50% | K30: 51% ÷ 70% | L30: 71%÷90% | M30: 91% ÷100%
B31: Obiettivo di Performance | C31: Performance attesa | D31: Indicatori | I31: Non Avviato | J31: Avviato | K31: Perseguito | L31: Parzialmente Raggiunto | M31: Pienamente Raggiunto
B32: ='Elenco P.I.'!B11 -> Garantire il controllo effettivo da parte della stazione appaltante sull’esecuzione delle prestazioni | C32: ='Elenco P.I.'!C11 -> Predisposizione preventiva delle modalità organizzative e gestionali attraverso le quali garantire il controllo effettivo da parte della stazione appaltante sull’esecuzione delle prestazioni, programmando accessi diretti sul luogo dell’esecuzione stessa, nonché verifiche, anche a sorpresa, sull’effettiva ottemperanza a tutte le misure previste nel capitolato d'appalto. Il responsabile avvrà cura di presentare all'atto della valutazione finale e/o intermedia il documento di programmazione, corredato dalla successiva relazione su quanto effettivamente effettuato in allegato al presente obiettivo. | E32: ='Elenco P.I.'!T11 -> 6 | F32: =(E32/E$82)*40 -> 2.0689655 | G32: =H32/100 -> 0 | I32: =IF($G32<=0.2,IF($G32>=0,"x",""),"") -> x | J32: =IF(G32<=0.5,IF(G32>=0.21,"x",""),"") | K32: =IF(G32<=0.7,IF(G32>=0.51,"x",""),"") | L32: =IF(G32<=0.9,IF(G32>=0.71,"x",""),"") | M32: =IF(G32<=1,IF(G32>0.9,"x",""),"")
B33: ='Elenco P.I.'!B12 -> Gestione Programma OO.PP. | C33: ='Elenco P.I.'!C12 -> 1. Ricognizione dello stato delle OOPP in essere, con indicazione del cronoprogramma dei lavori, tipologia di affidamento e segnalazione di eventuali criticità; | E33: 10 | F33: =(E33/E$82)*40 -> 3.4482759 | G33: =H33/100 -> 0 | I33: =IF($G33<=0.2,IF($G33>=0,"x",""),"") -> x | J33: =IF(G33<=0.5,IF(G33>=0.21,"x",""),"") | K33: =IF(G33<=0.7,IF(G33>=0.51,"x",""),"") | L33: =IF(G33<=0.9,IF(G33>=0.71,"x",""),"") | M33: =IF(G33<=1,IF(G33>0.9,"x",""),"")
B34: ='Elenco P.I.'!B13 -> Gestione Efficiente del Patrimonio | C34: ='Elenco P.I.'!C13 -> 3. Mantenere in perfetta sicurezza ed efficacia il patrimonio esistente: Assicurare la manutenzione straordinaria con una programmazione anche preventiva rispetto a quella interventiva del patrimonio esistente. Predisposizione di un piano di manutenzione straordinaria degli immobili comunali; | E34: 10 | F34: =(E34/E$82)*40 -> 3.4482759 | G34: =H34/100 -> 0 | I34: =IF($G34<=0.2,IF($G34>=0,"x",""),"") -> x | J34: =IF(G34<=0.5,IF(G34>=0.21,"x",""),"") | K34: =IF(G34<=0.7,IF(G34>=0.51,"x",""),"") | L34: =IF(G34<=0.9,IF(G34>=0.71,"x",""),"") | M34: =IF(G34<=1,IF(G34>0.9,"x",""),"")
B35: ='Elenco P.I.'!B14 -> 0 | C35: ='Elenco P.I.'!C14 -> 0 | F35: =(E35/E$82)*40 -> 0 | G35: =H35/100 -> 0 | I35: =IF($G35<=0.2,IF($G35>=0,"x",""),"") -> x | J35: =IF(G35<=0.5,IF(G35>=0.21,"x",""),"") | K35: =IF(G35<=0.7,IF(G35>=0.51,"x",""),"") | L35: =IF(G35<=0.9,IF(G35>=0.71,"x",""),"") | M35: =IF(G35<=1,IF(G35>0.9,"x",""),"")
F36: =(E36/E$82)*40 -> 0 | G36: =H36/100 -> 0 | I36: =IF($G36<=0.2,IF($G36>=0,"x",""),"") -> x | J36: =IF(G36<=0.5,IF(G36>=0.21,"x",""),"") | K36: =IF(G36<=0.7,IF(G36>=0.51,"x",""),"") | L36: =IF(G36<=0.9,IF(G36>=0.71,"x",""),"") | M36: =IF(G36<=1,IF(G36>0.9,"x",""),"")
F37: =(E37/E$82)*40 -> 0 | G37: =H37/100 -> 0 | I37: =IF($G37<=0.2,IF($G37>=0,"x",""),"") -> x | J37: =IF(G37<=0.5,IF(G37>=0.21,"x",""),"") | K37: =IF(G37<=0.7,IF(G37>=0.51,"x",""),"") | L37: =IF(G37<=0.9,IF(G37>=0.71,"x",""),"") | M37: =IF(G37<=1,IF(G37>0.9,"x",""),"")
F38: =(E38/E$82)*40 -> 0 | G38: =H38/100 -> 0 | I38: =IF($G38<=0.2,IF($G38>=0,"x",""),"") -> x | J38: =IF(G38<=0.5,IF(G38>=0.21,"x",""),"") | K38: =IF(G38<=0.7,IF(G38>=0.51,"x",""),"") | L38: =IF(G38<=0.9,IF(G38>=0.71,"x",""),"") | M38: =IF(G38<=1,IF(G38>0.9,"x",""),"")
F39: =(E39/E$82)*40 -> 0 | G39: =H39/100 -> 0 | I39: =IF($G39<=0.2,IF($G39>=0,"x",""),"") -> x | J39: =IF(G39<=0.5,IF(G39>=0.21,"x",""),"") | K39: =IF(G39<=0.7,IF(G39>=0.51,"x",""),"") | L39: =IF(G39<=0.9,IF(G39>=0.71,"x",""),"") | M39: =IF(G39<=1,IF(G39>0.9,"x",""),"")
F40: =(E40/E$82)*40 -> 0 | G40: =H40/100 -> 0 | I40: =IF($G40<=0.2,IF($G40>=0,"x",""),"") -> x | J40: =IF(G40<=0.5,IF(G40>=0.21,"x",""),"") | K40: =IF(G40<=0.7,IF(G40>=0.51,"x",""),"") | L40: =IF(G40<=0.9,IF(G40>=0.71,"x",""),"") | M40: =IF(G40<=1,IF(G40>0.9,"x",""),"")
F41: =(E41/E$82)*40 -> 0 | G41: =H41/100 -> 0 | I41: =IF($G41<=0.2,IF($G41>=0,"x",""),"") -> x | J41: =IF(G41<=0.5,IF(G41>=0.21,"x",""),"") | K41: =IF(G41<=0.7,IF(G41>=0.51,"x",""),"") | L41: =IF(G41<=0.9,IF(G41>=0.71,"x",""),"") | M41: =IF(G41<=1,IF(G41>0.9,"x",""),"")
F42: =(E42/E$82)*40 -> 0 | G42: =H42/100 -> 0 | I42: =IF($G42<=0.2,IF($G42>=0,"x",""),"") -> x | J42: =IF(G42<=0.5,IF(G42>=0.21,"x",""),"") | K42: =IF(G42<=0.7,IF(G42>=0.51,"x",""),"") | L42: =IF(G42<=0.9,IF(G42>=0.71,"x",""),"") | M42: =IF(G42<=1,IF(G42>0.9,"x",""),"")
F43: =(E43/E$82)*40 -> 0 | G43: =H43/100 -> 0 | I43: =IF($G43<=0.2,IF($G43>=0,"x",""),"") -> x | J43: =IF(G43<=0.5,IF(G43>=0.21,"x",""),"") | K43: =IF(G43<=0.7,IF(G43>=0.51,"x",""),"") | L43: =IF(G43<=0.9,IF(G43>=0.71,"x",""),"") | M43: =IF(G43<=1,IF(G43>0.9,"x",""),"")
F44: =(E44/E$82)*40 -> 0 | G44: =H44/100 -> 0 | I44: =IF($G44<=0.2,IF($G44>=0,"x",""),"") -> x | J44: =IF(G44<=0.5,IF(G44>=0.21,"x",""),"") | K44: =IF(G44<=0.7,IF(G44>=0.51,"x",""),"") | L44: =IF(G44<=0.9,IF(G44>=0.71,"x",""),"") | M44: =IF(G44<=1,IF(G44>0.9,"x",""),"")
F45: =(E45/E$82)*40 -> 0 | G45: =H45/100 -> 0 | I45: =IF($G45<=0.2,IF($G45>=0,"x",""),"") -> x | J45: =IF(G45<=0.5,IF(G45>=0.21,"x",""),"") | K45: =IF(G45<=0.7,IF(G45>=0.51,"x",""),"") | L45: =IF(G45<=0.9,IF(G45>=0.71,"x",""),"") | M45: =IF(G45<=1,IF(G45>0.9,"x",""),"")
F46: =(E46/E$82)*40 -> 0 | G46: =H46/100 -> 0 | I46: =IF($G46<=0.2,IF($G46>=0,"x",""),"") -> x | J46: =IF(G46<=0.5,IF(G46>=0.21,"x",""),"") | K46: =IF(G46<=0.7,IF(G46>=0.51,"x",""),"") | L46: =IF(G46<=0.9,IF(G46>=0.71,"x",""),"") | M46: =IF(G46<=1,IF(G46>0.9,"x",""),"")
F47: =(E47/E$82)*40 -> 0 | G47: =H47/100 -> 0 | I47: =IF($G47<=0.2,IF($G47>=0,"x",""),"") -> x | J47: =IF(G47<=0.5,IF(G47>=0.21,"x",""),"") | K47: =IF(G47<=0.7,IF(G47>=0.51,"x",""),"") | L47: =IF(G47<=0.9,IF(G47>=0.71,"x",""),"") | M47: =IF(G47<=1,IF(G47>0.9,"x",""),"")
... F50: =(E50/E$82)*40 -> 0 | G50: =H50/100 -> 0 | I50: =IF($G50<=0.2,IF($G50>=0,"x",""),"") -> x | J50: =IF(G50<=0.5,IF(G50>=0.21,"x",""),"") | K50: =IF(G50<=0.7,IF(G50>=0.51,"x",""),"") | L50: =IF(G50<=0.9,IF(G50>=0.71,"x",""),"") | M50: =IF(G50<=1,IF(G50>0.9,"x",""),"")
B51: ='Elenco P.I.'!B30 -> 0 | C51: ='Elenco P.I.'!C30 -> 0 | E51: ='Elenco P.I.'!T30 -> 0 | F51: =(E51/E$82)*40 -> 0 | G51: =H51/100 -> 0 | I51: =IF($G51<=0.2,IF($G51>=0,"x",""),"") -> x | J51: =IF(G51<=0.5,IF(G51>=0.21,"x",""),"") | K51: =IF(G51<=0.7,IF(G51>=0.51,"x",""),"") | L51: =IF(G51<=0.9,IF(G51>=0.71,"x",""),"") | M51: =IF(G51<=1,IF(G51>0.9,"x",""),"")
B52: ='Elenco P.I.'!B31 -> 0 | C52: ='Elenco P.I.'!C31 -> 0 | E52: ='Elenco P.I.'!T31 -> 0 | F52: =(E52/E$82)*40 -> 0 | G52: =H52/100 -> 0 | I52: =IF($G52<=0.2,IF($G52>=0,"x",""),"") -> x | J52: =IF(G52<=0.5,IF(G52>=0.21,"x",""),"") | K52: =IF(G52<=0.7,IF(G52>=0.51,"x",""),"") | L52: =IF(G52<=0.9,IF(G52>=0.71,"x",""),"") | M52: =IF(G52<=1,IF(G52>0.9,"x",""),"")
B53: ='Elenco P.I.'!B32 -> 0 | C53: ='Elenco P.I.'!C32 -> 0 | E53: ='Elenco P.I.'!T32 -> 0 | F53: =(E53/E$82)*40 -> 0 | G53: =H53/100 -> 0 | I53: =IF($G53<=0.2,IF($G53>=0,"x",""),"") -> x | J53: =IF(G53<=0.5,IF(G53>=0.21,"x",""),"") | K53: =IF(G53<=0.7,IF(G53>=0.51,"x",""),"") | L53: =IF(G53<=0.9,IF(G53>=0.71,"x",""),"") | M53: =IF(G53<=1,IF(G53>0.9,"x",""),"")
B54: ='Elenco P.I.'!B33 -> 0 | C54: ='Elenco P.I.'!C33 -> 0 | E54: ='Elenco P.I.'!T33 -> 0 | F54: =(E54/E$82)*40 -> 0 | G54: =H54/100 -> 0 | I54: =IF($G54<=0.2,IF($G54>=0,"x",""),"") -> x | J54: =IF(G54<=0.5,IF(G54>=0.21,"x",""),"") | K54: =IF(G54<=0.7,IF(G54>=0.51,"x",""),"") | L54: =IF(G54<=0.9,IF(G54>=0.71,"x",""),"") | M54: =IF(G54<=1,IF(G54>0.9,"x",""),"")
B55: ='Elenco P.I.'!B34 -> 0 | C55: ='Elenco P.I.'!C34 -> 0 | E55: ='Elenco P.I.'!T34 -> 0 | F55: =(E55/E$82)*40 -> 0 | G55: =H55/100 -> 0 | I55: =IF($G55<=0.2,IF($G55>=0,"x",""),"") -> x | J55: =IF(G55<=0.5,IF(G55>=0.21,"x",""),"") | K55: =IF(G55<=0.7,IF(G55>=0.51,"x",""),"") | L55: =IF(G55<=0.9,IF(G55>=0.71,"x",""),"") | M55: =IF(G55<=1,IF(G55>0.9,"x",""),"")
B56: Totale Peso Obiettivi specifici di Performance Individuale | E56: Assoluto | F56: Peso Relativo | I56: Valutazione | N56: ESITO
E57: =SUM(E30:E56) -> 26 | F57: =SUM(F32:F38) -> 8.9655172 | J57: =IF(J32="x",G32*F32)+IF(J33="x",G33*F33)+IF(J34="x",G34*F34)+IF(J35="x",G35*F35)+IF(J36="x",G36*F36)+IF(J37="x",G37*F37)+IF(J38="x",G38*F38)+IF(J39="x",G39*F39)+IF(J40="x",G40*F40)+IF(J41="x",G41*F41)+IF(J42="x",G42*F42)+IF(J43="x",G43*F43)+IF(J44="x",G44*F44)+IF(J45="x",G45*F45)+IF(J46="x",G46*F46)+IF(J47="x",G47*F47)+IF(J48="x",G48*F48)+IF(J49="x",G49*F49)+IF(J50="x",G50*F50)+IF(J51="x",G51*F51)+IF(J52="x",G52*F52)+IF(J53="x",G53*F53)+IF(J54="x",G54*F54)+IF(J55="x",G55*F55) -> 0 | K57: =IF(K32="x",H32*G32)+IF(K33="x",H33*G33)+IF(K34="x",H34*G34)+IF(K35="x",H35*G35)+IF(K36="x",H36*G36)+IF(K37="x",H37*G37)+IF(K38="x",H38*G38)+IF(K39="x",H39*G39)+IF(K40="x",H40*G40)+IF(K41="x",H41*G41)+IF(K42="x",H42*G42)+IF(K43="x",H43*G43)+IF(K44="x",H44*G44)+IF(K45="x",H45*G45)+IF(K46="x",H46*G46)+IF(K47="x",H47*G47)+IF(K48="x",H48*G48)+IF(K49="x",H49*G49)+IF(K50="x",H50*G50)+IF(K51="x",H51*G51)+IF(K52="x",H52*G52)+IF(K53="x",H53*G53)+IF(K54="x",H54*G54)+IF(K55="x",H55*G55) -> 0 | L57: =IF(L32="x",I32*H32)+IF(L33="x",I33*H33)+IF(L34="x",I34*H34)+IF(L35="x",I35*H35)+IF(L36="x",I36*H36)+IF(L37="x",I37*H37)+IF(L38="x",I38*H38)+IF(L39="x",I39*H39)+IF(L40="x",I40*H40)+IF(L41="x",I41*H41)+IF(L42="x",I42*H42)+IF(L43="x",I43*H43)+IF(L44="x",I44*H44)+IF(L45="x",I45*H45)+IF(L46="x",I46*H46)+IF(L47="x",I47*H47)+IF(L48="x",I48*H48)+IF(L49="x",I49*H49)+IF(L50="x",I50*H50)+IF(L51="x",I51*H51)+IF(L52="x",I52*H52)+IF(L53="x",I53*H53)+IF(L54="x",I54*H54)+IF(L55="x",I55*H55) -> 0 | M57: =IF(M32="x",J32*I32)+IF(M33="x",J33*I33)+IF(M34="x",J34*I34)+IF(M35="x",J35*I35)+IF(M36="x",J36*I36)+IF(M37="x",J37*I37)+IF(M38="x",J38*I38)+IF(M39="x",J39*I39)+IF(M40="x",J40*I40)+IF(M41="x",J41*I41)+IF(M42="x",J42*I42)+IF(M43="x",J43*I43)+IF(M44="x",J44*I44)+IF(M45="x",J45*I45)+IF(M46="x",J46*I46)+IF(M47="x",J47*I47)+IF(M48="x",J48*I48)+IF(M49="x",J49*I49)+IF(M50="x",J50*I50)+IF(M51="x",J51*I51)+IF(M52="x",J52*I52)+IF(M53="x",J53*I53)+IF(M54="x",J54*I54)+IF(M55="x",J55*I55) -> 0 | N57: =SUM(J57:M57) -> 0
B58: COMPORTAMENTI PROFESSIONALI | E58: Peso assoluto | F58: Peso % | G58: Formule | H58: Valori Rilevati (%) | I58: Valutazione del comportamento - Valori rilevati
I59: 1 | J59: 2 | K59: 3 | L59: 4 | M59: 5 | N59: =N29 -> NOTE
I60: 0% ÷ 20% | J60: 21% ÷ 50% | K60: 51% ÷ 70% | L60: 71%÷90% | M60: 91% ÷100%
B61: Comportamenti Professionali | C61: Oggetto della misurazione | D61: Esito valutazione | I61: Inadeguato | J61: Non soddisfacente | K61: Migliorabile | L61: Buono | M61: Eccellente
B62: =Comp.!A7 -> Capacità di gestire efficacemente le risorse umane.:Capacità di guidare, coinvolgere e motivare le persone in maniera efficace, per il raggiungimento degli obiettivi assegnati, consi derandoli come valore e risorsa in sé, ottenendo il meglio da ciascuno di loro. Capacità di delegare obiettivi e attività. | C62: =Comp.!B7 -> Il Responsabile: Coinvolge il gruppo di lavoro, promuove la comunicazione, la collaborazione e la partecipazione. Adotta azioni volte ad implementare le competenze professionali dei dipendenti. Valorizza il personale dipendente favorendo l’autonomia e delegando responsabilità. | E62: 10 | F62: =(E62/E$82)*40 -> 3.4482759 | G62: =H62/100 -> 0 | I62: =IF($G62<=0.1,IF($G62>=0,"x",""),"") -> x | J62: =IF(G62<=0.25,IF(G62>=0.11,"x",""),"") | K62: =IF(G62<=0.5,IF(G62>0.25,"x",""),"") | L62: =IF(G62<=0.75,IF(G62>=0.51,"x",""),"") | M62: =IF(G62<=1,IF(G62>0.75,"x",""),"")
B63: =Comp.!A8 -> Relazione, integrazione, comunicazione:Capacità di relazionarsi nel gruppo di lavoro e con i colleghi, partecipazione alla vita organizzativa, collabora zione ed integrazione nei processi di servizio | C63: =Comp.!B8 -> Il Responsabile: Intraprende relazioni collaborative e partecipative con colleghi ed amministratori. Possiede una visione d’insieme del proprio lavoro, della propria struttura, dei processi e delle persone. Partecipa attivamente alla vita organizza tiva con atteggiamento propositivo, condividendo informazioni ed esperienze nel lavoro in team. Adotta modalità di ascolto attivo e comunicazione chiara ed empatica con gli interlocutori, gestendo il feedback e l’orientamento all’utente. Propone soluzioni innovative per la gestione di conflitti. Non si spazientisce e non assume atteggiamenti aggressivi. Si relaziona agli altri con rispetto e correttezza e manifesta con il proprio comportamento il rispetto verso le altre persone. Favorisce momenti di confronto collettivi all’interno del gruppo di lavoro. Instaura relazioni professionali efficaci e collaborative all’interno e all’esterno dell’ente. | E63: 10 | F63: =(E63/E$82)*40 -> 3.4482759 | G63: =H63/100 -> 0 | I63: =IF($G63<=0.1,IF($G63>=0,"x",""),"") -> x | J63: =IF(G63<=0.25,IF(G63>=0.11,"x",""),"") | K63: =IF(G63<=0.5,IF(G63>0.25,"x",""),"") | L63: =IF(G63<=0.75,IF(G63>=0.51,"x",""),"") | M63: =IF(G63<=1,IF(G63>0.75,"x",""),"")
B64: =Comp.!A9 -> Orientamento alla qualità dei servizi:Capacità di mettere in atto comportamenti di lavoro e decisioni finalizzate alla efficienza dei processi e alla qualità dei prodotti/servizi finali. Capacità di effettuare regolarmente verifiche sul lavoro (proprio o altrui) per prevenire errori e per garantire il rispetto di un buon livello dei risultati finali. | C64: =Comp.!B9 -> Il Responsabile: Monitora i tempi e le scadenze da rispettare, organizzando le attività in funzione dell’obiettivo da raggiungere; • garantisce la qualità e l’accuratezza del proprio lavoro predisponendo livelli di qualità coerenti con lo standard dell’organizzazione; • individua gli errori, ne comprende le cause e attiva azioni correttive condivise; • introduce frequentemente criteri e momenti di monitoraggio e verifica; • valuta il processo e il risultato, per individuarne gli errori da cui imparare, le azioni e i ragionamenti positivi da valorizzare e standardizzare; • opera con costanza e precisione nell’esecuzione del proprio lavoro e degli output prodotti. | E64: 10 | F64: =(E64/E$82)*40 -> 3.4482759 | G64: =H64/100 -> 0 | I64: =IF($G64<=0.2,IF($G64>=0,"x",""),"") -> x | J64: =IF(G64<=0.5,IF(G64>=0.21,"x",""),"") | K64: =IF(G64<=0.7,IF(G64>=0.51,"x",""),"") | L64: =IF(G64<=0.9,IF(G64>=0.71,"x",""),"") | M64: =IF(G64<=1,IF(G64>0.9,"x",""),"")
B65: =Comp.!A10 -> Integrazione con gli amministratori su obiettivi assegnati. Capacità di tradurre in azioni concrete i piani e i programmi della politica. | C65: =Comp.!B10 -> Il Responsabile: Garantisce efficace assistenza agli organi di governo. Adatta il proprio tempo lavoro al perseguimento degli obiettivi strategici concordati con la politica e di quelli gestionali concordati con la struttura accogliendo le prioritarie esigenze dell’ente. Presta attenzione alle necessità delle altre aree in particolare quando (formalmente e informalmente) coinvolte in processi lavorativi trasversali rispetto alla propria. | E65: 10 | F65: =(E65/E$82)*40 -> 3.4482759 | G65: =H65/100 -> 0 | I65: =IF($G65<=0.2,IF($G65>=0,"x",""),"") -> x | J65: =IF(G65<=0.5,IF(G65>=0.21,"x",""),"") | K65: =IF(G65<=0.7,IF(G65>0.51,"x",""),"") | L65: =IF(G65<=0.9,IF(G65>=0.71,"x",""),"") | M65: =IF(G65<=1,IF(G65>0.9,"x",""),"")
B66: =Comp.!A11 -> Analisi e soluzione dei problemi. Capacità di individuare e comprendere gli aspetti essenziali dei problemi, proporre soluzioni e verificarne gli esiti. | C66: =Comp.!B11 -> Il Responsabile: Individua le caratteristiche (variabili o costanti) dei problemi, e le ipotesi di risoluzione degli stessi rispetto alle cause. Verifica l’efficacia della soluzione trovata. Individua momenti di difficoltà e fornisce contributi concreti per il loro superamento; Comprende le divergenze e previene gli effetti del conflitto; | E66: 10 | F66: =(E66/E$82)*40 -> 3.4482759 | G66: =H66/100 -> 0 | I66: =IF($G66<=0.2,IF($G66>=0,"x",""),"") -> x | J66: =IF(G66<=0.5,IF(G66>=0.21,"x",""),"") | K66: =IF(G66<=0.7,IF(G66>0.51,"x",""),"") | L66: =IF(G66<=0.9,IF(G66>=0.71,"x",""),"") | M66: =IF(G66<=1,IF(G66>0.9,"x",""),"")
B67: =Comp.!A12 -> Rapporti con l’utenza:Capacità di cogliere le esigenze dei clienti interni ed esterni orientando costantemente la propria attività al soddisfacimento delle loro esigenze, coerentemente con l’ organizzazione dei servizi. | C67: =Comp.!B12 -> Il Responsabile: Adotta una modalità di ascolto attivo e garantisce adeguata accoglienza dell’utenza; Organizza e gestisce l’orario di servizio in relazione alle esigenze dell’utenza. Gestisce il feedback. Presidia sull’ adeguata gestione dei rapporti con l’utenza da parte dei propri collaboratori. nformazioni circa il servizio erogato dalla propria struttura per orientare l’utenza esterna (es. segnaletica interna, accessibilità, portali on line per il cittadino). Si attiva in modo coerente e tempestivo per la soddisfazione del bisogno espresso dall’utenza. | E67: 10 | F67: =(E67/E$82)*40 -> 3.4482759 | G67: =H67/100 -> 0 | I67: =IF($G67<=0.2,IF($G67>=0,"x",""),"") -> x | J67: =IF(G67<=0.5,IF(G67>=0.21,"x",""),"") | K67: =IF(G67<=0.7,IF(G67>=0.51,"x",""),"") | L67: =IF(G67<=0.9,IF(G67>=0.71,"x",""),"") | M67: =IF(G67<=1,IF(G67>0.9,"x",""),"")
B68: =Comp.!A13 -> Orientamento al risultato: Capacità di lavorare per il perseguimento di obiettivi, anche attraverso la autodeter minazione degli stessi, definendo livelli di prestazione sfidanti. Applica zione costante al raggiungimento dei risultati di competenza. Capacità di essere efficace finalizzando con continuità le proprie e altrui attività al conseguimento dei risultati | C68: =Comp.!B13 -> Il Responsabile: Persevera nel raggiungimento del risultato e non si scoraggia di fronte ad errori e ad insuccessi; individua e ricerca tutte le strategie per conseguire il risultato; riconosce le priorità e le urgenze nella prospettiva di raggiungere il risultato; coinvolge e guida il gruppo verso il risultato da raggiungere; agisce coerentemente agli impegni presi, influenzando attivamente e positivamente gli eventi; sollecita o promuove la collaborazione con gli altri Responsabili coinvolti nel proprio obiettivo; | E68: 10 | F68: =(E68/E$82)*40 -> 3.4482759 | G68: =H68/100 -> 0 | I68: =IF($G68<=0.2,IF($G68>=0,"x",""),"") -> x | J68: =IF(G68<=0.5,IF(G68>=0.21,"x",""),"") | K68: =IF(G68<=0.7,IF(G68>=0.51,"x",""),"") | L68: =IF(G68<=0.9,IF(G68>=0.71,"x",""),"") | M68: =IF(G68<=1,IF(G68>0.9,"x",""),"")
B69: =Comp.!A14 -> Iniziativa: Capacità di attivarsi in modo autonomo nell'ambito delle proprie responsabilità e dei propri compiti, senza attendere indicazioni dagli altri e senza subire gli eventi. | C69: =Comp.!B14 -> Il Responsabile: Reagisce attivamente nelle situazioni, anche in situazioni eccezionali e/o di crisi, individuando i margini di azione e di miglioramento; Presidia tutti gli ambiti di discrezionalità consentiti dal ruolo, assumendosi le proprie responsabilità; • cerca stimoli, occasioni di miglioramento e perfezionamento del proprio lavoro e della propria organizzazione; • propone spontaneamente idee, osservazioni, interpretazioni, soluzioni; • chiede chiarimenti e pone domande per comprendere la realtà organizzativa e gli avvenimenti; • anticipa e gestisce situazioni ed eventi; • interviene in prima persona, senza la sollecitazione di altri, su quanto causa perdite di tempo e di risorse; • affronta con passione ed energia l’attività lavorativa. | E69: 10 | F69: =(E69/E$82)*40 -> 3.4482759 | G69: =H69/100 -> 0 | I69: =IF($G69<=0.2,IF($G69>=0,"x",""),"") -> x | J69: =IF(G69<=0.5,IF(G69>=0.21,"x",""),"") | K69: =IF(G69<=0.7,IF(G69>=0.51,"x",""),"") | L69: =IF(G69<=0.9,IF(G69>=0.71,"x",""),"") | M69: =IF(G69<=1,IF(G69>0.9,"x",""),"")
B70: =IF([2]Comportamenti!C13="x",[2]Comportamenti!A13,0) -> #REF! | F70: =(E70/E$82)*40 -> 0 | G70: =H70/100 -> 1 | H70: 100 | I70: =IF($G70<=0.2,IF($G70>=0,"x",""),"") | J70: =IF(G70<=0.5,IF(G70>=0.21,"x",""),"") | K70: =IF(G70<=0.7,IF(G70>=0.51,"x",""),"") | L70: =IF(G70<=0.9,IF(G70>=0.71,"x",""),"") | M70: =IF(G70<=1,IF(G70>0.9,"x",""),"") -> x
F71: =(E71/E$82)*40 -> 0 | G71: =H71/100 -> 1 | H71: 100 | I71: =IF($G71<=0.2,IF($G71>=0,"x",""),"") | J71: =IF(G71<=0.5,IF(G71>=0.21,"x",""),"") | K71: =IF(G71<=0.7,IF(G71>=0.51,"x",""),"") | L71: =IF(G71<=0.9,IF(G71>=0.71,"x",""),"") | M71: =IF(G71<=1,IF(G71>0.9,"x",""),"") -> x
F72: =(E72/E$82)*40 -> 0 | G72: =H72/100 -> 1 | H72: 100 | I72: =IF($G72<=0.2,IF($G72>=0,"x",""),"") | J72: =IF(G72<=0.5,IF(G72>=0.21,"x",""),"") | K72: =IF(G72<=0.7,IF(G72>=0.51,"x",""),"") | L72: =IF(G72<=0.9,IF(G72>=0.71,"x",""),"") | M72: =IF(G72<=1,IF(G72>0.9,"x",""),"") -> x
F73: =(E73/E$82)*40 -> 0 | G73: =H73/100 -> 1 | H73: 100 | I73: =IF($G73<=0.2,IF($G73>=0,"x",""),"") | J73: =IF(G73<=0.5,IF(G73>=0.21,"x",""),"") | K73: =IF(G73<=0.7,IF(G73>=0.51,"x",""),"") | L73: =IF(G73<=0.9,IF(G73>=0.71,"x",""),"") | M73: =IF(G73<=1,IF(G73>0.9,"x",""),"") -> x
F74: =(E74/E$82)*40 -> 0 | G74: =H74/100 -> 1 | H74: 100 | I74: =IF($G74<=0.2,IF($G74>=0,"x",""),"") | J74: =IF(G74<=0.5,IF(G74>=0.21,"x",""),"") | K74: =IF(G74<=0.7,IF(G74>=0.51,"x",""),"") | L74: =IF(G74<=0.9,IF(G74>=0.71,"x",""),"") | M74: =IF(G74<=1,IF(G74>0.9,"x",""),"") -> x
F75: =(E75/E$82)*40 -> 0 | G75: =H75/100 -> 1 | H75: 100 | I75: =IF($G75<=0.2,IF($G75>=0,"x",""),"") | J75: =IF(G75<=0.5,IF(G75>=0.21,"x",""),"") | K75: =IF(G75<=0.7,IF(G75>=0.51,"x",""),"") | L75: =IF(G75<=0.9,IF(G75>=0.71,"x",""),"") | M75: =IF(G75<=1,IF(G75>0.9,"x",""),"") -> x
F76: =(E76/E$82)*40 -> 0 | G76: =H76/100 -> 1 | H76: 100 | I76: =IF($G76<=0.2,IF($G76>=0,"x",""),"") | J76: =IF(G76<=0.5,IF(G76>=0.21,"x",""),"") | K76: =IF(G76<=0.7,IF(G76>=0.51,"x",""),"") | L76: =IF(G76<=0.9,IF(G76>=0.71,"x",""),"") | M76: =IF(G76<=1,IF(G76>0.9,"x",""),"") -> x
F77: =(E77/E$82)*40 -> 0 | G77: =H77/100 -> 1 | H77: 100 | I77: =IF($G77<=0.2,IF($G77>=0,"x",""),"") | J77: =IF(G77<=0.5,IF(G77>=0.21,"x",""),"") | K77: =IF(G77<=0.7,IF(G77>=0.51,"x",""),"") | L77: =IF(G77<=0.9,IF(G77>=0.71,"x",""),"") | M77: =IF(G77<=1,IF(G77>0.9,"x",""),"") -> x
F78: =(E78/E$82)*40 -> 0 | G78: =H78/100 -> 1 | H78: 100 | I78: =IF($G78<=0.2,IF($G78>=0,"x",""),"") | J78: =IF(G78<=0.5,IF(G78>=0.21,"x",""),"") | K78: =IF(G78<=0.7,IF(G78>=0.51,"x",""),"") | L78: =IF(G78<=0.9,IF(G78>=0.71,"x",""),"") | M78: =IF(G78<=1,IF(G78>0.9,"x",""),"") -> x
F79: =(E79/E$82)*40 -> 0 | G79: =H79/100 -> 1 | H79: 100 | I79: =IF($G79<=0.2,IF($G79>=0,"x",""),"") | J79: =IF(G79<=0.5,IF(G79>=0.21,"x",""),"") | K79: =IF(G79<=0.7,IF(G79>=0.51,"x",""),"") | L79: =IF(G79<=0.9,IF(G79>=0.71,"x",""),"") | M79: =IF(G79<=1,IF(G79>0.9,"x",""),"") -> x
B80: Capacità di differenziare la valutazione dei collaboratori | C80: Capacità di differenziare la valutazione dei propri collaboratori Capacità di cogliere i diversi contributi dati da ciascun collaboratore | E80: 10 | F80: =(E80/E$82)*40 -> 3.4482759 | G80: =H80/100 -> 0 | I80: =IF($G80<=0.2,IF($G80>=0,"x",""),"") -> x | J80: =IF(G80<=0.5,IF(G80>=0.21,"x",""),"") | K80: =IF(G80<=0.7,IF(G80>=0.51,"x",""),"") | L80: =IF(G80<=0.9,IF(G80>=0.71,"x",""),"") | M80: =IF(G80<=1,IF(G80>0.9,"x",""),"")
B81: Totale peso comportamenti professionali | E81: =SUM(E62:E80) -> 90 | F81: Relativo | I81: Valutazione | N81: ESITO
B82: Totale peso obiettivi specifici e comportamenti professionali | E82: =E81+E57 -> 116 | F82: =F80+F69+F68+F67+F66+F65+F64+F63+F62+F57 -> 40 | J82: =IF(J62="x",G62*F62)+IF(J63="x",G63*F63)+IF(J64="x",G64*F64)+IF(J65="x",G65*F65)+IF(J66="x",G66*F66)+IF(J67="x",G67*F67)+IF(J68="x",G68*F68)+IF(J69="x",G69*F69)+IF(J70="x",G70*F70)+IF(J71="x",G71*F71)+IF(J72="x",G72*F72)+IF(J73="x",G73*F73)+IF(J74="x",G74*F74)+IF(J75="x",G75*F75)+IF(J76="x",G76*F76)+IF(J77="x",G77*F77)+IF(J78="x",G78*F78)+IF(J79="x",G79*F79)+IF(J80="x",G80*F80) -> 0 | K82: =IF(K62="x",G62*F62)+IF(K63="x",G63*F63)+IF(K64="x",G64*F64)+IF(K65="x",G65*F65)+IF(K66="x",G66*F66)+IF(K67="x",G67*F67)+IF(K68="x",G68*F68)+IF(K69="x",G69*F69)+IF(K70="x",G70*F70)+IF(K71="x",G71*F71)+IF(K72="x",G72*F72)+IF(K73="x",G73*F73)+IF(K74="x",G74*F74)+IF(K75="x",G75*F75)+IF(K76="x",G76*F76)+IF(K77="x",G77*F77)+IF(K78="x",G78*F78)+IF(K79="x",G79*F79)+IF(K80="x",G80*F80) -> 0 | L82: =IF(L62="x",G62*F62)+IF(L63="x",G63*F63)+IF(L64="x",G64*F64)+IF(L65="x",G65*F65)+IF(L66="x",G66*F66)+IF(L67="x",G67*F67)+IF(L68="x",G68*F68)+IF(L69="x",G69*F69)+IF(L70="x",G70*F70)+IF(L71="x",G71*F71)+IF(L72="x",G72*F72)+IF(L73="x",G73*F73)+IF(L74="x",G74*F74)+IF(L75="x",G75*F75)+IF(L76="x",G76*F76)+IF(L77="x",G77*F77)+IF(L78="x",G78*F78)+IF(L79="x",G79*F79)+IF(L80="x",G80*F80) -> 0 | M82: =IF(M62="x",G62*F62)+IF(M63="x",G63*F63)+IF(M64="x",G64*F64)+IF(M65="x",G65*F65)+IF(M66="x",G66*F66)+IF(M67="x",G67*F67)+IF(M68="x",G68*F68)+IF(M69="x",G69*F69)+IF(M70="x",G70*F70)+IF(M71="x",G71*F71)+IF(M72="x",G72*F72)+IF(M73="x",G73*F73)+IF(M74="x",G74*F74)+IF(M75="x",G75*F75)+IF(M76="x",G76*F76)+IF(M77="x",G77*F77)+IF(M78="x",G78*F78)+IF(M79="x",G79*F79)+IF(M80="x",G80*F80) -> 0 | N82: =SUM(I82:M82) -> 0
B85: Esito Contributo dato alla Performance Organizzativa | I85: =N27 -> 0 | K85: =I85/60 -> 0
C89: Contributo Performance Organizzativa | I89: =I85 -> 0
B92: Esito Performance Individuale | C92: Obiettivi Specifici | I92: =N57 -> 0 | K92: =(I85+I92+I94)/100 -> 0 | L92: Fascia
C94: Comportamenti | I94: =N82 -> 0

Sheet Amministrativo
BJ1: COMPORTAMENTO | BK1: OGGETTO DELLA MISURAZIONE
B2: SCHEDA DI VALUTAZIONE PERFORMANCE DEL RESPONSABILE
BJ4: COMPORTAMENTO | BK4: OGGETTO DELLA MISURAZIONE
B5: ENTE | C5: ='Elenco P.I.'!B2 -> Comune di Arborea | BJ5: A - Traduzione operativa dei piani e programmi della politica: | BK5: A - Capacità di declinare in obiettivi concreti i piani e i programmi della politica;
B6: SERVIZIO: | C6: Amministrativo | M6: ANNO | N6: 2021 | BJ6: B - Pianificazione, organizzazione e controllo: | BK6: B -  saper definire e ridefinire costantemente l’ottimale piano delle azioni in relazione alle risorse disponibili e agli obiettivi di risultato oltre che alle condizioni di variabilità del contesto;  capacità di organizzare efficacemente le proprie attività, con precisione, nel rispetto delle esigenze e delle priorità, fronteggiando anche situazioni impreviste;
B7: RESPONSABILE | BJ7: C - Relazione e integrazione: | BK7: C -  comunicazione e capacità relazionale con i colleghi  capacità di visione interfunzionale al fine di potenziare i processi di programmazione, realizzazione e rendicontazione;  partecipazione alla vita organizzativa;  integrazione con gli amministratori su obiettivi assegnati;  capacità di lavorare in gruppo;  capacità negoziale e gestione dei conflitti;  qualità delle relazioni interpersonali con colleghi e collaboratori;  qualità delle relazioni con utenti dei servizi ed altri interlocutori abituali);  collaborazione ed integrazione nei processi di servizio;
BJ8: COMPORTAMENTO | BK8: OGGETTO DELLA MISURAZIONE
B9: Esito obiettivo di Performance Organizzativa | E9: Indicatore sintetico di Performance Organizzativa
BJ10: D - Innovatività: | BK10: D -  iniziativa e propositività;  capacità di risolvere i problemi;  autonomia;  capacità di cogliere le opportunità delle innovazioni tecnologiche;  capacità di definire regole e modalità operative nuove;  introduzione di strumenti gestionali innovativi;
B12: Contributo individuale dato alla Performance Organizzativa dell'ente | E12: Peso Assoluto Obiettivo | F12: Peso % Obiettivo | G12: Fornule | H12: Risultato (%) | I12: Valutazione del risultato ottenuto - Percentuali di conseguimento | N12: NOTE | BJ12: E - Gestione risorse economiche | BK12: E -  capacità di standardizzare le procedure, finalizzandole al recupero dell’efficienza;  rispetto dei vincoli finanziari;  capacità di orientare e controllare l’efficienza e l’economicità dei servizi affidati a soggetti esterni all’organizzazione;
I13: 1 | J13: 2 | K13: 3 | L13: 4 | M13: 5 | BJ13: F - Orientamento alla qualità dei servizi | BK13: F -  rispetto dei termini dei procedimenti  presidio delle attività: comprensione e rimozione delle cause degli scostamenti dagli standard di servizio rispettando i criteri quali – quantitativi;  capacità di programmare e definire adeguati standard rispetto ai servizi erogati;  capacità di organizzare e gestire i processi di lavoro per il raggiungimento degli obiettivi controllandone l’andamento;  gestione efficace del tempo di lavoro rispetto agli obiettivi e supervisione della gestione del tempo di lavoro dei propri collaboratori;  capacità di limitare il contenzioso;  capacità di orientare e controllare la qualità dei servizi affidati a soggetti esterni all’organizzazione;
I14: 0% ÷ 20% | J14: 21% ÷ 50% | K14: 51% ÷ 70% | L14: 71%÷90% | M14: 91% ÷100% | BJ14: H - Integrazione con gli amministratori su obiettivi assegnati, con i colleghi su obiettivi comuni | BK14: H -  Capacità di creare occasioni di scambio e mantenere rapporti attivi e costruttivi con i colleghi e con gli amministratori;  Capacità di prevenire ed individuare i momenti di difficoltà e fornire contributi concreti per il loro superamento;  Capacità di comprendere le divergenze e prevenire gli effetti di conflitto;  Efficacia dell’assistenza agli organi di governo;  Disponibilità ad adattare il tempo di lavoro agli obiettivi gestionali concordati e ad accogliere ulteriori esigenze dell’ente Attenzione alle necessità delle altre aree se (formalmente e informalmente) coinvolte in processi lavorativi trasversali rispetto alla propria;  Predisposizione di dati e procedure all’interno della propria struttura in pre-visione di una loro ricaduta su altre aree;
B15: Obiettivo di Performance | C15: Performance attesa | D15: Indicatori | I15: Non Avviato | J15: Avviato | K15: Perseguito | L15: Parzialmente Raggiunto | M15: Pienamente Raggiunto | BJ15: I - Analisi e soluzione dei problemi | BK15: I -  Capacità di individuare le caratteristiche (variabili o costanti) dei problemi;  Capacità di individuare (anche in modo creativo) ipotesi di soluzione rispetto alle cause;  Capacità di definire le azioni da adottare;  Capacità di reperire le risorse umane, strumentali e finanziarie;  Capacità di verificare l’efficacia della soluzione trovata;  Capacità nell’identificazione ed eliminazione delle anomalie e dei ritardi;  Capacità e tempestività nelle Risposte;
B16: ='Elenco P.O.'!C11 -> Assicurare un'efficace acquisizione, gestione e programmazione delle risorse finanziarie dell'ente al fine di garantire la qualità dei servizi svolti e il rispetto dei piani e dei programmi della politica | C16: Capacità di realizzazione della spesa corrente del Settore. Indicatore: a)€ totali impegnati dal Settore Titolo I/€ totali stanziati dal Settore Titolo I; b) Capacità di realizzazione della spesa in conto capitale del Settore. Indicatore: € totali impegnati dal Settore Titolo II/€ totali stanziati dal Settore Titolo II | E16: ='Elenco P.O.'!Z11 -> 10 | F16: =(E16/E$27)*60 -> 7.5 | G16: =H16/100 -> 0 | I16: =IF($G16<=0.2,IF($G16>=0,"x",""),"") -> x | J16: =IF(G16<=0.5,IF(G16>=0.21,"x",""),"") | K16: =IF(G16<=0.7,IF(G16>=0.51,"x",""),"") | L16: =IF(G16<=0.9,IF(G16>=0.71,"x",""),"") | M16: =IF(G16<=1,IF(G16>0.9,"x",""),"") | BJ16: L - Capacità Negoziale | BK16: L -  Capacità di concepire il conflitto come risorsa potenziale;  Capacità di tenere conto dei diversi interessi in gioco;  Capacità di elaborare e proporre mediazioni che tengano conto di tutti gli interessi in gioco;
B17: Attuazione delle misure previste dalla normativa e del PTPC dell'ente in materia di Anticorruzione | C17: • Prevenzione della Corruzione e della Trasparenza – Revisione del PTPCT alla luce del PNA 2019. Aggiornamento e integrazione al PTPCT del Codice di comportamento dell’Ente. Supporto operativo al RPCT nel monitoraggio sull'attuazione delle misure anticorruzione e sulle pubblicazioni in Amministrazione Trasparente. Attività di supporto al RPCT nell'attività di monitoraggio e nella gestione degli atti e degli adempimenti necessari; | E17: ='Elenco P.O.'!Z12+'Elenco P.O.'!Z13 -> 20 | F17: =(E17/E$27)*60 -> 15 | G17: =H17/100 -> 0 | I17: =IF($G17<=0.2,IF($G17>=0,"x",""),"") -> x | J17: =IF(G17<=0.5,IF(G17>=0.21,"x",""),"") | K17: =IF(G17<=0.7,IF(G17>=0.51,"x",""),"") | L17: =IF(G17<=0.9,IF(G17>=0.71,"x",""),"") | M17: =IF(G17<=1,IF(G17>0.9,"x",""),"") | P17: =IF(H16>76<100,1,"") | BJ17: P - Autonomia e Sviluppo | BK17: P -  Capacità di produrre idee e progetti di sviluppo dei servizi della propria unità organizzativa  Capacità di anticipare ed attuare cambiamenti organizzativi che comportino modificazioni e modernizzazioni con ricadute sull’operatività , sui procedimenti, sulle relazioni  Capacità di sviluppare e controllare i flussi informativi circa i cambiamenti attuati  Capacità nell’identificazione e proposizione di obiettivi e progetti strategici  Capacità di pianificare il proprio lavoro al fine di garantire un corretto funzionamento dell’ente anche durante i periodi di sua assenza
B18: Attuazione delle misure previste dalla normativa dell'ente in materia di trasparenza | C18: Parametri di non conformità riscontrati nell’attività di controllo sul sito. Indicatore: N. di parametri non conformi/n. parametri controllati | E18: ='Elenco P.O.'!Z14+'Elenco P.O.'!Z15+'Elenco P.O.'!Z16 -> 30 | F18: =(E18/E$27)*60 -> 22.5 | G18: =H18/100 -> 0 | I18: =IF($G18<=0.2,IF($G18>=0,"x",""),"") -> x | J18: =IF(G18<=0.5,IF(G18>=0.21,"x",""),"") | K18: =IF(G18<=0.7,IF(G18>=0.51,"x",""),"") | L18: =IF(G18<=0.9,IF(G18>=0.71,"x",""),"") | M18: =IF(G18<=1,IF(G18>0.9,"x",""),"") | BJ18: Q - Gestione Risorse Umane | BK18: Q -  Capacità di informare, comunicare e coinvolgere le risorse umane nel raggiungimento degli obiettivi individuali e di gruppo Capacità di motivare, coinvolgere, far crescere professionalmente il personale affidato stimolando un clima organizzativo favorevole alla produttività  Capacità assegnare ruoli, responsabilità ed obiettivi secondo la competenza e la maturità professionale del personale  Capacità di definire programmi e flussi di lavoro, controllandone l’andamento  Capacità di valorizzare i propri collaboratori  Gestire le riunioni di lavoro finalizzandole all’obiettivo, alla crescita personale ed all’autonomia decisionale del personale Capacità di prevenire e mediare rispetto ad eventuali conflitti fra il personale  Capacità di predisporre piani di carriera ed azioni formative per lo sviluppo del personale  Capacità di valutare i risultati raggiunti rispetto agli obiettivi assegnati e concordare i necessari correttivi  Capacità di coordinare e di gestire con efficacia le riunioni di gruppo finalizzandole alla condivisione, alla crescita professionale ed alla autonomia decisionale e operativa dei collaboratori nell’ambito del loro ruolo  Capacità di distribuire equamente i compiti e i carichi di lavoro fra i collaboratori  Capacità di valutare in modo equo ed efficace le prestazioni dei propri collaboratori  Capacità di differenziare in maniera significativa le valutazioni dei collaboratori;  Capacità di individuare percorsi di sviluppo dei collaboratori ad alto potenziale
B19: ='Elenco P.O.'!C14 -> Assicurare un elevato standard degli atti amministrativi finalizzato a garantire la legittimità, regolarità e correttezza dell’azione amministrativa nonche di regolarità contabile degli atti mediante l'attuazione dei controlli cosi come previsto nel numero e con le modalità programmate nel regolamento sui controlli interni adottato dall'ente. | C19: Parametri di non conformità riscontrati nell’attività di controllo atti. Indicatore: N. di parametri non conformi/n. parametri controllati | E19: ='Elenco P.O.'!Z15+'Elenco P.O.'!Z16 -> 20 | F19: =(E19/E$27)*60 -> 15 | G19: =H19/100 -> 0 | I19: =IF($G19<=0.2,IF($G19>=0,"x",""),"") -> x | J19: =IF(G19<=0.5,IF(G19>=0.21,"x",""),"") | K19: =IF(G19<=0.7,IF(G19>=0.51,"x",""),"") | L19: =IF(G19<=0.9,IF(G19>=0.71,"x",""),"") | M19: =IF(G19<=1,IF(G19>0.9,"x",""),"") | BJ19: R - Rapporti con l’utenza | BK19: R -  Capacità di ascolto dei destinatari e di sviluppare orientamenti all’utente  Capacità di gestire i rapporti, anche contrattuali, con interlocutori esterni  Organizzazione e gestione dell’orario di servizio in relazione alle esigenza dell’utenza  Gestione del feedback (risposte) verso gli utenti esterni rispetto alla presa in carico delle loro richieste  Gestione delle richieste esterne in modo diretto o indiretto tramite il coordinamento dei propri collaboratori  Disponibilità ad incontrare l’utenza esterna, prendendone in carico le richieste coerenti col ruolo e la funzione ricoperti e instaurando relazioni corrette e positive  Disponibilità ad organizzare le informazioni circa il servizio erogato dalla propria struttura per orientare l’utenza esterna (es. segnaletica interna, volantini illustrativi, esposizione di orari di ricevimento  Disponibilità ad organizzare in modo comprensibile e fruibile le informazioni richieste o spontaneamente erogate  Capacità di riconoscere ed attivarsi in modo coerente e tempestivo per la soddisfazione del bisogno espresso dall’utenza, curando anche le fasi del feedback
B20: Informatizzazione | C20: Informatizzazione: Transizione Digitale e Decreto Semplificazioni – CAD: Servizi on line, App IO, SPID, PAGOPA. | F20: =(E20/E$27)*60 -> 0 | G20: =H20/100 -> 0 | I20: =IF($G20<=0.2,IF($G20>=0,"x",""),"") -> x | J20: =IF(G20<=0.5,IF(G20>=0.21,"x",""),"") | K20: =IF(G20<=0.7,IF(G20>=0.51,"x",""),"") | L20: =IF(G20<=0.9,IF(G20>=0.71,"x",""),"") | M20: =IF(G20<=1,IF(G20>0.9,"x",""),"") | BJ20: S - Gestione del tempo Lavoro | BK20: S -  Gestione efficace del tempo di lavoro rispetto agli obiettivi ricevuti  Supervisione dei propri collaboratori rispetto alla gestione del loro tempo di lavoro
F21: =(E21/E$27)*60 -> 0 | G21: =H21/100 -> 0 | I21: =IF($G21<=0.2,IF($G21>=0,"x",""),"") -> x | J21: =IF(G21<=0.5,IF(G21>=0.21,"x",""),"") | K21: =IF(G21<=0.7,IF(G21>=0.51,"x",""),"") | L21: =IF(G21<=0.9,IF(G21>=0.71,"x",""),"") | M21: =IF(G21<=1,IF(G21>0.9,"x",""),"") | P21: =IF(H19>76<100,1,"") | BJ21: T - Utilizzo della dotazione Tecnologica | BK21: T -  Individuare e reperire la strumentazione tecnologica necessaria agli obiettivi e ai processi di lavoro dell’ organizzazione Predisporre la manutenzione e l’aggiornamento della strumentazione in relazione a mutamenti intervenuti su obiettivi e processi di lavoro  Autonomia nel utilizzo diretto della strumentazione tecnologica
F22: =(E22/E$27)*60 -> 0 | G22: =H22/100 -> 0 | I22: =IF($G22<=0.2,IF($G22>=0,"x",""),"") -> x | J22: =IF(G22<=0.5,IF(G22>=0.21,"x",""),"") | K22: =IF(G22<=0.7,IF(G22>=0.51,"x",""),"") | L22: =IF(G22<=0.9,IF(G22>=0.71,"x",""),"") | M22: =IF(G22<=1,IF(G22>0.9,"x",""),"")
F23: =(E23/E$27)*60 -> 0 | G23: =H23/100 -> 0 | I23: =IF($G23<=0.2,IF($G23>=0,"x",""),"") -> x | J23: =IF(G23<=0.5,IF(G23>=0.21,"x",""),"") | K23: =IF(G23<=0.7,IF(G23>=0.51,"x",""),"") | L23: =IF(G23<=0.9,IF(G23>=0.71,"x",""),"") | M23: =IF(G23<=1,IF(G23>0.9,"x",""),"")
F24: =(E24/E$27)*60 -> 0 | G24: =H24/100 -> 0 | I24: =IF($G24<=0.2,IF($G24>=0,"x",""),"") -> x | J24: =IF(G24<=0.5,IF(G24>=0.21,"x",""),"") | K24: =IF(G24<=0.7,IF(G24>=0.51,"x",""),"") | L24: =IF(G24<=0.9,IF(G24>=0.71,"x",""),"") | M24: =IF(G24<=1,IF(G24>0.9,"x",""),"")
F25: =(E25/E$27)*60 -> 0 | G25: =H25/100 -> 0 | I25: =IF($G25<=0.2,IF($G25>=0,"x",""),"") -> x | J25: =IF(G25<=0.5,IF(G25>=0.21,"x",""),"") | K25: =IF(G25<=0.7,IF(G25>=0.51,"x",""),"") | L25: =IF(G25<=0.9,IF(G25>=0.71,"x",""),"") | M25: =IF(G25<=1,IF(G25>0.9,"x",""),"")
B26: Totale Peso Obiettivi di Performance Organizzativa | E26: Assoluto | F26: Peso Relativo | I26: Valutazione | N26: ESITO
E27: =SUM(E16:E25) -> 80 | F27: =SUM(F16:F25) -> 60 | J27: =IF(J16="x",G16*F16)++IF(J17="x",G17*F17)+IF(J18="x",G18*F18)+IF(J19="x",G19*F19)+IF(J20="x",G20*F20)+IF(J21="x",G21*F21)+IF(J22="x",G22*F22)+IF(J23="x",G23*F23)+IF(J24="x",G24*F24)+IF(J25="x",G25*F25) -> 0 | K27: =IF(K16="x",G16*F16)+IF(K17="x",G17*F17)+IF(K18="x",G18*F18)+IF(K19="x",G19*F19)+IF(K20="x",G20*F20)+IF(K21="x",G21*F21)+IF(K22="x",G22*F22)+IF(K23="x",G23*F23)+IF(K24="x",G24*F24)+IF(K25="x",G25*F25) -> 0 | L27: =IF(L16="x",G16*F16)+IF(L17="x",G17*F17)+IF(L18="x",G18*F18)+IF(L19="x",G19*F19)+IF(L20="x",G20*F20)+IF(L21="x",G21*F21)+IF(L22="x",G22*F22)+IF(L23="x",G23*F23)+IF(L24="x",G24*F24)+IF(L25="x",G25*F25) -> 0 | M27: =IF(M16="x",G16*F16)+IF(M17="x",G17*F17)+IF(M18="x",G18*F18)+IF(M19="x",G19*F19)+IF(M20="x",G20*F20)+IF(M21="x",G21*F21)+IF(M22="x",G22*F22)+IF(M23="x",G23*F23)+IF(M24="x",G24*F24)+IF(M25="x",G25*F25) -> 0 | N27: =SUM(J27:M27) -> 0
B29: OBIETTIVI SPECIFICI DI PERFORMANCE INDIVIDUALE | E29: =E12 -> Peso Assoluto Obiettivo | F29: =F12 -> Peso % Obiettivo | G29: =G12 -> Fornule | H29: =H12 -> Risultato (%) | I29: 1 | J29: 2 | K29: 3 | L29: 4 | M29: 5 | N29: =N12 -> NOTE
I30: 0% ÷ 20% | J30: 21% ÷ 50% | K30: 51% ÷ 70% | L30: 71%÷90% | M30: 91% ÷100%
B31: Obiettivo di Performance | C31: Performance attesa | D31: Indicatori | I31: Non Avviato | J31: Avviato | K31: Perseguito | L31: Parzialmente Raggiunto | M31: Pienamente Raggiunto
B32: ='Elenco P.I.'!B11 -> Garantire il controllo effettivo da parte della stazione appaltante sull’esecuzione delle prestazioni | C32: ='Elenco P.I.'!C11 -> Predisposizione preventiva delle modalità organizzative e gestionali attraverso le quali garantire il controllo effettivo da parte della stazione appaltante sull’esecuzione delle prestazioni, programmando accessi diretti sul luogo dell’esecuzione stessa, nonché verifiche, anche a sorpresa, sull’effettiva ottemperanza a tutte le misure previste nel capitolato d'appalto. Il responsabile avvrà cura di presentare all'atto della valutazione finale e/o intermedia il documento di programmazione, corredato dalla successiva relazione su quanto effettivamente effettuato in allegato al presente obiettivo. | E32: ='Elenco P.I.'!T11 -> 6 | F32: =(E32/E$82)*40 -> 1.6438356 | G32: =H32/100 -> 0 | I32: =IF($G32<=0.2,IF($G32>=0,"x",""),"") -> x | J32: =IF(G32<=0.5,IF(G32>=0.21,"x",""),"") | K32: =IF(G32<=0.7,IF(G32>=0.51,"x",""),"") | L32: =IF(G32<=0.9,IF(G32>=0.71,"x",""),"") | M32: =IF(G32<=1,IF(G32>0.9,"x",""),"")
B33: Processi di Reclutamento del Personale | C33: 2. Gestione delle procedure concorsuali previste nel Piano triennale del fabbisogno del Personale 2021/2023 in particolare relativo alle seguenti assunzioni:  Istruttore direttivo tecnico – mediante contratto art. 110 del Testo Unico EE.LL. a tempo determinato;  Istruttore direttivo assistente sociale a tempo indeterminato (30 ore);  Istruttore tecnico categoria C.1 a tempo indeterminato 36 ore;  Istruttore vigilanza categoria C.1 a tempo indeterminato 36 ore;  Istruttore amministrativo – contabile a tempo indeterminato 36 ore; | E33: 10 | F33: =(E33/E$82)*40 -> 2.739726 | G33: =H33/100 -> 0 | I33: =IF($G33<=0.2,IF($G33>=0,"x",""),"") -> x | J33: =IF(G33<=0.5,IF(G33>=0.21,"x",""),"") | K33: =IF(G33<=0.7,IF(G33>=0.51,"x",""),"") | L33: =IF(G33<=0.9,IF(G33>=0.71,"x",""),"") | M33: =IF(G33<=1,IF(G33>0.9,"x",""),"")
B34: Gestione dei processi produttivi interni | C34: 3. Ricognizione delle procedure di competenza (appalti servizi, leggi di settore, contributi vari ecc.) e delle scadenze, al fine di monitorare il rispetto dei tempi di affidamento, di presentazione dei fabbisogni e dei rendiconti agli Enti competenti (entro il 30/06/202); | E34: 10 | F34: =(E34/E$82)*40 -> 2.739726 | G34: =H34/100 -> 0 | I34: =IF($G34<=0.2,IF($G34>=0,"x",""),"") -> x | J34: =IF(G34<=0.5,IF(G34>=0.21,"x",""),"") | K34: =IF(G34<=0.7,IF(G34>=0.51,"x",""),"") | L34: =IF(G34<=0.9,IF(G34>=0.71,"x",""),"") | M34: =IF(G34<=1,IF(G34>0.9,"x",""),"")
B35: Gestione Emergenza Sanitaria | C35: 4. Attuazione misure in materia gestione dell'emergenza epidemiologica da COVID-19, studio e gestione delle varie misure di sostegno al reddito e garantire la pronta e sollecita attrazione delle forme di sostegno previste, attraverso modalità che garantiscano la reperibilità anche a distanza degli operatori: a. Gestione procedura Buoni Spesa b. Contributi per le famiglie - bonus RAS c. Altre misure previste dalle norme regionali e statali. | E35: 10 | F35: =(E35/E$82)*40 -> 2.739726 | G35: =H35/100 -> 0 | I35: =IF($G35<=0.2,IF($G35>=0,"x",""),"") -> x | J35: =IF(G35<=0.5,IF(G35>=0.21,"x",""),"") | K35: =IF(G35<=0.7,IF(G35>=0.51,"x",""),"") | L35: =IF(G35<=0.9,IF(G35>=0.71,"x",""),"") | M35: =IF(G35<=1,IF(G35>0.9,"x",""),"")
B36: Processi di Digitalizzazione | C36: 5. Accompagnare il Cittadino/Utente in un sistema di digitalizzazione e snellimento delle procedure attraverso i sistemi informatici. Predisposizione relativamente ai principali procedimenti amministrativi attivabili ad istanza di parte di linee guida (memorandum ecc) con l’indicazione delle modalità di accesso agli stessi alla luce dei nuovi servizi on line, App IO, SPID, PAGOPA – con la finalità di semplificazione dell’attività amministrazione nei rapporti tra comuni e soggetti privati. | E36: 10 | F36: =(E36/E$82)*40 -> 2.739726 | G36: =H36/100 -> 0 | I36: =IF($G36<=0.2,IF($G36>=0,"x",""),"") -> x | J36: =IF(G36<=0.5,IF(G36>=0.21,"x",""),"") | K36: =IF(G36<=0.7,IF(G36>=0.51,"x",""),"") | L36: =IF(G36<=0.9,IF(G36>=0.71,"x",""),"") | M36: =IF(G36<=1,IF(G36>0.9,"x",""),"")
B37: Sistema Informativo | C37: 6. Aggiornamento manuale di gestione del Protocollo informatico e dei flussi documentali; predisposizione ed approvazione del registro dei trattamenti e dei relativi allegati; Continua manutenzione ed aggiornamento del sito per garantirne l'aderenza alle indicazioni dell'AGID. | E37: 10 | F37: =(E37/E$82)*40 -> 2.739726 | G37: =H37/100 -> 0 | I37: =IF($G37<=0.2,IF($G37>=0,"x",""),"") -> x | J37: =IF(G37<=0.5,IF(G37>=0.21,"x",""),"") | K37: =IF(G37<=0.7,IF(G37>=0.51,"x",""),"") | L37: =IF(G37<=0.9,IF(G37>=0.71,"x",""),"") | M37: =IF(G37<=1,IF(G37>0.9,"x",""),"")
F38: =(E38/E$82)*40 -> 0 | G38: =H38/100 -> 0 | I38: =IF($G38<=0.2,IF($G38>=0,"x",""),"") -> x | J38: =IF(G38<=0.5,IF(G38>=0.21,"x",""),"") | K38: =IF(G38<=0.7,IF(G38>=0.51,"x",""),"") | L38: =IF(G38<=0.9,IF(G38>=0.71,"x",""),"") | M38: =IF(G38<=1,IF(G38>0.9,"x",""),"")
F39: =(E39/E$82)*40 -> 0 | G39: =H39/100 -> 0 | I39: =IF($G39<=0.2,IF($G39>=0,"x",""),"") -> x | J39: =IF(G39<=0.5,IF(G39>=0.21,"x",""),"") | K39: =IF(G39<=0.7,IF(G39>=0.51,"x",""),"") | L39: =IF(G39<=0.9,IF(G39>=0.71,"x",""),"") | M39: =IF(G39<=1,IF(G39>0.9,"x",""),"")
F40: =(E40/E$82)*40 -> 0 | G40: =H40/100 -> 0 | I40: =IF($G40<=0.2,IF($G40>=0,"x",""),"") -> x | J40: =IF(G40<=0.5,IF(G40>=0.21,"x",""),"") | K40: =IF(G40<=0.7,IF(G40>=0.51,"x",""),"") | L40: =IF(G40<=0.9,IF(G40>=0.71,"x",""),"") | M40: =IF(G40<=1,IF(G40>0.9,"x",""),"")
F41: =(E41/E$82)*40 -> 0 | G41: =H41/100 -> 0 | I41: =IF($G41<=0.2,IF($G41>=0,"x",""),"") -> x | J41: =IF(G41<=0.5,IF(G41>=0.21,"x",""),"") | K41: =IF(G41<=0.7,IF(G41>=0.51,"x",""),"") | L41: =IF(G41<=0.9,IF(G41>=0.71,"x",""),"") | M41: =IF(G41<=1,IF(G41>0.9,"x",""),"")
F42: =(E42/E$82)*40 -> 0 | G42: =H42/100 -> 0 | I42: =IF($G42<=0.2,IF($G42>=0,"x",""),"") -> x | J42: =IF(G42<=0.5,IF(G42>=0.21,"x",""),"") | K42: =IF(G42<=0.7,IF(G42>=0.51,"x",""),"") | L42: =IF(G42<=0.9,IF(G42>=0.71,"x",""),"") | M42: =IF(G42<=1,IF(G42>0.9,"x",""),"")
F43: =(E43/E$82)*40 -> 0 | G43: =H43/100 -> 0 | I43: =IF($G43<=0.2,IF($G43>=0,"x",""),"") -> x | J43: =IF(G43<=0.5,IF(G43>=0.21,"x",""),"") | K43: =IF(G43<=0.7,IF(G43>=0.51,"x",""),"") | L43: =IF(G43<=0.9,IF(G43>=0.71,"x",""),"") | M43: =IF(G43<=1,IF(G43>0.9,"x",""),"")
F44: =(E44/E$82)*40 -> 0 | G44: =H44/100 -> 0 | I44: =IF($G44<=0.2,IF($G44>=0,"x",""),"") -> x | J44: =IF(G44<=0.5,IF(G44>=0.21,"x",""),"") | K44: =IF(G44<=0.7,IF(G44>=0.51,"x",""),"") | L44: =IF(G44<=0.9,IF(G44>=0.71,"x",""),"") | M44: =IF(G44<=1,IF(G44>0.9,"x",""),"")
F45: =(E45/E$82)*40 -> 0 | G45: =H45/100 -> 0 | I45: =IF($G45<=0.2,IF($G45>=0,"x",""),"") -> x | J45: =IF(G45<=0.5,IF(G45>=0.21,"x",""),"") | K45: =IF(G45<=0.7,IF(G45>=0.51,"x",""),"") | L45: =IF(G45<=0.9,IF(G45>=0.71,"x",""),"") | M45: =IF(G45<=1,IF(G45>0.9,"x",""),"")
F46: =(E46/E$82)*40 -> 0 | G46: =H46/100 -> 0 | I46: =IF($G46<=0.2,IF($G46>=0,"x",""),"") -> x | J46: =IF(G46<=0.5,IF(G46>=0.21,"x",""),"") | K46: =IF(G46<=0.7,IF(G46>=0.51,"x",""),"") | L46: =IF(G46<=0.9,IF(G46>=0.71,"x",""),"") | M46: =IF(G46<=1,IF(G46>0.9,"x",""),"")
F47: =(E47/E$82)*40 -> 0 | G47: =H47/100 -> 0 | I47: =IF($G47<=0.2,IF($G47>=0,"x",""),"") -> x | J47: =IF(G47<=0.5,IF(G47>=0.21,"x",""),"") | K47: =IF(G47<=0.7,IF(G47>=0.51,"x",""),"") | L47: =IF(G47<=0.9,IF(G47>=0.71,"x",""),"") | M47: =IF(G47<=1,IF(G47>0.9,"x",""),"")
F48: =(E48/E$82)*40 -> 0 | G48: =H48/100 -> 0 | I48: =IF($G48<=0.2,IF($G48>=0,"x",""),"") -> x | J48: =IF(G48<=0.5,IF(G48>=0.21,"x",""),"") | K48: =IF(G48<=0.7,IF(G48>=0.51,"x",""),"") | L48: =IF(G48<=0.9,IF(G48>=0.71,"x",""),"") | M48: =IF(G48<=1,IF(G48>0.9,"x",""),"")
F49: =(E49/E$82)*40 -> 0 | G49: =H49/100 -> 0 | I49: =IF($G49<=0.2,IF($G49>=0,"x",""),"") -> x | J49: =IF(G49<=0.5,IF(G49>=0.21,"x",""),"") | K49: =IF(G49<=0.7,IF(G49>=0.51,"x",""),"") | L49: =IF(G49<=0.9,IF(G49>=0.71,"x",""),"") | M49: =IF(G49<=1,IF(G49>0.9,"x",""),"")
F50: =(E50/E$82)*40 -> 0 | G50: =H50/100 -> 0 | I50: =IF($G50<=0.2,IF($G50>=0,"x",""),"") -> x | J50: =IF(G50<=0.5,IF(G50>=0.21,"x",""),"") | K50: =IF(G50<=0.7,IF(G50>=0.51,"x",""),"") | L50: =IF(G50<=0.9,IF(G50>=0.71,"x",""),"") | M50: =IF(G50<=1,IF(G50>0.9,"x",""),"")
B51: ='Elenco P.I.'!B30 -> 0 | C51: ='Elenco P.I.'!C30 -> 0 | E51: ='Elenco P.I.'!T30 -> 0 | F51: =(E51/E$82)*40 -> 0 | G51: =H51/100 -> 0 | I51: =IF($G51<=0.2,IF($G51>=0,"x",""),"") -> x | J51: =IF(G51<=0.5,IF(G51>=0.21,"x",""),"") | K51: =IF(G51<=0.7,IF(G51>=0.51,"x",""),"") | L51: =IF(G51<=0.9,IF(G51>=0.71,"x",""),"") | M51: =IF(G51<=1,IF(G51>0.9,"x",""),"")
B52: ='Elenco P.I.'!B31 -> 0 | C52: ='Elenco P.I.'!C31 -> 0 | E52: ='Elenco P.I.'!T31 -> 0 | F52: =(E52/E$82)*40 -> 0 | G52: =H52/100 -> 0 | I52: =IF($G52<=0.2,IF($G52>=0,"x",""),"") -> x | J52: =IF(G52<=0.5,IF(G52>=0.21,"x",""),"") | K52: =IF(G52<=0.7,IF(G52>=0.51,"x",""),"") | L52: =IF(G52<=0.9,IF(G52>=0.71,"x",""),"") | M52: =IF(G52<=1,IF(G52>0.9,"x",""),"")
B53: ='Elenco P.I.'!B32 -> 0 | C53: ='Elenco P.I.'!C32 -> 0 | E53: ='Elenco P.I.'!T32 -> 0 | F53: =(E53/E$82)*40 -> 0 | G53: =H53/100 -> 0 | I53: =IF($G53<=0.2,IF($G53>=0,"x",""),"") -> x | J53: =IF(G53<=0.5,IF(G53>=0.21,"x",""),"") | K53: =IF(G53<=0.7,IF(G53>=0.51,"x",""),"") | L53: =IF(G53<=0.9,IF(G53>=0.71,"x",""),"") | M53: =IF(G53<=1,IF(G53>0.9,"x",""),"")
B54: ='Elenco P.I.'!B33 -> 0 | C54: ='Elenco P.I.'!C33 -> 0 | E54: ='Elenco P.I.'!T33 -> 0 | F54: =(E54/E$82)*40 -> 0 | G54: =H54/100 -> 0 | I54: =IF($G54<=0.2,IF($G54>=0,"x",""),"") -> x | J54: =IF(G54<=0.5,IF(G54>=0.21,"x",""),"") | K54: =IF(G54<=0.7,IF(G54>=0.51,"x",""),"") | L54: =IF(G54<=0.9,IF(G54>=0.71,"x",""),"") | M54: =IF(G54<=1,IF(G54>0.9,"x",""),"")
B55: ='Elenco P.I.'!B34 -> 0 | C55: ='Elenco P.I.'!C34 -> 0 | E55: ='Elenco P.I.'!T34 -> 0 | F55: =(E55/E$82)*40 -> 0 | G55: =H55/100 -> 0 | I55: =IF($G55<=0.2,IF($G55>=0,"x",""),"") -> x | J55: =IF(G55<=0.5,IF(G55>=0.21,"x",""),"") | K55: =IF(G55<=0.7,IF(G55>=0.51,"x",""),"") | L55: =IF(G55<=0.9,IF(G55>=0.71,"x",""),"") | M55: =IF(G55<=1,IF(G55>0.9,"x",""),"")
B56: Totale Peso Obiettivi specifici di Performance Individuale | E56: Assoluto | F56: Peso Relativo | I56: Valutazione | N56: ESITO
E57: =SUM(E30:E56) -> 56 | F57: =SUM(F32:F38) -> 15.342466 | J57: =IF(J32="x",G32*F32)+IF(J33="x",G33*F33)+IF(J34="x",G34*F34)+IF(J35="x",G35*F35)+IF(J36="x",G36*F36)+IF(J37="x",G37*F37)+IF(J38="x",G38*F38)+IF(J39="x",G39*F39)+IF(J40="x",G40*F40)+IF(J41="x",G41*F41)+IF(J42="x",G42*F42)+IF(J43="x",G43*F43)+IF(J44="x",G44*F44)+IF(J45="x",G45*F45)+IF(J46="x",G46*F46)+IF(J47="x",G47*F47)+IF(J48="x",G48*F48)+IF(J49="x",G49*F49)+IF(J50="x",G50*F50)+IF(J51="x",G51*F51)+IF(J52="x",G52*F52)+IF(J53="x",G53*F53)+IF(J54="x",G54*F54)+IF(J55="x",G55*F55) -> 0 | K57: =IF(K32="x",H32*G32)+IF(K33="x",H33*G33)+IF(K34="x",H34*G34)+IF(K35="x",H35*G35)+IF(K36="x",H36*G36)+IF(K37="x",H37*G37)+IF(K38="x",H38*G38)+IF(K39="x",H39*G39)+IF(K40="x",H40*G40)+IF(K41="x",H41*G41)+IF(K42="x",H42*G42)+IF(K43="x",H43*G43)+IF(K44="x",H44*G44)+IF(K45="x",H45*G45)+IF(K46="x",H46*G46)+IF(K47="x",H47*G47)+IF(K48="x",H48*G48)+IF(K49="x",H49*G49)+IF(K50="x",H50*G50)+IF(K51="x",H51*G51)+IF(K52="x",H52*G52)+IF(K53="x",H53*G53)+IF(K54="x",H54*G54)+IF(K55="x",H55*G55) -> 0 | L57: =IF(L32="x",I32*H32)+IF(L33="x",I33*H33)+IF(L34="x",I34*H34)+IF(L35="x",I35*H35)+IF(L36="x",I36*H36)+IF(L37="x",I37*H37)+IF(L38="x",I38*H38)+IF(L39="x",I39*H39)+IF(L40="x",I40*H40)+IF(L41="x",I41*H41)+IF(L42="x",I42*H42)+IF(L43="x",I43*H43)+IF(L44="x",I44*H44)+IF(L45="x",I45*H45)+IF(L46="x",I46*H46)+IF(L47="x",I47*H47)+IF(L48="x",I48*H48)+IF(L49="x",I49*H49)+IF(L50="x",I50*H50)+IF(L51="x",I51*H51)+IF(L52="x",I52*H52)+IF(L53="x",I53*H53)+IF(L54="x",I54*H54)+IF(L55="x",I55*H55) -> 0 | M57: =IF(M32="x",J32*I32)+IF(M33="x",J33*I33)+IF(M34="x",J34*I34)+IF(M35="x",J35*I35)+IF(M36="x",J36*I36)+IF(M37="x",J37*I37)+IF(M38="x",J38*I38)+IF(M39="x",J39*I39)+IF(M40="x",J40*I40)+IF(M41="x",J41*I41)+IF(M42="x",J42*I42)+IF(M43="x",J43*I43)+IF(M44="x",J44*I44)+IF(M45="x",J45*I45)+IF(M46="x",J46*I46)+IF(M47="x",J47*I47)+IF(M48="x",J48*I48)+IF(M49="x",J49*I49)+IF(M50="x",J50*I50)+IF(M51="x",J51*I51)+IF(M52="x",J52*I52)+IF(M53="x",J53*I53)+IF(M54="x",J54*I54)+IF(M55="x",J55*I55) -> 0 | N57: =SUM(J57:M57) -> 0
B58: COMPORTAMENTI PROFESSIONALI | E58: Peso assoluto | F58: Peso % | G58: Formule | H58: Valori Rilevati (%) | I58: Valutazione del comportamento - Valori rilevati
I59: 1 | J59: 2 | K59: 3 | L59: 4 | M59: 5 | N59: =N29 -> NOTE
I60: 0% ÷ 20% | J60: 21% ÷ 50% | K60: 51% ÷ 70% | L60: 71%÷90% | M60: 91% ÷100%
B61: Comportamenti Professionali | C61: Oggetto della misurazione | D61: Esito valutazione | I61: Inadeguato | J61: Non soddisfacente | K61: Migliorabile | L61: Buono | M61: Eccellente
B62: =Comp.!A7 -> Capacità di gestire efficacemente le risorse umane.:Capacità di guidare, coinvolgere e motivare le persone in maniera efficace, per il raggiungimento degli obiettivi assegnati, consi derandoli come valore e risorsa in sé, ottenendo il meglio da ciascuno di loro. Capacità di delegare obiettivi e attività. | C62: =Comp.!B7 -> Il Responsabile: Coinvolge il gruppo di lavoro, promuove la comunicazione, la collaborazione e la partecipazione. Adotta azioni volte ad implementare le competenze professionali dei dipendenti. Valorizza il personale dipendente favorendo l’autonomia e delegando responsabilità. | E62: 10 | F62: =(E62/E$82)*40 -> 2.739726 | G62: =H62/100 -> 0 | I62: =IF($G62<=0.1,IF($G62>=0,"x",""),"") -> x | J62: =IF(G62<=0.25,IF(G62>=0.11,"x",""),"") | K62: =IF(G62<=0.5,IF(G62>0.25,"x",""),"") | L62: =IF(G62<=0.75,IF(G62>=0.51,"x",""),"") | M62: =IF(G62<=1,IF(G62>0.75,"x",""),"")
B63: =Comp.!A8 -> Relazione, integrazione, comunicazione:Capacità di relazionarsi nel gruppo di lavoro e con i colleghi, partecipazione alla vita organizzativa, collabora zione ed integrazione nei processi di servizio | C63: =Comp.!B8 -> Il Responsabile: Intraprende relazioni collaborative e partecipative con colleghi ed amministratori. Possiede una visione d’insieme del proprio lavoro, della propria struttura, dei processi e delle persone. Partecipa attivamente alla vita organizza tiva con atteggiamento propositivo, condividendo informazioni ed esperienze nel lavoro in team. Adotta modalità di ascolto attivo e comunicazione chiara ed empatica con gli interlocutori, gestendo il feedback e l’orientamento all’utente. Propone soluzioni innovative per la gestione di conflitti. Non si spazientisce e non assume atteggiamenti aggressivi. Si relaziona agli altri con rispetto e correttezza e manifesta con il proprio comportamento il rispetto verso le altre persone. Favorisce momenti di confronto collettivi all’interno del gruppo di lavoro. Instaura relazioni professionali efficaci e collaborative all’interno e all’esterno dell’ente. | E63: 10 | F63: =(E63/E$82)*40 -> 2.739726 | G63: =H63/100 -> 0 | I63: =IF($G63<=0.1,IF($G63>=0,"x",""),"") -> x | J63: =IF(G63<=0.25,IF(G63>=0.11,"x",""),"") | K63: =IF(G63<=0.5,IF(G63>0.25,"x",""),"") | L63: =IF(G63<=0.75,IF(G63>=0.51,"x",""),"") | M63: =IF(G63<=1,IF(G63>0.75,"x",""),"")
B64: =Comp.!A9 -> Orientamento alla qualità dei servizi:Capacità di mettere in atto comportamenti di lavoro e decisioni finalizzate alla efficienza dei processi e alla qualità dei prodotti/servizi finali. Capacità di effettuare regolarmente verifiche sul lavoro (proprio o altrui) per prevenire errori e per garantire il rispetto di un buon livello dei risultati finali. | C64: =Comp.!B9 -> Il Responsabile: Monitora i tempi e le scadenze da rispettare, organizzando le attività in funzione dell’obiettivo da raggiungere; • garantisce la qualità e l’accuratezza del proprio lavoro predisponendo livelli di qualità coerenti con lo standard dell’organizzazione; • individua gli errori, ne comprende le cause e attiva azioni correttive condivise; • introduce frequentemente criteri e momenti di monitoraggio e verifica; • valuta il processo e il risultato, per individuarne gli errori da cui imparare, le azioni e i ragionamenti positivi da valorizzare e standardizzare; • opera con costanza e precisione nell’esecuzione del proprio lavoro e degli output prodotti. | E64: 10 | F64: =(E64/E$82)*40 -> 2.739726 | G64: =H64/100 -> 0 | I64: =IF($G64<=0.2,IF($G64>=0,"x",""),"") -> x | J64: =IF(G64<=0.5,IF(G64>=0.21,"x",""),"") | K64: =IF(G64<=0.7,IF(G64>=0.51,"x",""),"") | L64: =IF(G64<=0.9,IF(G64>=0.71,"x",""),"") | M64: =IF(G64<=1,IF(G64>0.9,"x",""),"")
B65: =Comp.!A10 -> Integrazione con gli amministratori su obiettivi assegnati. Capacità di tradurre in azioni concrete i piani e i programmi della politica. | C65: =Comp.!B10 -> Il Responsabile: Garantisce efficace assistenza agli organi di governo. Adatta il proprio tempo lavoro al perseguimento degli obiettivi strategici concordati con la politica e di quelli gestionali concordati con la struttura accogliendo le prioritarie esigenze dell’ente. Presta attenzione alle necessità delle altre aree in particolare quando (formalmente e informalmente) coinvolte in processi lavorativi trasversali rispetto alla propria. | E65: 10 | F65: =(E65/E$82)*40 -> 2.739726 | G65: =H65/100 -> 0 | I65: =IF($G65<=0.2,IF($G65>=0,"x",""),"") -> x | J65: =IF(G65<=0.5,IF(G65>=0.21,"x",""),"") | K65: =IF(G65<=0.7,IF(G65>0.51,"x",""),"") | L65: =IF(G65<=0.9,IF(G65>=0.71,"x",""),"") | M65: =IF(G65<=1,IF(G65>0.9,"x",""),"")
B66: =Comp.!A11 -> Analisi e soluzione dei problemi. Capacità di individuare e comprendere gli aspetti essenziali dei problemi, proporre soluzioni e verificarne gli esiti. | C66: =Comp.!B11 -> Il Responsabile: Individua le caratteristiche (variabili o costanti) dei problemi, e le ipotesi di risoluzione degli stessi rispetto alle cause. Verifica l’efficacia della soluzione trovata. Individua momenti di difficoltà e fornisce contributi concreti per il loro superamento; Comprende le divergenze e previene gli effetti del conflitto; | E66: 10 | F66: =(E66/E$82)*40 -> 2.739726 | G66: =H66/100 -> 0 | I66: =IF($G66<=0.2,IF($G66>=0,"x",""),"") -> x | J66: =IF(G66<=0.5,IF(G66>=0.21,"x",""),"") | K66: =IF(G66<=0.7,IF(G66>0.51,"x",""),"") | L66: =IF(G66<=0.9,IF(G66>=0.71,"x",""),"") | M66: =IF(G66<=1,IF(G66>0.9,"x",""),"")
B67: =Comp.!A12 -> Rapporti con l’utenza:Capacità di cogliere le esigenze dei clienti interni ed esterni orientando costantemente la propria attività al soddisfacimento delle loro esigenze, coerentemente con l’ organizzazione dei servizi. | C67: =Comp.!B12 -> Il Responsabile: Adotta una modalità di ascolto attivo e garantisce adeguata accoglienza dell’utenza; Organizza e gestisce l’orario di servizio in relazione alle esigenze dell’utenza. Gestisce il feedback. Presidia sull’ adeguata gestione dei rapporti con l’utenza da parte dei propri collaboratori. nformazioni circa il servizio erogato dalla propria struttura per orientare l’utenza esterna (es. segnaletica interna, accessibilità, portali on line per il cittadino). Si attiva in modo coerente e tempestivo per la soddisfazione del bisogno espresso dall’utenza. | E67: 10 | F67: =(E67/E$82)*40 -> 2.739726 | G67: =H67/100 -> 0 | I67: =IF($G67<=0.2,IF($G67>=0,"x",""),"") -> x | J67: =IF(G67<=0.5,IF(G67>=0.21,"x",""),"") | K67: =IF(G67<=0.7,IF(G67>=0.51,"x",""),"") | L67: =IF(G67<=0.9,IF(G67>=0.71,"x",""),"") | M67: =IF(G67<=1,IF(G67>0.9,"x",""),"")
B68: =Comp.!A13 -> Orientamento al risultato: Capacità di lavorare per il perseguimento di obiettivi, anche attraverso la autodeter minazione degli stessi, definendo livelli di prestazione sfidanti. Applica zione costante al raggiungimento dei risultati di competenza. Capacità di essere efficace finalizzando con continuità le proprie e altrui attività al conseguimento dei risultati | C68: =Comp.!B13 -> Il Responsabile: Persevera nel raggiungimento del risultato e non si scoraggia di fronte ad errori e ad insuccessi; individua e ricerca tutte le strategie per conseguire il risultato; riconosce le priorità e le urgenze nella prospettiva di raggiungere il risultato; coinvolge e guida il gruppo verso il risultato da raggiungere; agisce coerentemente agli impegni presi, influenzando attivamente e positivamente gli eventi; sollecita o promuove la collaborazione con gli altri Responsabili coinvolti nel proprio obiettivo; | E68: 10 | F68: =(E68/E$82)*40 -> 2.739726 | G68: =H68/100 -> 0 | I68: =IF($G68<=0.2,IF($G68>=0,"x",""),"") -> x | J68: =IF(G68<=0.5,IF(G68>=0.21,"x",""),"") | K68: =IF(G68<=0.7,IF(G68>=0.51,"x",""),"") | L68: =IF(G68<=0.9,IF(G68>=0.71,"x",""),"") | M68: =IF(G68<=1,IF(G68>0.9,"x",""),"")
B69: =Comp.!A14 -> Iniziativa: Capacità di attivarsi in modo autonomo nell'ambito delle proprie responsabilità e dei propri compiti, senza attendere indicazioni dagli altri e senza subire gli eventi. | C69: =Comp.!B14 -> Il Responsabile: Reagisce attivamente nelle situazioni, anche in situazioni eccezionali e/o di crisi, individuando i margini di azione e di miglioramento; Presidia tutti gli ambiti di discrezionalità consentiti dal ruolo, assumendosi le proprie responsabilità; • cerca stimoli, occasioni di miglioramento e perfezionamento del proprio lavoro e della propria organizzazione; • propone spontaneamente idee, osservazioni, interpretazioni, soluzioni; • chiede chiarimenti e pone domande per comprendere la realtà organizzativa e gli avvenimenti; • anticipa e gestisce situazioni ed eventi; • interviene in prima persona, senza la sollecitazione di altri, su quanto causa perdite di tempo e di risorse; • affronta con passione ed energia l’attività lavorativa. | E69: 10 | F69: =(E69/E$82)*40 -> 2.739726 | G69: =H69/100 -> 0 | I69: =IF($G69<=0.2,IF($G69>=0,"x",""),"") -> x | J69: =IF(G69<=0.5,IF(G69>=0.21,"x",""),"") | K69: =IF(G69<=0.7,IF(G69>=0.51,"x",""),"") | L69: =IF(G69<=0.9,IF(G69>=0.71,"x",""),"") | M69: =IF(G69<=1,IF(G69>0.9,"x",""),"")
B70: =IF([2]Comportamenti!C13="x",[2]Comportamenti!A13,0) -> #REF! | F70: =(E70/E$82)*40 -> 0 | G70: =H70/100 -> 1 | H70: 100 | I70: =IF($G70<=0.2,IF($G70>=0,"x",""),"") | J70: =IF(G70<=0.5,IF(G70>=0.21,"x",""),"") | K70: =IF(G70<=0.7,IF(G70>=0.51,"x",""),"") | L70: =IF(G70<=0.9,IF(G70>=0.71,"x",""),"") | M70: =IF(G70<=1,IF(G70>0.9,"x",""),"") -> x
F71: =(E71/E$82)*40 -> 0 | G71: =H71/100 -> 1 | H71: 100 | I71: =IF($G71<=0.2,IF($G71>=0,"x",""),"") | J71: =IF(G71<=0.5,IF(G71>=0.21,"x",""),"") | K71: =IF(G71<=0.7,IF(G71>=0.51,"x",""),"") | L71: =IF(G71<=0.9,IF(G71>=0.71,"x",""),"") | M71: =IF(G71<=1,IF(G71>0.9,"x",""),"") -> x
F72: =(E72/E$82)*40 -> 0 | G72: =H72/100 -> 1 | H72: 100 | I72: =IF($G72<=0.2,IF($G72>=0,"x",""),"") | J72: =IF(G72<=0.5,IF(G72>=0.21,"x",""),"") | K72: =IF(G72<=0.7,IF(G72>=0.51,"x",""),"") | L72: =IF(G72<=0.9,IF(G72>=0.71,"x",""),"") | M72: =IF(G72<=1,IF(G72>0.9,"x",""),"") -> x
F73: =(E73/E$82)*40 -> 0 | G73: =H73/100 -> 1 | H73: 100 | I73: =IF($G73<=0.2,IF($G73>=0,"x",""),"") | J73: =IF(G73<=0.5,IF(G73>=0.21,"x",""),"") | K73: =IF(G73<=0.7,IF(G73>=0.51,"x",""),"") | L73: =IF(G73<=0.9,IF(G73>=0.71,"x",""),"") | M73: =IF(G73<=1,IF(G73>0.9,"x",""),"") -> x
F74: =(E74/E$82)*40 -> 0 | G74: =H74/100 -> 1 | H74: 100 | I74: =IF($G74<=0.2,IF($G74>=0,"x",""),"") | J74: =IF(G74<=0.5,IF(G74>=0.21,"x",""),"") | K74: =IF(G74<=0.7,IF(G74>=0.51,"x",""),"") | L74: =IF(G74<=0.9,IF(G74>=0.71,"x",""),"") | M74: =IF(G74<=1,IF(G74>0.9,"x",""),"") -> x
F75: =(E75/E$82)*40 -> 0 | G75: =H75/100 -> 1 | H75: 100 | I75: =IF($G75<=0.2,IF($G75>=0,"x",""),"") | J75: =IF(G75<=0.5,IF(G75>=0.21,"x",""),"") | K75: =IF(G75<=0.7,IF(G75>=0.51,"x",""),"") | L75: =IF(G75<=0.9,IF(G75>=0.71,"x",""),"") | M75: =IF(G75<=1,IF(G75>0.9,"x",""),"") -> x
F76: =(E76/E$82)*40 -> 0 | G76: =H76/100 -> 1 | H76: 100 | I76: =IF($G76<=0.2,IF($G76>=0,"x",""),"") | J76: =IF(G76<=0.5,IF(G76>=0.21,"x",""),"") | K76: =IF(G76<=0.7,IF(G76>=0.51,"x",""),"") | L76: =IF(G76<=0.9,IF(G76>=0.71,"x",""),"") | M76: =IF(G76<=1,IF(G76>0.9,"x",""),"") -> x
F77: =(E77/E$82)*40 -> 0 | G77: =H77/100 -> 1 | H77: 100 | I77: =IF($G77<=0.2,IF($G77>=0,"x",""),"") | J77: =IF(G77<=0.5,IF(G77>=0.21,"x",""),"") | K77: =IF(G77<=0.7,IF(G77>=0.51,"x",""),"") | L77: =IF(G77<=0.9,IF(G77>=0.71,"x",""),"") | M77: =IF(G77<=1,IF(G77>0.9,"x",""),"") -> x
F78: =(E78/E$82)*40 -> 0 | G78: =H78/100 -> 1 | H78: 100 | I78: =IF($G78<=0.2,IF($G78>=0,"x",""),"") | J78: =IF(G78<=0.5,IF(G78>=0.21,"x",""),"") | K78: =IF(G78<=0.7,IF(G78>=0.51,"x",""),"") | L78: =IF(G78<=0.9,IF(G78>=0.71,"x",""),"") | M78: =IF(G78<=1,IF(G78>0.9,"x",""),"") -> x
F79: =(E79/E$82)*40 -> 0 | G79: =H79/100 -> 1 | H79: 100 | I79: =IF($G79<=0.2,IF($G79>=0,"x",""),"") | J79: =IF(G79<=0.5,IF(G79>=0.21,"x",""),"") | K79: =IF(G79<=0.7,IF(G79>=0.51,"x",""),"") | L79: =IF(G79<=0.9,IF(G79>=0.71,"x",""),"") | M79: =IF(G79<=1,IF(G79>0.9,"x",""),"") -> x
B80: Capacità di differenziare la valutazione dei collaboratori | C80: Capacità di differenziare la valutazione dei propri collaboratori Capacità di cogliere i diversi contributi dati da ciascun collaboratore | E80: 10 | F80: =(E80/E$82)*40 -> 2.739726 | G80: =H80/100 -> 0 | I80: =IF($G80<=0.2,IF($G80>=0,"x",""),"") -> x | J80: =IF(G80<=0.5,IF(G80>=0.21,"x",""),"") | K80: =IF(G80<=0.7,IF(G80>=0.51,"x",""),"") | L80: =IF(G80<=0.9,IF(G80>=0.71,"x",""),"") | M80: =IF(G80<=1,IF(G80>0.9,"x",""),"")
B81: Totale peso comportamenti professionali | E81: =SUM(E62:E80) -> 90 | F81: Relativo | I81: Valutazione | N81: ESITO
B82: Totale peso obiettivi specifici e comportamenti professionali | E82: =E81+E57 -> 146 | F82: =F80+F69+F68+F67+F66+F65+F64+F63+F62+F57 -> 40 | J82: =IF(J62="x",G62*F62)+IF(J63="x",G63*F63)+IF(J64="x",G64*F64)+IF(J65="x",G65*F65)+IF(J66="x",G66*F66)+IF(J67="x",G67*F67)+IF(J68="x",G68*F68)+IF(J69="x",G69*F69)+IF(J70="x",G70*F70)+IF(J71="x",G71*F71)+IF(J72="x",G72*F72)+IF(J73="x",G73*F73)+IF(J74="x",G74*F74)+IF(J75="x",G75*F75)+IF(J76="x",G76*F76)+IF(J77="x",G77*F77)+IF(J78="x",G78*F78)+IF(J79="x",G79*F79)+IF(J80="x",G80*F80) -> 0 | K82: =IF(K62="x",G62*F62)+IF(K63="x",G63*F63)+IF(K64="x",G64*F64)+IF(K65="x",G65*F65)+IF(K66="x",G66*F66)+IF(K67="x",G67*F67)+IF(K68="x",G68*F68)+IF(K69="x",G69*F69)+IF(K70="x",G70*F70)+IF(K71="x",G71*F71)+IF(K72="x",G72*F72)+IF(K73="x",G73*F73)+IF(K74="x",G74*F74)+IF(K75="x",G75*F75)+IF(K76="x",G76*F76)+IF(K77="x",G77*F77)+IF(K78="x",G78*F78)+IF(K79="x",G79*F79)+IF(K80="x",G80*F80) -> 0 | L82: =IF(L62="x",G62*F62)+IF(L63="x",G63*F63)+IF(L64="x",G64*F64)+IF(L65="x",G65*F65)+IF(L66="x",G66*F66)+IF(L67="x",G67*F67)+IF(L68="x",G68*F68)+IF(L69="x",G69*F69)+IF(L70="x",G70*F70)+IF(L71="x",G71*F71)+IF(L72="x",G72*F72)+IF(L73="x",G73*F73)+IF(L74="x",G74*F74)+IF(L75="x",G75*F75)+IF(L76="x",G76*F76)+IF(L77="x",G77*F77)+IF(L78="x",G78*F78)+IF(L79="x",G79*F79)+IF(L80="x",G80*F80) -> 0 | M82: =IF(M62="x",G62*F62)+IF(M63="x",G63*F63)+IF(M64="x",G64*F64)+IF(M65="x",G65*F65)+IF(M66="x",G66*F66)+IF(M67="x",G67*F67)+IF(M68="x",G68*F68)+IF(M69="x",G69*F69)+IF(M70="x",G70*F70)+IF(M71="x",G71*F71)+IF(M72="x",G72*F72)+IF(M73="x",G73*F73)+IF(M74="x",G74*F74)+IF(M75="x",G75*F75)+IF(M76="x",G76*F76)+IF(M77="x",G77*F77)+IF(M78="x",G78*F78)+IF(M79="x",G79*F79)+IF(M80="x",G80*F80) -> 0 | N82: =SUM(I82:M82) -> 0
B85: Esito Contributo dato alla Performance Organizzativa | I85: =N27 -> 0 | K85: =I85/60 -> 0
C89: Contributo Performance Organizzativa | I89: =I85 -> 0
B92: Esito Performance Individuale | C92: Obiettivi Specifici | I92: =N57 -> 0 | K92: =(I85+I92+I94)/100 -> 0 | L92: Fascia
C94: Comportamenti | I94: =N82 -> 0

Sheet Finanziario
BJ1: COMPORTAMENTO | BK1: OGGETTO DELLA MISURAZIONE
B2: SCHEDA DI VALUTAZIONE PERFORMANCE DEL RESPONSABILE
BJ4: COMPORTAMENTO | BK4: OGGETTO DELLA MISURAZIONE
B5: ENTE | C5: ='Elenco P.I.'!B2 -> Comune di Arborea | BJ5: A - Traduzione operativa dei piani e programmi della politica: | BK5: A - Capacità di declinare in obiettivi concreti i piani e i programmi della politica;
B6: SERVIZIO: | C6: Finanziario | M6: ANNO | N6: 2021 | BJ6: B - Pianificazione, organizzazione e controllo: | BK6: B -  saper definire e ridefinire costantemente l’ottimale piano delle azioni in relazione alle risorse disponibili e agli obiettivi di risultato oltre che alle condizioni di variabilità del contesto;  capacità di organizzare efficacemente le proprie attività, con precisione, nel rispetto delle esigenze e delle priorità, fronteggiando anche situazioni impreviste;
B7: RESPONSABILE | BJ7: C - Relazione e integrazione: | BK7: C -  comunicazione e capacità relazionale con i colleghi  capacità di visione interfunzionale al fine di potenziare i processi di programmazione, realizzazione e rendicontazione;  partecipazione alla vita organizzativa;  integrazione con gli amministratori su obiettivi assegnati;  capacità di lavorare in gruppo;  capacità negoziale e gestione dei conflitti;  qualità delle relazioni interpersonali con colleghi e collaboratori;  qualità delle relazioni con utenti dei servizi ed altri interlocutori abituali);  collaborazione ed integrazione nei processi di servizio;
BJ8: COMPORTAMENTO | BK8: OGGETTO DELLA MISURAZIONE
B9: Esito obiettivo di Performance Organizzativa | E9: Indicatore sintetico di Performance Organizzativa
BJ10: D - Innovatività: | BK10: D -  iniziativa e propositività;  capacità di risolvere i problemi;  autonomia;  capacità di cogliere le opportunità delle innovazioni tecnologiche;  capacità di definire regole e modalità operative nuove;  introduzione di strumenti gestionali innovativi;
B12: Contributo individuale dato alla Performance Organizzativa dell'ente | E12: Peso Assoluto Obiettivo | F12: Peso % Obiettivo | G12: Fornule | H12: Risultato (%) | I12: Valutazione del risultato ottenuto - Percentuali di conseguimento | N12: NOTE | BJ12: E - Gestione risorse economiche | BK12: E -  capacità di standardizzare le procedure, finalizzandole al recupero dell’efficienza;  rispetto dei vincoli finanziari;  capacità di orientare e controllare l’efficienza e l’economicità dei servizi affidati a soggetti esterni all’organizzazione;
I13: 1 | J13: 2 | K13: 3 | L13: 4 | M13: 5 | BJ13: F - Orientamento alla qualità dei servizi | BK13: F -  rispetto dei termini dei procedimenti  presidio delle attività: comprensione e rimozione delle cause degli scostamenti dagli standard di servizio rispettando i criteri quali – quantitativi;  capacità di programmare e definire adeguati standard rispetto ai servizi erogati;  capacità di organizzare e gestire i processi di lavoro per il raggiungimento degli obiettivi controllandone l’andamento;  gestione efficace del tempo di lavoro rispetto agli obiettivi e supervisione della gestione del tempo di lavoro dei propri collaboratori;  capacità di limitare il contenzioso;  capacità di orientare e controllare la qualità dei servizi affidati a soggetti esterni all’organizzazione;
I14: 0% ÷ 20% | J14: 21% ÷ 50% | K14: 51% ÷ 70% | L14: 71%÷90% | M14: 91% ÷100% | BJ14: H - Integrazione con gli amministratori su obiettivi assegnati, con i colleghi su obiettivi comuni | BK14: H -  Capacità di creare occasioni di scambio e mantenere rapporti attivi e costruttivi con i colleghi e con gli amministratori;  Capacità di prevenire ed individuare i momenti di difficoltà e fornire contributi concreti per il loro superamento;  Capacità di comprendere le divergenze e prevenire gli effetti di conflitto;  Efficacia dell’assistenza agli organi di governo;  Disponibilità ad adattare il tempo di lavoro agli obiettivi gestionali concordati e ad accogliere ulteriori esigenze dell’ente Attenzione alle necessità delle altre aree se (formalmente e informalmente) coinvolte in processi lavorativi trasversali rispetto alla propria;  Predisposizione di dati e procedure all’interno della propria struttura in pre-visione di una loro ricaduta su altre aree;
B15: Obiettivo di Performance | C15: Performance attesa | D15: Indicatori | I15: Non Avviato | J15: Avviato | K15: Perseguito | L15: Parzialmente Raggiunto | M15: Pienamente Raggiunto | BJ15: I - Analisi e soluzione dei problemi | BK15: I -  Capacità di individuare le caratteristiche (variabili o costanti) dei problemi;  Capacità di individuare (anche in modo creativo) ipotesi di soluzione rispetto alle cause;  Capacità di definire le azioni da adottare;  Capacità di reperire le risorse umane, strumentali e finanziarie;  Capacità di verificare l’efficacia della soluzione trovata;  Capacità nell’identificazione ed eliminazione delle anomalie e dei ritardi;  Capacità e tempestività nelle Risposte;
B16: ='Elenco P.O.'!C11 -> Assicurare un'efficace acquisizione, gestione e programmazione delle risorse finanziarie dell'ente al fine di garantire la qualità dei servizi svolti e il rispetto dei piani e dei programmi della politica | C16: Capacità di realizzazione della spesa corrente del Settore. Indicatore: a)€ totali impegnati dal Settore Titolo I/€ totali stanziati dal Settore Titolo I; b) Capacità di realizzazione della spesa in conto capitale del Settore. Indicatore: € totali impegnati dal Settore Titolo II/€ totali stanziati dal Settore Titolo II | E16: ='Elenco P.O.'!Z11 -> 10 | F16: =(E16/E$27)*60 -> 6 | G16: =H16/100 -> 0 | I16: =IF($G16<=0.2,IF($G16>=0,"x",""),"") -> x | J16: =IF(G16<=0.5,IF(G16>=0.21,"x",""),"") | K16: =IF(G16<=0.7,IF(G16>=0.51,"x",""),"") | L16: =IF(G16<=0.9,IF(G16>=0.71,"x",""),"") | M16: =IF(G16<=1,IF(G16>0.9,"x",""),"") | BJ16: L - Capacità Negoziale | BK16: L -  Capacità di concepire il conflitto come risorsa potenziale;  Capacità di tenere conto dei diversi interessi in gioco;  Capacità di elaborare e proporre mediazioni che tengano conto di tutti gli interessi in gioco;
B17: Attuazione delle misure previste dalla normativa e del PTPC dell'ente in materia di Anticorruzione | C17: • Prevenzione della Corruzione e della Trasparenza – Revisione del PTPCT alla luce del PNA 2019. Aggiornamento e integrazione al PTPCT del Codice di comportamento dell’Ente. Supporto operativo al RPCT nel monitoraggio sull'attuazione delle misure anticorruzione e sulle pubblicazioni in Amministrazione Trasparente. Attività di supporto al RPCT nell'attività di monitoraggio e nella gestione degli atti e degli adempimenti necessari; | E17: ='Elenco P.O.'!Z12+'Elenco P.O.'!Z13 -> 20 | F17: =(E17/E$27)*60 -> 12 | G17: =H17/100 -> 0 | I17: =IF($G17<=0.2,IF($G17>=0,"x",""),"") -> x | J17: =IF(G17<=0.5,IF(G17>=0.21,"x",""),"") | K17: =IF(G17<=0.7,IF(G17>=0.51,"x",""),"") | L17: =IF(G17<=0.9,IF(G17>=0.71,"x",""),"") | M17: =IF(G17<=1,IF(G17>0.9,"x",""),"") | P17: =IF(H16>76<100,1,"") | BJ17: P - Autonomia e Sviluppo | BK17: P -  Capacità di produrre idee e progetti di sviluppo dei servizi della propria unità organizzativa  Capacità di anticipare ed attuare cambiamenti organizzativi che comportino modificazioni e modernizzazioni con ricadute sull’operatività , sui procedimenti, sulle relazioni  Capacità di sviluppare e controllare i flussi informativi circa i cambiamenti attuati  Capacità nell’identificazione e proposizione di obiettivi e progetti strategici  Capacità di pianificare il proprio lavoro al fine di garantire un corretto funzionamento dell’ente anche durante i periodi di sua assenza
B18: Attuazione delle misure previste dalla normativa dell'ente in materia di trasparenza | C18: Parametri di non conformità riscontrati nell’attività di controllo sul sito. Indicatore: N. di parametri non conformi/n. parametri controllati | E18: ='Elenco P.O.'!Z14+'Elenco P.O.'!Z15+'Elenco P.O.'!Z16 -> 30 | F18: =(E18/E$27)*60 -> 18 | G18: =H18/100 -> 0 | I18: =IF($G18<=0.2,IF($G18>=0,"x",""),"") -> x | J18: =IF(G18<=0.5,IF(G18>=0.21,"x",""),"") | K18: =IF(G18<=0.7,IF(G18>=0.51,"x",""),"") | L18: =IF(G18<=0.9,IF(G18>=0.71,"x",""),"") | M18: =IF(G18<=1,IF(G18>0.9,"x",""),"") | BJ18: Q - Gestione Risorse Umane | BK18: Q -  Capacità di informare, comunicare e coinvolgere le risorse umane nel raggiungimento degli obiettivi individuali e di gruppo Capacità di motivare, coinvolgere, far crescere professionalmente il personale affidato stimolando un clima organizzativo favorevole alla produttività  Capacità assegnare ruoli, responsabilità ed obiettivi secondo la competenza e la maturità professionale del personale  Capacità di definire programmi e flussi di lavoro, controllandone l’andamento  Capacità di valorizzare i propri collaboratori  Gestire le riunioni di lavoro finalizzandole all’obiettivo, alla crescita personale ed all’autonomia decisionale del personale Capacità di prevenire e mediare rispetto ad eventuali conflitti fra il personale  Capacità di predisporre piani di carriera ed azioni formative per lo sviluppo del personale  Capacità di valutare i risultati raggiunti rispetto agli obiettivi assegnati e concordare i necessari correttivi  Capacità di coordinare e di gestire con efficacia le riunioni di gruppo finalizzandole alla condivisione, alla crescita professionale ed alla autonomia decisionale e operativa dei collaboratori nell’ambito del loro ruolo  Capacità di distribuire equamente i compiti e i carichi di lavoro fra i collaboratori  Capacità di valutare in modo equo ed efficace le prestazioni dei propri collaboratori  Capacità di differenziare in maniera significativa le valutazioni dei collaboratori;  Capacità di individuare percorsi di sviluppo dei collaboratori ad alto potenziale
B19: ='Elenco P.O.'!C14 -> Assicurare un elevato standard degli atti amministrativi finalizzato a garantire la legittimità, regolarità e correttezza dell’azione amministrativa nonche di regolarità contabile degli atti mediante l'attuazione dei controlli cosi come previsto nel numero e con le modalità programmate nel regolamento sui controlli interni adottato dall'ente. | C19: Parametri di non conformità riscontrati nell’attività di controllo atti. Indicatore: N. di parametri non conformi/n. parametri controllati | E19: ='Elenco P.O.'!Z15+'Elenco P.O.'!Z16 -> 20 | F19: =(E19/E$27)*60 -> 12 | G19: =H19/100 -> 0 | I19: =IF($G19<=0.2,IF($G19>=0,"x",""),"") -> x | J19: =IF(G19<=0.5,IF(G19>=0.21,"x",""),"") | K19: =IF(G19<=0.7,IF(G19>=0.51,"x",""),"") | L19: =IF(G19<=0.9,IF(G19>=0.71,"x",""),"") | M19: =IF(G19<=1,IF(G19>0.9,"x",""),"") | BJ19: R - Rapporti con l’utenza | BK19: R -  Capacità di ascolto dei destinatari e di sviluppare orientamenti all’utente  Capacità di gestire i rapporti, anche contrattuali, con interlocutori esterni  Organizzazione e gestione dell’orario di servizio in relazione alle esigenza dell’utenza  Gestione del feedback (risposte) verso gli utenti esterni rispetto alla presa in carico delle loro richieste  Gestione delle richieste esterne in modo diretto o indiretto tramite il coordinamento dei propri collaboratori  Disponibilità ad incontrare l’utenza esterna, prendendone in carico le richieste coerenti col ruolo e la funzione ricoperti e instaurando relazioni corrette e positive  Disponibilità ad organizzare le informazioni circa il servizio erogato dalla propria struttura per orientare l’utenza esterna (es. segnaletica interna, volantini illustrativi, esposizione di orari di ricevimento  Disponibilità ad organizzare in modo comprensibile e fruibile le informazioni richieste o spontaneamente erogate  Capacità di riconoscere ed attivarsi in modo coerente e tempestivo per la soddisfazione del bisogno espresso dall’utenza, curando anche le fasi del feedback
B20: Informatizzazione | C20: Informatizzazione: Transizione Digitale e Decreto Semplificazioni – CAD: Servizi on line, App IO, SPID, PAGOPA. | E20: ='Elenco P.O.'!Z16+'Elenco P.O.'!Z17 -> 20 | F20: =(E20/E$27)*60 -> 12 | G20: =H20/100 -> 0 | I20: =IF($G20<=0.2,IF($G20>=0,"x",""),"") -> x | J20: =IF(G20<=0.5,IF(G20>=0.21,"x",""),"") | K20: =IF(G20<=0.7,IF(G20>=0.51,"x",""),"") | L20: =IF(G20<=0.9,IF(G20>=0.71,"x",""),"") | M20: =IF(G20<=1,IF(G20>0.9,"x",""),"") | BJ20: S - Gestione del tempo Lavoro | BK20: S -  Gestione efficace del tempo di lavoro rispetto agli obiettivi ricevuti  Supervisione dei propri collaboratori rispetto alla gestione del loro tempo di lavoro
F21: =(E21/E$27)*60 -> 0 | G21: =H21/100 -> 0 | I21: =IF($G21<=0.2,IF($G21>=0,"x",""),"") -> x | J21: =IF(G21<=0.5,IF(G21>=0.21,"x",""),"") | K21: =IF(G21<=0.7,IF(G21>=0.51,"x",""),"") | L21: =IF(G21<=0.9,IF(G21>=0.71,"x",""),"") | M21: =IF(G21<=1,IF(G21>0.9,"x",""),"") | P21: =IF(H19>76<100,1,"") | BJ21: T - Utilizzo della dotazione Tecnologica | BK21: T -  Individuare e reperire la strumentazione tecnologica necessaria agli obiettivi e ai processi di lavoro dell’ organizzazione Predisporre la manutenzione e l’aggiornamento della strumentazione in relazione a mutamenti intervenuti su obiettivi e processi di lavoro  Autonomia nel utilizzo diretto della strumentazione tecnologica
F22: =(E22/E$27)*60 -> 0 | G22: =H22/100 -> 0 | I22: =IF($G22<=0.2,IF($G22>=0,"x",""),"") -> x | J22: =IF(G22<=0.5,IF(G22>=0.21,"x",""),"") | K22: =IF(G22<=0.7,IF(G22>=0.51,"x",""),"") | L22: =IF(G22<=0.9,IF(G22>=0.71,"x",""),"") | M22: =IF(G22<=1,IF(G22>0.9,"x",""),"")
F23: =(E23/E$27)*60 -> 0 | G23: =H23/100 -> 0 | I23: =IF($G23<=0.2,IF($G23>=0,"x",""),"") -> x | J23: =IF(G23<=0.5,IF(G23>=0.21,"x",""),"") | K23: =IF(G23<=0.7,IF(G23>=0.51,"x",""),"") | L23: =IF(G23<=0.9,IF(G23>=0.71,"x",""),"") | M23: =IF(G23<=1,IF(G23>0.9,"x",""),"")
F24: =(E24/E$27)*60 -> 0 | G24: =H24/100 -> 0 | I24: =IF($G24<=0.2,IF($G24>=0,"x",""),"") -> x | J24: =IF(G24<=0.5,IF(G24>=0.21,"x",""),"") | K24: =IF(G24<=0.7,IF(G24>=0.51,"x",""),"") | L24: =IF(G24<=0.9,IF(G24>=0.71,"x",""),"") | M24: =IF(G24<=1,IF(G24>0.9,"x",""),"")
F25: =(E25/E$27)*60 -> 0 | G25: =H25/100 -> 0 | I25: =IF($G25<=0.2,IF($G25>=0,"x",""),"") -> x | J25: =IF(G25<=0.5,IF(G25>=0.21,"x",""),"") | K25: =IF(G25<=0.7,IF(G25>=0.51,"x",""),"") | L25: =IF(G25<=0.9,IF(G25>=0.71,"x",""),"") | M25: =IF(G25<=1,IF(G25>0.9,"x",""),"")
B26: Totale Peso Obiettivi di Performance Organizzativa | E26: Assoluto | F26: Peso Relativo | I26: Valutazione | N26: ESITO
E27: =SUM(E16:E25) -> 100 | F27: =SUM(F16:F25) -> 60 | J27: =IF(J16="x",G16*F16)++IF(J17="x",G17*F17)+IF(J18="x",G18*F18)+IF(J19="x",G19*F19)+IF(J20="x",G20*F20)+IF(J21="x",G21*F21)+IF(J22="x",G22*F22)+IF(J23="x",G23*F23)+IF(J24="x",G24*F24)+IF(J25="x",G25*F25) -> 0 | K27: =IF(K16="x",G16*F16)+IF(K17="x",G17*F17)+IF(K18="x",G18*F18)+IF(K19="x",G19*F19)+IF(K20="x",G20*F20)+IF(K21="x",G21*F21)+IF(K22="x",G22*F22)+IF(K23="x",G23*F23)+IF(K24="x",G24*F24)+IF(K25="x",G25*F25) -> 0 | L27: =IF(L16="x",G16*F16)+IF(L17="x",G17*F17)+IF(L18="x",G18*F18)+IF(L19="x",G19*F19)+IF(L20="x",G20*F20)+IF(L21="x",G21*F21)+IF(L22="x",G22*F22)+IF(L23="x",G23*F23)+IF(L24="x",G24*F24)+IF(L25="x",G25*F25) -> 0 | M27: =IF(M16="x",G16*F16)+IF(M17="x",G17*F17)+IF(M18="x",G18*F18)+IF(M19="x",G19*F19)+IF(M20="x",G20*F20)+IF(M21="x",G21*F21)+IF(M22="x",G22*F22)+IF(M23="x",G23*F23)+IF(M24="x",G24*F24)+IF(M25="x",G25*F25) -> 0 | N27: =SUM(J27:M27) -> 0
B29: OBIETTIVI SPECIFICI DI PERFORMANCE INDIVIDUALE | E29: =E12 -> Peso Assoluto Obiettivo | F29: =F12 -> Peso % Obiettivo | G29: =G12 -> Fornule | H29: =H12 -> Risultato (%) | I29: 1 | J29: 2 | K29: 3 | L29: 4 | M29: 5 | N29: =N12 -> NOTE
I30: 0% ÷ 20% | J30: 21% ÷ 50% | K30: 51% ÷ 70% | L30: 71%÷90% | M30: 91% ÷100%
B31: Obiettivo di Performance | C31: Performance attesa | D31: Indicatori | I31: Non Avviato | J31: Avviato | K31: Perseguito | L31: Parzialmente Raggiunto | M31: Pienamente Raggiunto
B32: ='Elenco P.I.'!B11 -> Garantire il controllo effettivo da parte della stazione appaltante sull’esecuzione delle prestazioni | C32: ='Elenco P.I.'!C11 -> Predisposizione preventiva delle modalità organizzative e gestionali attraverso le quali garantire il controllo effettivo da parte della stazione appaltante sull’esecuzione delle prestazioni, programmando accessi diretti sul luogo dell’esecuzione stessa, nonché verifiche, anche a sorpresa, sull’effettiva ottemperanza a tutte le misure previste nel capitolato d'appalto. Il responsabile avvrà cura di presentare all'atto della valutazione finale e/o intermedia il documento di programmazione, corredato dalla successiva relazione su quanto effettivamente effettuato in allegato al presente obiettivo. | E32: ='Elenco P.I.'!T11 -> 6 | F32: =(E32/E$82)*40 -> 1.9047619 | G32: =H32/100 -> 0 | I32: =IF($G32<=0.2,IF($G32>=0,"x",""),"") -> x | J32: =IF(G32<=0.5,IF(G32>=0.21,"x",""),"") | K32: =IF(G32<=0.7,IF(G32>=0.51,"x",""),"") | L32: =IF(G32<=0.9,IF(G32>=0.71,"x",""),"") | M32: =IF(G32<=1,IF(G32>0.9,"x",""),"")
B33: Processi di Digitalizzazione | C33: 2. Accompagnare il Cittadino/Utente in un sistema di digitalizzazione e snellimento delle procedure attraverso i sistemi informatici. Predisposizione relativamente ai principali procedimenti amministrativi/tributi di linee guida (memorandum ecc) con l’indicazione delle modalità di accesso agli stessi alla luce dei nuovi servizi on line, App IO, SPID, PAGOPA – con la finalità di semplificazione dell’attività amministrazione nei rapporti tra comuni e soggetti privati; | E33: 10 | F33: =(E33/E$82)*40 -> 3.1746032 | G33: =H33/100 -> 0 | I33: =IF($G33<=0.2,IF($G33>=0,"x",""),"") -> x | J33: =IF(G33<=0.5,IF(G33>=0.21,"x",""),"") | K33: =IF(G33<=0.7,IF(G33>=0.51,"x",""),"") | L33: =IF(G33<=0.9,IF(G33>=0.71,"x",""),"") | M33: =IF(G33<=1,IF(G33>0.9,"x",""),"")
B34: Entrate Tributarie | C34: 3. Gestione delle entrate tributarie. Verifica degli adempimenti relativi ai singoli tributi. Recupero dell’evasione per limitare gli aumenti tariffari e soprattutto per raggiungere l’equità fiscale. Avviare l’attività di accertamento dei tributi locali per gli anni 2016 e 2017; | E34: 10 | F34: =(E34/E$82)*40 -> 3.1746032 | G34: =H34/100 -> 0 | I34: =IF($G34<=0.2,IF($G34>=0,"x",""),"") -> x | J34: =IF(G34<=0.5,IF(G34>=0.21,"x",""),"") | K34: =IF(G34<=0.7,IF(G34>=0.51,"x",""),"") | L34: =IF(G34<=0.9,IF(G34>=0.71,"x",""),"") | M34: =IF(G34<=1,IF(G34>0.9,"x",""),"")
B35: Rendiconto dei fondi ricevuti nel 2020 | C35: 4. Predisposizione e comunicazione entro il termine del 31/05/2021 salvo proroghe, del rendiconto dei fondi ricevuti nel 2020 a fronte delle perdite di gettito a causa dell'emergenza Covid 19. | E35: 10 | F35: =(E35/E$82)*40 -> 3.1746032 | G35: =H35/100 -> 0 | I35: =IF($G35<=0.2,IF($G35>=0,"x",""),"") -> x | J35: =IF(G35<=0.5,IF(G35>=0.21,"x",""),"") | K35: =IF(G35<=0.7,IF(G35>=0.51,"x",""),"") | L35: =IF(G35<=0.9,IF(G35>=0.71,"x",""),"") | M35: =IF(G35<=1,IF(G35>0.9,"x",""),"")
F36: =(E36/E$82)*40 -> 0 | G36: =H36/100 -> 0 | I36: =IF($G36<=0.2,IF($G36>=0,"x",""),"") -> x | J36: =IF(G36<=0.5,IF(G36>=0.21,"x",""),"") | K36: =IF(G36<=0.7,IF(G36>=0.51,"x",""),"") | L36: =IF(G36<=0.9,IF(G36>=0.71,"x",""),"") | M36: =IF(G36<=1,IF(G36>0.9,"x",""),"")
F37: =(E37/E$82)*40 -> 0 | G37: =H37/100 -> 0 | I37: =IF($G37<=0.2,IF($G37>=0,"x",""),"") -> x | J37: =IF(G37<=0.5,IF(G37>=0.21,"x",""),"") | K37: =IF(G37<=0.7,IF(G37>=0.51,"x",""),"") | L37: =IF(G37<=0.9,IF(G37>=0.71,"x",""),"") | M37: =IF(G37<=1,IF(G37>0.9,"x",""),"")
F38: =(E38/E$82)*40 -> 0 | G38: =H38/100 -> 0 | I38: =IF($G38<=0.2,IF($G38>=0,"x",""),"") -> x | J38: =IF(G38<=0.5,IF(G38>=0.21,"x",""),"") | K38: =IF(G38<=0.7,IF(G38>=0.51,"x",""),"") | L38: =IF(G38<=0.9,IF(G38>=0.71,"x",""),"") | M38: =IF(G38<=1,IF(G38>0.9,"x",""),"")
F39: =(E39/E$82)*40 -> 0 | G39: =H39/100 -> 0 | I39: =IF($G39<=0.2,IF($G39>=0,"x",""),"") -> x | J39: =IF(G39<=0.5,IF(G39>=0.21,"x",""),"") | K39: =IF(G39<=0.7,IF(G39>=0.51,"x",""),"") | L39: =IF(G39<=0.9,IF(G39>=0.71,"x",""),"") | M39: =IF(G39<=1,IF(G39>0.9,"x",""),"")
F40: =(E40/E$82)*40 -> 0 | G40: =H40/100 -> 0 | I40: =IF($G40<=0.2,IF($G40>=0,"x",""),"") -> x | J40: =IF(G40<=0.5,IF(G40>=0.21,"x",""),"") | K40: =IF(G40<=0.7,IF(G40>=0.51,"x",""),"") | L40: =IF(G40<=0.9,IF(G40>=0.71,"x",""),"") | M40: =IF(G40<=1,IF(G40>0.9,"x",""),"")
F41: =(E41/E$82)*40 -> 0 | G41: =H41/100 -> 0 | I41: =IF($G41<=0.2,IF($G41>=0,"x",""),"") -> x | J41: =IF(G41<=0.5,IF(G41>=0.21,"x",""),"") | K41: =IF(G41<=0.7,IF(G41>=0.51,"x",""),"") | L41: =IF(G41<=0.9,IF(G41>=0.71,"x",""),"") | M41: =IF(G41<=1,IF(G41>0.9,"x",""),"")
F42: =(E42/E$82)*40 -> 0 | G42: =H42/100 -> 0 | I42: =IF($G42<=0.2,IF($G42>=0,"x",""),"") -> x | J42: =IF(G42<=0.5,IF(G42>=0.21,"x",""),"") | K42: =IF(G42<=0.7,IF(G42>=0.51,"x",""),"") | L42: =IF(G42<=0.9,IF(G42>=0.71,"x",""),"") | M42: =IF(G42<=1,IF(G42>0.9,"x",""),"")
F43: =(E43/E$82)*40 -> 0 | G43: =H43/100 -> 0 | I43: =IF($G43<=0.2,IF($G43>=0,"x",""),"") -> x | J43: =IF(G43<=0.5,IF(G43>=0.21,"x",""),"") | K43: =IF(G43<=0.7,IF(G43>=0.51,"x",""),"") | L43: =IF(G43<=0.9,IF(G43>=0.71,"x",""),"") | M43: =IF(G43<=1,IF(G43>0.9,"x",""),"")
F44: =(E44/E$82)*40 -> 0 | G44: =H44/100 -> 0 | I44: =IF($G44<=0.2,IF($G44>=0,"x",""),"") -> x | J44: =IF(G44<=0.5,IF(G44>=0.21,"x",""),"") | K44: =IF(G44<=0.7,IF(G44>=0.51,"x",""),"") | L44: =IF(G44<=0.9,IF(G44>=0.71,"x",""),"") | M44: =IF(G44<=1,IF(G44>0.9,"x",""),"")
F45: =(E45/E$82)*40 -> 0 | G45: =H45/100 -> 0 | I45: =IF($G45<=0.2,IF($G45>=0,"x",""),"") -> x | J45: =IF(G45<=0.5,IF(G45>=0.21,"x",""),"") | K45: =IF(G45<=0.7,IF(G45>=0.51,"x",""),"") | L45: =IF(G45<=0.9,IF(G45>=0.71,"x",""),"") | M45: =IF(G45<=1,IF(G45>0.9,"x",""),"")
F46: =(E46/E$82)*40 -> 0 | G46: =H46/100 -> 0 | I46: =IF($G46<=0.2,IF($G46>=0,"x",""),"") -> x | J46: =IF(G46<=0.5,IF(G46>=0.21,"x",""),"") | K46: =IF(G46<=0.7,IF(G46>=0.51,"x",""),"") | L46: =IF(G46<=0.9,IF(G46>=0.71,"x",""),"") | M46: =IF(G46<=1,IF(G46>0.9,"x",""),"")
F47: =(E47/E$82)*40 -> 0 | G47: =H47/100 -> 0 | I47: =IF($G47<=0.2,IF($G47>=0,"x",""),"") -> x | J47: =IF(G47<=0.5,IF(G47>=0.21,"x",""),"") | K47: =IF(G47<=0.7,IF(G47>=0.51,"x",""),"") | L47: =IF(G47<=0.9,IF(G47>=0.71,"x",""),"") | M47: =IF(G47<=1,IF(G47>0.9,"x",""),"")
... F50: =(E50/E$82)*40 -> 0 | G50: =H50/100 -> 0 | I50: =IF($G50<=0.2,IF($G50>=0,"x",""),"") -> x | J50: =IF(G50<=0.5,IF(G50>=0.21,"x",""),"") | K50: =IF(G50<=0.7,IF(G50>=0.51,"x",""),"") | L50: =IF(G50<=0.9,IF(G50>=0.71,"x",""),"") | M50: =IF(G50<=1,IF(G50>0.9,"x",""),"")
B51: ='Elenco P.I.'!B30 -> 0 | C51: ='Elenco P.I.'!C30 -> 0 | E51: ='Elenco P.I.'!T30 -> 0 | F51: =(E51/E$82)*40 -> 0 | G51: =H51/100 -> 0 | I51: =IF($G51<=0.2,IF($G51>=0,"x",""),"") -> x | J51: =IF(G51<=0.5,IF(G51>=0.21,"x",""),"") | K51: =IF(G51<=0.7,IF(G51>=0.51,"x",""),"") | L51: =IF(G51<=0.9,IF(G51>=0.71,"x",""),"") | M51: =IF(G51<=1,IF(G51>0.9,"x",""),"")
B52: ='Elenco P.I.'!B31 -> 0 | C52: ='Elenco P.I.'!C31 -> 0 | E52: ='Elenco P.I.'!T31 -> 0 | F52: =(E52/E$82)*40 -> 0 | G52: =H52/100 -> 0 | I52: =IF($G52<=0.2,IF($G52>=0,"x",""),"") -> x | J52: =IF(G52<=0.5,IF(G52>=0.21,"x",""),"") | K52: =IF(G52<=0.7,IF(G52>=0.51,"x",""),"") | L52: =IF(G52<=0.9,IF(G52>=0.71,"x",""),"") | M52: =IF(G52<=1,IF(G52>0.9,"x",""),"")
B53: ='Elenco P.I.'!B32 -> 0 | C53: ='Elenco P.I.'!C32 -> 0 | E53: ='Elenco P.I.'!T32 -> 0 | F53: =(E53/E$82)*40 -> 0 | G53: =H53/100 -> 0 | I53: =IF($G53<=0.2,IF($G53>=0,"x",""),"") -> x | J53: =IF(G53<=0.5,IF(G53>=0.21,"x",""),"") | K53: =IF(G53<=0.7,IF(G53>=0.51,"x",""),"") | L53: =IF(G53<=0.9,IF(G53>=0.71,"x",""),"") | M53: =IF(G53<=1,IF(G53>0.9,"x",""),"")
B54: ='Elenco P.I.'!B33 -> 0 | C54: ='Elenco P.I.'!C33 -> 0 | E54: ='Elenco P.I.'!T33 -> 0 | F54: =(E54/E$82)*40 -> 0 | G54: =H54/100 -> 0 | I54: =IF($G54<=0.2,IF($G54>=0,"x",""),"") -> x | J54: =IF(G54<=0.5,IF(G54>=0.21,"x",""),"") | K54: =IF(G54<=0.7,IF(G54>=0.51,"x",""),"") | L54: =IF(G54<=0.9,IF(G54>=0.71,"x",""),"") | M54: =IF(G54<=1,IF(G54>0.9,"x",""),"")
B55: ='Elenco P.I.'!B34 -> 0 | C55: ='Elenco P.I.'!C34 -> 0 | E55: ='Elenco P.I.'!T34 -> 0 | F55: =(E55/E$82)*40 -> 0 | G55: =H55/100 -> 0 | I55: =IF($G55<=0.2,IF($G55>=0,"x",""),"") -> x | J55: =IF(G55<=0.5,IF(G55>=0.21,"x",""),"") | K55: =IF(G55<=0.7,IF(G55>=0.51,"x",""),"") | L55: =IF(G55<=0.9,IF(G55>=0.71,"x",""),"") | M55: =IF(G55<=1,IF(G55>0.9,"x",""),"")
B56: Totale Peso Obiettivi specifici di Performance Individuale | E56: Assoluto | F56: Peso Relativo | I56: Valutazione | N56: ESITO
E57: =SUM(E30:E56) -> 36 | F57: =SUM(F32:F38) -> 11.428571 | J57: =IF(J32="x",G32*F32)+IF(J33="x",G33*F33)+IF(J34="x",G34*F34)+IF(J35="x",G35*F35)+IF(J36="x",G36*F36)+IF(J37="x",G37*F37)+IF(J38="x",G38*F38)+IF(J39="x",G39*F39)+IF(J40="x",G40*F40)+IF(J41="x",G41*F41)+IF(J42="x",G42*F42)+IF(J43="x",G43*F43)+IF(J44="x",G44*F44)+IF(J45="x",G45*F45)+IF(J46="x",G46*F46)+IF(J47="x",G47*F47)+IF(J48="x",G48*F48)+IF(J49="x",G49*F49)+IF(J50="x",G50*F50)+IF(J51="x",G51*F51)+IF(J52="x",G52*F52)+IF(J53="x",G53*F53)+IF(J54="x",G54*F54)+IF(J55="x",G55*F55) -> 0 | K57: =IF(K32="x",H32*G32)+IF(K33="x",H33*G33)+IF(K34="x",H34*G34)+IF(K35="x",H35*G35)+IF(K36="x",H36*G36)+IF(K37="x",H37*G37)+IF(K38="x",H38*G38)+IF(K39="x",H39*G39)+IF(K40="x",H40*G40)+IF(K41="x",H41*G41)+IF(K42="x",H42*G42)+IF(K43="x",H43*G43)+IF(K44="x",H44*G44)+IF(K45="x",H45*G45)+IF(K46="x",H46*G46)+IF(K47="x",H47*G47)+IF(K48="x",H48*G48)+IF(K49="x",H49*G49)+IF(K50="x",H50*G50)+IF(K51="x",H51*G51)+IF(K52="x",H52*G52)+IF(K53="x",H53*G53)+IF(K54="x",H54*G54)+IF(K55="x",H55*G55) -> 0 | L57: =IF(L32="x",I32*H32)+IF(L33="x",I33*H33)+IF(L34="x",I34*H34)+IF(L35="x",I35*H35)+IF(L36="x",I36*H36)+IF(L37="x",I37*H37)+IF(L38="x",I38*H38)+IF(L39="x",I39*H39)+IF(L40="x",I40*H40)+IF(L41="x",I41*H41)+IF(L42="x",I42*H42)+IF(L43="x",I43*H43)+IF(L44="x",I44*H44)+IF(L45="x",I45*H45)+IF(L46="x",I46*H46)+IF(L47="x",I47*H47)+IF(L48="x",I48*H48)+IF(L49="x",I49*H49)+IF(L50="x",I50*H50)+IF(L51="x",I51*H51)+IF(L52="x",I52*H52)+IF(L53="x",I53*H53)+IF(L54="x",I54*H54)+IF(L55="x",I55*H55) -> 0 | M57: =IF(M32="x",J32*I32)+IF(M33="x",J33*I33)+IF(M34="x",J34*I34)+IF(M35="x",J35*I35)+IF(M36="x",J36*I36)+IF(M37="x",J37*I37)+IF(M38="x",J38*I38)+IF(M39="x",J39*I39)+IF(M40="x",J40*I40)+IF(M41="x",J41*I41)+IF(M42="x",J42*I42)+IF(M43="x",J43*I43)+IF(M44="x",J44*I44)+IF(M45="x",J45*I45)+IF(M46="x",J46*I46)+IF(M47="x",J47*I47)+IF(M48="x",J48*I48)+IF(M49="x",J49*I49)+IF(M50="x",J50*I50)+IF(M51="x",J51*I51)+IF(M52="x",J52*I52)+IF(M53="x",J53*I53)+IF(M54="x",J54*I54)+IF(M55="x",J55*I55) -> 0 | N57: =SUM(J57:M57) -> 0
B58: COMPORTAMENTI PROFESSIONALI | E58: Peso assoluto | F58: Peso % | G58: Formule | H58: Valori Rilevati (%) | I58: Valutazione del comportamento - Valori rilevati
I59: 1 | J59: 2 | K59: 3 | L59: 4 | M59: 5 | N59: =N29 -> NOTE
I60: 0% ÷ 20% | J60: 21% ÷ 50% | K60: 51% ÷ 70% | L60: 71%÷90% | M60: 91% ÷100%
B61: Comportamenti Professionali | C61: Oggetto della misurazione | D61: Esito valutazione | I61: Inadeguato | J61: Non soddisfacente | K61: Migliorabile | L61: Buono | M61: Eccellente
B62: =Comp.!A7 -> Capacità di gestire efficacemente le risorse umane.:Capacità di guidare, coinvolgere e motivare le persone in maniera efficace, per il raggiungimento degli obiettivi assegnati, consi derandoli come valore e risorsa in sé, ottenendo il meglio da ciascuno di loro. Capacità di delegare obiettivi e attività. | C62: =Comp.!B7 -> Il Responsabile: Coinvolge il gruppo di lavoro, promuove la comunicazione, la collaborazione e la partecipazione. Adotta azioni volte ad implementare le competenze professionali dei dipendenti. Valorizza il personale dipendente favorendo l’autonomia e delegando responsabilità. | E62: 10 | F62: =(E62/E$82)*40 -> 3.1746032 | G62: =H62/100 -> 0 | I62: =IF($G62<=0.1,IF($G62>=0,"x",""),"") -> x | J62: =IF(G62<=0.25,IF(G62>=0.11,"x",""),"") | K62: =IF(G62<=0.5,IF(G62>0.25,"x",""),"") | L62: =IF(G62<=0.75,IF(G62>=0.51,"x",""),"") | M62: =IF(G62<=1,IF(G62>0.75,"x",""),"")
B63: =Comp.!A8 -> Relazione, integrazione, comunicazione:Capacità di relazionarsi nel gruppo di lavoro e con i colleghi, partecipazione alla vita organizzativa, collabora zione ed integrazione nei processi di servizio | C63: =Comp.!B8 -> Il Responsabile: Intraprende relazioni collaborative e partecipative con colleghi ed amministratori. Possiede una visione d’insieme del proprio lavoro, della propria struttura, dei processi e delle persone. Partecipa attivamente alla vita organizza tiva con atteggiamento propositivo, condividendo informazioni ed esperienze nel lavoro in team. Adotta modalità di ascolto attivo e comunicazione chiara ed empatica con gli interlocutori, gestendo il feedback e l’orientamento all’utente. Propone soluzioni innovative per la gestione di conflitti. Non si spazientisce e non assume atteggiamenti aggressivi. Si relaziona agli altri con rispetto e correttezza e manifesta con il proprio comportamento il rispetto verso le altre persone. Favorisce momenti di confronto collettivi all’interno del gruppo di lavoro. Instaura relazioni professionali efficaci e collaborative all’interno e all’esterno dell’ente. | E63: 10 | F63: =(E63/E$82)*40 -> 3.1746032 | G63: =H63/100 -> 0 | I63: =IF($G63<=0.1,IF($G63>=0,"x",""),"") -> x | J63: =IF(G63<=0.25,IF(G63>=0.11,"x",""),"") | K63: =IF(G63<=0.5,IF(G63>0.25,"x",""),"") | L63: =IF(G63<=0.75,IF(G63>=0.51,"x",""),"") | M63: =IF(G63<=1,IF(G63>0.75,"x",""),"")
B64: =Comp.!A9 -> Orientamento alla qualità dei servizi:Capacità di mettere in atto comportamenti di lavoro e decisioni finalizzate alla efficienza dei processi e alla qualità dei prodotti/servizi finali. Capacità di effettuare regolarmente verifiche sul lavoro (proprio o altrui) per prevenire errori e per garantire il rispetto di un buon livello dei risultati finali. | C64: =Comp.!B9 -> Il Responsabile: Monitora i tempi e le scadenze da rispettare, organizzando le attività in funzione dell’obiettivo da raggiungere; • garantisce la qualità e l’accuratezza del proprio lavoro predisponendo livelli di qualità coerenti con lo standard dell’organizzazione; • individua gli errori, ne comprende le cause e attiva azioni correttive condivise; • introduce frequentemente criteri e momenti di monitoraggio e verifica; • valuta il processo e il risultato, per individuarne gli errori da cui imparare, le azioni e i ragionamenti positivi da valorizzare e standardizzare; • opera con costanza e precisione nell’esecuzione del proprio lavoro e degli output prodotti. | E64: 10 | F64: =(E64/E$82)*40 -> 3.1746032 | G64: =H64/100 -> 0 | I64: =IF($G64<=0.2,IF($G64>=0,"x",""),"") -> x | J64: =IF(G64<=0.5,IF(G64>=0.21,"x",""),"") | K64: =IF(G64<=0.7,IF(G64>=0.51,"x",""),"") | L64: =IF(G64<=0.9,IF(G64>=0.71,"x",""),"") | M64: =IF(G64<=1,IF(G64>0.9,"x",""),"")
B65: =Comp.!A10 -> Integrazione con gli amministratori su obiettivi assegnati. Capacità di tradurre in azioni concrete i piani e i programmi della politica. | C65: =Comp.!B10 -> Il Responsabile: Garantisce efficace assistenza agli organi di governo. Adatta il proprio tempo lavoro al perseguimento degli obiettivi strategici concordati con la politica e di quelli gestionali concordati con la struttura accogliendo le prioritarie esigenze dell’ente. Presta attenzione alle necessità delle altre aree in particolare quando (formalmente e informalmente) coinvolte in processi lavorativi trasversali rispetto alla propria. | E65: 10 | F65: =(E65/E$82)*40 -> 3.1746032 | G65: =H65/100 -> 0 | I65: =IF($G65<=0.2,IF($G65>=0,"x",""),"") -> x | J65: =IF(G65<=0.5,IF(G65>=0.21,"x",""),"") | K65: =IF(G65<=0.7,IF(G65>0.51,"x",""),"") | L65: =IF(G65<=0.9,IF(G65>=0.71,"x",""),"") | M65: =IF(G65<=1,IF(G65>0.9,"x",""),"")
B66: =Comp.!A11 -> Analisi e soluzione dei problemi. Capacità di individuare e comprendere gli aspetti essenziali dei problemi, proporre soluzioni e verificarne gli esiti. | C66: =Comp.!B11 -> Il Responsabile: Individua le caratteristiche (variabili o costanti) dei problemi, e le ipotesi di risoluzione degli stessi rispetto alle cause. Verifica l’efficacia della soluzione trovata. Individua momenti di difficoltà e fornisce contributi concreti per il loro superamento; Comprende le divergenze e previene gli effetti del conflitto; | E66: 10 | F66: =(E66/E$82)*40 -> 3.1746032 | G66: =H66/100 -> 0 | I66: =IF($G66<=0.2,IF($G66>=0,"x",""),"") -> x | J66: =IF(G66<=0.5,IF(G66>=0.21,"x",""),"") | K66: =IF(G66<=0.7,IF(G66>0.51,"x",""),"") | L66: =IF(G66<=0.9,IF(G66>=0.71,"x",""),"") | M66: =IF(G66<=1,IF(G66>0.9,"x",""),"")
B67: =Comp.!A12 -> Rapporti con l’utenza:Capacità di cogliere le esigenze dei clienti interni ed esterni orientando costantemente la propria attività al soddisfacimento delle loro esigenze, coerentemente con l’ organizzazione dei servizi. | C67: =Comp.!B12 -> Il Responsabile: Adotta una modalità di ascolto attivo e garantisce adeguata accoglienza dell’utenza; Organizza e gestisce l’orario di servizio in relazione alle esigenze dell’utenza. Gestisce il feedback. Presidia sull’ adeguata gestione dei rapporti con l’utenza da parte dei propri collaboratori. nformazioni circa il servizio erogato dalla propria struttura per orientare l’utenza esterna (es. segnaletica interna, accessibilità, portali on line per il cittadino). Si attiva in modo coerente e tempestivo per la soddisfazione del bisogno espresso dall’utenza. | E67: 10 | F67: =(E67/E$82)*40 -> 3.1746032 | G67: =H67/100 -> 0 | I67: =IF($G67<=0.2,IF($G67>=0,"x",""),"") -> x | J67: =IF(G67<=0.5,IF(G67>=0.21,"x",""),"") | K67: =IF(G67<=0.7,IF(G67>=0.51,"x",""),"") | L67: =IF(G67<=0.9,IF(G67>=0.71,"x",""),"") | M67: =IF(G67<=1,IF(G67>0.9,"x",""),"")
B68: =Comp.!A13 -> Orientamento al risultato: Capacità di lavorare per il perseguimento di obiettivi, anche attraverso la autodeter minazione degli stessi, definendo livelli di prestazione sfidanti. Applica zione costante al raggiungimento dei risultati di competenza. Capacità di essere efficace finalizzando con continuità le proprie e altrui attività al conseguimento dei risultati | C68: =Comp.!B13 -> Il Responsabile: Persevera nel raggiungimento del risultato e non si scoraggia di fronte ad errori e ad insuccessi; individua e ricerca tutte le strategie per conseguire il risultato; riconosce le priorità e le urgenze nella prospettiva di raggiungere il risultato; coinvolge e guida il gruppo verso il risultato da raggiungere; agisce coerentemente agli impegni presi, influenzando attivamente e positivamente gli eventi; sollecita o promuove la collaborazione con gli altri Responsabili coinvolti nel proprio obiettivo; | E68: 10 | F68: =(E68/E$82)*40 -> 3.1746032 | G68: =H68/100 -> 0 | I68: =IF($G68<=0.2,IF($G68>=0,"x",""),"") -> x | J68: =IF(G68<=0.5,IF(G68>=0.21,"x",""),"") | K68: =IF(G68<=0.7,IF(G68>=0.51,"x",""),"") | L68: =IF(G68<=0.9,IF(G68>=0.71,"x",""),"") | M68: =IF(G68<=1,IF(G68>0.9,"x",""),"")
B69: =Comp.!A14 -> Iniziativa: Capacità di attivarsi in modo autonomo nell'ambito delle proprie responsabilità e dei propri compiti, senza attendere indicazioni dagli altri e senza subire gli eventi. | C69: =Comp.!B14 -> Il Responsabile: Reagisce attivamente nelle situazioni, anche in situazioni eccezionali e/o di crisi, individuando i margini di azione e di miglioramento; Presidia tutti gli ambiti di discrezionalità consentiti dal ruolo, assumendosi le proprie responsabilità; • cerca stimoli, occasioni di miglioramento e perfezionamento del proprio lavoro e della propria organizzazione; • propone spontaneamente idee, osservazioni, interpretazioni, soluzioni; • chiede chiarimenti e pone domande per comprendere la realtà organizzativa e gli avvenimenti; • anticipa e gestisce situazioni ed eventi; • interviene in prima persona, senza la sollecitazione di altri, su quanto causa perdite di tempo e di risorse; • affronta con passione ed energia l’attività lavorativa. | E69: 10 | F69: =(E69/E$82)*40 -> 3.1746032 | G69: =H69/100 -> 0 | I69: =IF($G69<=0.2,IF($G69>=0,"x",""),"") -> x | J69: =IF(G69<=0.5,IF(G69>=0.21,"x",""),"") | K69: =IF(G69<=0.7,IF(G69>=0.51,"x",""),"") | L69: =IF(G69<=0.9,IF(G69>=0.71,"x",""),"") | M69: =IF(G69<=1,IF(G69>0.9,"x",""),"")
B70: =IF([2]Comportamenti!C13="x",[2]Comportamenti!A13,0) -> #REF! | F70: =(E70/E$82)*40 -> 0 | G70: =H70/100 -> 1 | H70: 100 | I70: =IF($G70<=0.2,IF($G70>=0,"x",""),"") | J70: =IF(G70<=0.5,IF(G70>=0.21,"x",""),"") | K70: =IF(G70<=0.7,IF(G70>=0.51,"x",""),"") | L70: =IF(G70<=0.9,IF(G70>=0.71,"x",""),"") | M70: =IF(G70<=1,IF(G70>0.9,"x",""),"") -> x
F71: =(E71/E$82)*40 -> 0 | G71: =H71/100 -> 1 | H71: 100 | I71: =IF($G71<=0.2,IF($G71>=0,"x",""),"") | J71: =IF(G71<=0.5,IF(G71>=0.21,"x",""),"") | K71: =IF(G71<=0.7,IF(G71>=0.51,"x",""),"") | L71: =IF(G71<=0.9,IF(G71>=0.71,"x",""),"") | M71: =IF(G71<=1,IF(G71>0.9,"x",""),"") -> x
F72: =(E72/E$82)*40 -> 0 | G72: =H72/100 -> 1 | H72: 100 | I72: =IF($G72<=0.2,IF($G72>=0,"x",""),"") | J72: =IF(G72<=0.5,IF(G72>=0.21,"x",""),"") | K72: =IF(G72<=0.7,IF(G72>=0.51,"x",""),"") | L72: =IF(G72<=0.9,IF(G72>=0.71,"x",""),"") | M72: =IF(G72<=1,IF(G72>0.9,"x",""),"") -> x
F73: =(E73/E$82)*40 -> 0 | G73: =H73/100 -> 1 | H73: 100 | I73: =IF($G73<=0.2,IF($G73>=0,"x",""),"") | J73: =IF(G73<=0.5,IF(G73>=0.21,"x",""),"") | K73: =IF(G73<=0.7,IF(G73>=0.51,"x",""),"") | L73: =IF(G73<=0.9,IF(G73>=0.71,"x",""),"") | M73: =IF(G73<=1,IF(G73>0.9,"x",""),"") -> x
F74: =(E74/E$82)*40 -> 0 | G74: =H74/100 -> 1 | H74: 100 | I74: =IF($G74<=0.2,IF($G74>=0,"x",""),"") | J74: =IF(G74<=0.5,IF(G74>=0.21,"x",""),"") | K74: =IF(G74<=0.7,IF(G74>=0.51,"x",""),"") | L74: =IF(G74<=0.9,IF(G74>=0.71,"x",""),"") | M74: =IF(G74<=1,IF(G74>0.9,"x",""),"") -> x
F75: =(E75/E$82)*40 -> 0 | G75: =H75/100 -> 1 | H75: 100 | I75: =IF($G75<=0.2,IF($G75>=0,"x",""),"") | J75: =IF(G75<=0.5,IF(G75>=0.21,"x",""),"") | K75: =IF(G75<=0.7,IF(G75>=0.51,"x",""),"") | L75: =IF(G75<=0.9,IF(G75>=0.71,"x",""),"") | M75: =IF(G75<=1,IF(G75>0.9,"x",""),"") -> x
F76: =(E76/E$82)*40 -> 0 | G76: =H76/100 -> 1 | H76: 100 | I76: =IF($G76<=0.2,IF($G76>=0,"x",""),"") | J76: =IF(G76<=0.5,IF(G76>=0.21,"x",""),"") | K76: =IF(G76<=0.7,IF(G76>=0.51,"x",""),"") | L76: =IF(G76<=0.9,IF(G76>=0.71,"x",""),"") | M76: =IF(G76<=1,IF(G76>0.9,"x",""),"") -> x
F77: =(E77/E$82)*40 -> 0 | G77: =H77/100 -> 1 | H77: 100 | I77: =IF($G77<=0.2,IF($G77>=0,"x",""),"") | J77: =IF(G77<=0.5,IF(G77>=0.21,"x",""),"") | K77: =IF(G77<=0.7,IF(G77>=0.51,"x",""),"") | L77: =IF(G77<=0.9,IF(G77>=0.71,"x",""),"") | M77: =IF(G77<=1,IF(G77>0.9,"x",""),"") -> x
F78: =(E78/E$82)*40 -> 0 | G78: =H78/100 -> 1 | H78: 100 | I78: =IF($G78<=0.2,IF($G78>=0,"x",""),"") | J78: =IF(G78<=0.5,IF(G78>=0.21,"x",""),"") | K78: =IF(G78<=0.7,IF(G78>=0.51,"x",""),"") | L78: =IF(G78<=0.9,IF(G78>=0.71,"x",""),"") | M78: =IF(G78<=1,IF(G78>0.9,"x",""),"") -> x
F79: =(E79/E$82)*40 -> 0 | G79: =H79/100 -> 1 | H79: 100 | I79: =IF($G79<=0.2,IF($G79>=0,"x",""),"") | J79: =IF(G79<=0.5,IF(G79>=0.21,"x",""),"") | K79: =IF(G79<=0.7,IF(G79>=0.51,"x",""),"") | L79: =IF(G79<=0.9,IF(G79>=0.71,"x",""),"") | M79: =IF(G79<=1,IF(G79>0.9,"x",""),"") -> x
B80: Capacità di differenziare la valutazione dei collaboratori | C80: Capacità di differenziare la valutazione dei propri collaboratori Capacità di cogliere i diversi contributi dati da ciascun collaboratore | E80: 10 | F80: =(E80/E$82)*40 -> 3.1746032 | G80: =H80/100 -> 0 | I80: =IF($G80<=0.2,IF($G80>=0,"x",""),"") -> x | J80: =IF(G80<=0.5,IF(G80>=0.21,"x",""),"") | K80: =IF(G80<=0.7,IF(G80>=0.51,"x",""),"") | L80: =IF(G80<=0.9,IF(G80>=0.71,"x",""),"") | M80: =IF(G80<=1,IF(G80>0.9,"x",""),"")
B81: Totale peso comportamenti professionali | E81: =SUM(E62:E80) -> 90 | F81: Relativo | I81: Valutazione | N81: ESITO
B82: Totale peso obiettivi specifici e comportamenti professionali | E82: =E81+E57 -> 126 | F82: =F80+F69+F68+F67+F66+F65+F64+F63+F62+F57 -> 40 | J82: =IF(J62="x",G62*F62)+IF(J63="x",G63*F63)+IF(J64="x",G64*F64)+IF(J65="x",G65*F65)+IF(J66="x",G66*F66)+IF(J67="x",G67*F67)+IF(J68="x",G68*F68)+IF(J69="x",G69*F69)+IF(J70="x",G70*F70)+IF(J71="x",G71*F71)+IF(J72="x",G72*F72)+IF(J73="x",G73*F73)+IF(J74="x",G74*F74)+IF(J75="x",G75*F75)+IF(J76="x",G76*F76)+IF(J77="x",G77*F77)+IF(J78="x",G78*F78)+IF(J79="x",G79*F79)+IF(J80="x",G80*F80) -> 0 | K82: =IF(K62="x",G62*F62)+IF(K63="x",G63*F63)+IF(K64="x",G64*F64)+IF(K65="x",G65*F65)+IF(K66="x",G66*F66)+IF(K67="x",G67*F67)+IF(K68="x",G68*F68)+IF(K69="x",G69*F69)+IF(K70="x",G70*F70)+IF(K71="x",G71*F71)+IF(K72="x",G72*F72)+IF(K73="x",G73*F73)+IF(K74="x",G74*F74)+IF(K75="x",G75*F75)+IF(K76="x",G76*F76)+IF(K77="x",G77*F77)+IF(K78="x",G78*F78)+IF(K79="x",G79*F79)+IF(K80="x",G80*F80) -> 0 | L82: =IF(L62="x",G62*F62)+IF(L63="x",G63*F63)+IF(L64="x",G64*F64)+IF(L65="x",G65*F65)+IF(L66="x",G66*F66)+IF(L67="x",G67*F67)+IF(L68="x",G68*F68)+IF(L69="x",G69*F69)+IF(L70="x",G70*F70)+IF(L71="x",G71*F71)+IF(L72="x",G72*F72)+IF(L73="x",G73*F73)+IF(L74="x",G74*F74)+IF(L75="x",G75*F75)+IF(L76="x",G76*F76)+IF(L77="x",G77*F77)+IF(L78="x",G78*F78)+IF(L79="x",G79*F79)+IF(L80="x",G80*F80) -> 0 | M82: =IF(M62="x",G62*F62)+IF(M63="x",G63*F63)+IF(M64="x",G64*F64)+IF(M65="x",G65*F65)+IF(M66="x",G66*F66)+IF(M67="x",G67*F67)+IF(M68="x",G68*F68)+IF(M69="x",G69*F69)+IF(M70="x",G70*F70)+IF(M71="x",G71*F71)+IF(M72="x",G72*F72)+IF(M73="x",G73*F73)+IF(M74="x",G74*F74)+IF(M75="x",G75*F75)+IF(M76="x",G76*F76)+IF(M77="x",G77*F77)+IF(M78="x",G78*F78)+IF(M79="x",G79*F79)+IF(M80="x",G80*F80) -> 0 | N82: =SUM(I82:M82) -> 0
B85: Esito Contributo dato alla Performance Organizzativa | I85: =N27 -> 0 | K85: =I85/60 -> 0
C89: Contributo Performance Organizzativa | I89: =I85 -> 0
B92: Esito Performance Individuale | C92: Obiettivi Specifici | I92: =N57 -> 0 | K92: =(I85+I92+I94)/100 -> 0 | L92: Fascia
C94: Comportamenti | I94: =N82 -> 0

Sheet Vigilanza
BJ1: COMPORTAMENTO | BK1: OGGETTO DELLA MISURAZIONE
B2: SCHEDA DI VALUTAZIONE PERFORMANCE DEL RESPONSABILE
BJ4: COMPORTAMENTO | BK4: OGGETTO DELLA MISURAZIONE
B5: ENTE | C5: ='Elenco P.I.'!B2 -> Comune di Arborea | BJ5: A - Traduzione operativa dei piani e programmi della politica: | BK5: A - Capacità di declinare in obiettivi concreti i piani e i programmi della politica;
B6: SERVIZIO: | M6: ANNO | N6: 2021 | BJ6: B - Pianificazione, organizzazione e controllo: | BK6: B -  saper definire e ridefinire costantemente l’ottimale piano delle azioni in relazione alle risorse disponibili e agli obiettivi di risultato oltre che alle condizioni di variabilità del contesto;  capacità di organizzare efficacemente le proprie attività, con precisione, nel rispetto delle esigenze e delle priorità, fronteggiando anche situazioni impreviste;
B7: RESPONSABILE | BJ7: C - Relazione e integrazione: | BK7: C -  comunicazione e capacità relazionale con i colleghi  capacità di visione interfunzionale al fine di potenziare i processi di programmazione, realizzazione e rendicontazione;  partecipazione alla vita organizzativa;  integrazione con gli amministratori su obiettivi assegnati;  capacità di lavorare in gruppo;  capacità negoziale e gestione dei conflitti;  qualità delle relazioni interpersonali con colleghi e collaboratori;  qualità delle relazioni con utenti dei servizi ed altri interlocutori abituali);  collaborazione ed integrazione nei processi di servizio;
BJ8: COMPORTAMENTO | BK8: OGGETTO DELLA MISURAZIONE
B9: Esito obiettivo di Performance Organizzativa | E9: Indicatore sintetico di Performance Organizzativa
BJ10: D - Innovatività: | BK10: D -  iniziativa e propositività;  capacità di risolvere i problemi;  autonomia;  capacità di cogliere le opportunità delle innovazioni tecnologiche;  capacità di definire regole e modalità operative nuove;  introduzione di strumenti gestionali innovativi;
